Workbook

Sheet Dashboard
Y1: RPM Dashboard
B2: Select a Month here | E2: 44652 | Y2: Powered By
B4: S. No. | C4: Name of Card | D4: Minimum Payment | E4: Minimum + Extra Payment
B5: 1 | C5: =Summary!B3 -> American Express | D5: =INDEX(Working!$E$3:$DT$12,MATCH(Dashboard!C5,Working!$C$3:$C$12,0),MATCH(Dashboard!$E$2,Working!$E$2:$DT$2,0)) -> 88 | E5: =INDEX(Working!$E$17:$DT$26,MATCH(Dashboard!C5,Working!$C$17:$C$26,0),MATCH(Dashboard!$E$2,Working!$E$16:$DT$16,0)) -> 247.89015
B6: 2 | C6: =Summary!B4 -> Bank of America | D6: =INDEX(Working!$E$3:$DT$12,MATCH(Dashboard!C6,Working!$C$3:$C$12,0),MATCH(Dashboard!$E$2,Working!$E$2:$DT$2,0)) -> 36 | E6: =INDEX(Working!$E$17:$DT$26,MATCH(Dashboard!C6,Working!$C$17:$C$26,0),MATCH(Dashboard!$E$2,Working!$E$16:$DT$16,0)) -> 36
B7: 3 | C7: =Summary!B5 -> Citi Bank | D7: =INDEX(Working!$E$3:$DT$12,MATCH(Dashboard!C7,Working!$C$3:$C$12,0),MATCH(Dashboard!$E$2,Working!$E$2:$DT$2,0)) -> 340 | E7: =INDEX(Working!$E$17:$DT$26,MATCH(Dashboard!C7,Working!$C$17:$C$26,0),MATCH(Dashboard!$E$2,Working!$E$16:$DT$16,0)) -> 340
B8: 4 | C8: =Summary!B6 -> Chase | D8: =INDEX(Working!$E$3:$DT$12,MATCH(Dashboard!C8,Working!$C$3:$C$12,0),MATCH(Dashboard!$E$2,Working!$E$2:$DT$2,0)) -> 120 | E8: =INDEX(Working!$E$17:$DT$26,MATCH(Dashboard!C8,Working!$C$17:$C$26,0),MATCH(Dashboard!$E$2,Working!$E$16:$DT$16,0)) -> 120
B9: 5 | C9: =Summary!B7 -> Discover | D9: =INDEX(Working!$E$3:$DT$12,MATCH(Dashboard!C9,Working!$C$3:$C$12,0),MATCH(Dashboard!$E$2,Working!$E$2:$DT$2,0)) -> 40 | E9: =INDEX(Working!$E$17:$DT$26,MATCH(Dashboard!C9,Working!$C$17:$C$26,0),MATCH(Dashboard!$E$2,Working!$E$16:$DT$16,0)) -> 40
B10: 6 | C10: =Summary!B8 -> 0 | D10: =INDEX(Working!$E$3:$DT$12,MATCH(Dashboard!C10,Working!$C$3:$C$12,0),MATCH(Dashboard!$E$2,Working!$E$2:$DT$2,0)) -> #N/A | E10: =INDEX(Working!$E$17:$DT$26,MATCH(Dashboard!C10,Working!$C$17:$C$26,0),MATCH(Dashboard!$E$2,Working!$E$16:$DT$16,0)) -> #N/A
B11: 7 | C11: =Summary!B9 -> 0 | D11: =INDEX(Working!$E$3:$DT$12,MATCH(Dashboard!C11,Working!$C$3:$C$12,0),MATCH(Dashboard!$E$2,Working!$E$2:$DT$2,0)) -> #N/A | E11: =INDEX(Working!$E$17:$DT$26,MATCH(Dashboard!C11,Working!$C$17:$C$26,0),MATCH(Dashboard!$E$2,Working!$E$16:$DT$16,0)) -> #N/A
B12: 8 | C12: =Summary!B10 -> 0 | D12: =INDEX(Working!$E$3:$DT$12,MATCH(Dashboard!C12,Working!$C$3:$C$12,0),MATCH(Dashboard!$E$2,Working!$E$2:$DT$2,0)) -> #N/A | E12: =INDEX(Working!$E$17:$DT$26,MATCH(Dashboard!C12,Working!$C$17:$C$26,0),MATCH(Dashboard!$E$2,Working!$E$16:$DT$16,0)) -> #N/A
B13: 9 | C13: =Summary!B11 -> 0 | D13: =INDEX(Working!$E$3:$DT$12,MATCH(Dashboard!C13,Working!$C$3:$C$12,0),MATCH(Dashboard!$E$2,Working!$E$2:$DT$2,0)) -> #N/A | E13: =INDEX(Working!$E$17:$DT$26,MATCH(Dashboard!C13,Working!$C$17:$C$26,0),MATCH(Dashboard!$E$2,Working!$E$16:$DT$16,0)) -> #N/A
B14: 10 | C14: =Summary!B12 -> 0 | D14: =INDEX(Working!$E$3:$DT$12,MATCH(Dashboard!C14,Working!$C$3:$C$12,0),MATCH(Dashboard!$E$2,Working!$E$2:$DT$2,0)) -> #N/A | E14: =INDEX(Working!$E$17:$DT$26,MATCH(Dashboard!C14,Working!$C$17:$C$26,0),MATCH(Dashboard!$E$2,Working!$E$16:$DT$16,0)) -> #N/A
B15: Total Payment | D15: =SUM(D5:D14) -> #N/A | E15: =SUM(E5:E14) -> #N/A
B18: Select a Card here | E18: Bank of America
B20: S. No. | C20: Month | D20: (Cumulative Balance) Mimimum Payment | E20: (Cumulative Balance) Mimimum + Extra Payment | F20: (Cumulative Balance) Mimimum Payment | G20: (Cumulative Balance) Mimimum + Extra Payment
B21: 1 | C21: =Working!E16 -> 44317 | D21: =IF(F21<0,0,F21) -> 1200 | E21: =IF(G21<0,0,G21) -> 1200 | F21: =INDEX(Working!$EB$3:$IQ$12,MATCH(Dashboard!$E$18,Working!$DZ$3:$DZ$12,0),MATCH(Dashboard!C21,Working!$EB$2:$IQ$2,0)) -> 1200 | G21: =INDEX(Working!$EB$17:$IQ$26,MATCH(Dashboard!$E$18,Working!$DZ$17:$DZ$26,0),MATCH(Dashboard!C21,Working!$EB$16:$IQ$16,0)) -> 1200
B22: =B21+1 -> 2 | C22: =EDATE(C21,1) -> 44348 | D22: =IF(F22<0,0,F22) -> 1164 | E22: =IF(G22<0,0,G22) -> 1164 | F22: =INDEX(Working!$EB$3:$IQ$12,MATCH(Dashboard!$E$18,Working!$DZ$3:$DZ$12,0),MATCH(Dashboard!C22,Working!$EB$2:$IQ$2,0)) -> 1164 | G22: =INDEX(Working!$EB$17:$IQ$26,MATCH(Dashboard!$E$18,Working!$DZ$17:$DZ$26,0),MATCH(Dashboard!C22,Working!$EB$16:$IQ$16,0)) -> 1164
B23: =B22+1 -> 3 | C23: =EDATE(C22,1) -> 44378 | D23: =IF(F23<0,0,F23) -> 1128 | E23: =IF(G23<0,0,G23) -> 1128 | F23: =INDEX(Working!$EB$3:$IQ$12,MATCH(Dashboard!$E$18,Working!$DZ$3:$DZ$12,0),MATCH(Dashboard!C23,Working!$EB$2:$IQ$2,0)) -> 1128 | G23: =INDEX(Working!$EB$17:$IQ$26,MATCH(Dashboard!$E$18,Working!$DZ$17:$DZ$26,0),MATCH(Dashboard!C23,Working!$EB$16:$IQ$16,0)) -> 1128
B24: =B23+1 -> 4 | C24: =EDATE(C23,1) -> 44409 | D24: =IF(F24<0,0,F24) -> 1092 | E24: =IF(G24<0,0,G24) -> 1092 | F24: =INDEX(Working!$EB$3:$IQ$12,MATCH(Dashboard!$E$18,Working!$DZ$3:$DZ$12,0),MATCH(Dashboard!C24,Working!$EB$2:$IQ$2,0)) -> 1092 | G24: =INDEX(Working!$EB$17:$IQ$26,MATCH(Dashboard!$E$18,Working!$DZ$17:$DZ$26,0),MATCH(Dashboard!C24,Working!$EB$16:$IQ$16,0)) -> 1092
B25: =B24+1 -> 5 | C25: =EDATE(C24,1) -> 44440 | D25: =IF(F25<0,0,F25) -> 1056 | E25: =IF(G25<0,0,G25) -> 1056 | F25: =INDEX(Working!$EB$3:$IQ$12,MATCH(Dashboard!$E$18,Working!$DZ$3:$DZ$12,0),MATCH(Dashboard!C25,Working!$EB$2:$IQ$2,0)) -> 1056 | G25: =INDEX(Working!$EB$17:$IQ$26,MATCH(Dashboard!$E$18,Working!$DZ$17:$DZ$26,0),MATCH(Dashboard!C25,Working!$EB$16:$IQ$16,0)) -> 1056
B26: =B25+1 -> 6 | C26: =EDATE(C25,1) -> 44470 | D26: =IF(F26<0,0,F26) -> 1020 | E26: =IF(G26<0,0,G26) -> 1020 | F26: =INDEX(Working!$EB$3:$IQ$12,MATCH(Dashboard!$E$18,Working!$DZ$3:$DZ$12,0),MATCH(Dashboard!C26,Working!$EB$2:$IQ$2,0)) -> 1020 | G26: =INDEX(Working!$EB$17:$IQ$26,MATCH(Dashboard!$E$18,Working!$DZ$17:$DZ$26,0),MATCH(Dashboard!C26,Working!$EB$16:$IQ$16,0)) -> 1020
B27: =B26+1 -> 7 | C27: =EDATE(C26,1) -> 44501 | D27: =IF(F27<0,0,F27) -> 984 | E27: =IF(G27<0,0,G27) -> 984 | F27: =INDEX(Working!$EB$3:$IQ$12,MATCH(Dashboard!$E$18,Working!$DZ$3:$DZ$12,0),MATCH(Dashboard!C27,Working!$EB$2:$IQ$2,0)) -> 984 | G27: =INDEX(Working!$EB$17:$IQ$26,MATCH(Dashboard!$E$18,Working!$DZ$17:$DZ$26,0),MATCH(Dashboard!C27,Working!$EB$16:$IQ$16,0)) -> 984
B28: =B27+1 -> 8 | C28: =EDATE(C27,1) -> 44531 | D28: =IF(F28<0,0,F28) -> 948 | E28: =IF(G28<0,0,G28) -> 948 | F28: =INDEX(Working!$EB$3:$IQ$12,MATCH(Dashboard!$E$18,Working!$DZ$3:$DZ$12,0),MATCH(Dashboard!C28,Working!$EB$2:$IQ$2,0)) -> 948 | G28: =INDEX(Working!$EB$17:$IQ$26,MATCH(Dashboard!$E$18,Working!$DZ$17:$DZ$26,0),MATCH(Dashboard!C28,Working!$EB$16:$IQ$16,0)) -> 948
B29: =B28+1 -> 9 | C29: =EDATE(C28,1) -> 44562 | D29: =IF(F29<0,0,F29) -> 912 | E29: =IF(G29<0,0,G29) -> 912 | F29: =INDEX(Working!$EB$3:$IQ$12,MATCH(Dashboard!$E$18,Working!$DZ$3:$DZ$12,0),MATCH(Dashboard!C29,Working!$EB$2:$IQ$2,0)) -> 912 | G29: =INDEX(Working!$EB$17:$IQ$26,MATCH(Dashboard!$E$18,Working!$DZ$17:$DZ$26,0),MATCH(Dashboard!C29,Working!$EB$16:$IQ$16,0)) -> 912
B30: =B29+1 -> 10 | C30: =EDATE(C29,1) -> 44593 | D30: =IF(F30<0,0,F30) -> 876 | E30: =IF(G30<0,0,G30) -> 876 | F30: =INDEX(Working!$EB$3:$IQ$12,MATCH(Dashboard!$E$18,Working!$DZ$3:$DZ$12,0),MATCH(Dashboard!C30,Working!$EB$2:$IQ$2,0)) -> 876 | G30: =INDEX(Working!$EB$17:$IQ$26,MATCH(Dashboard!$E$18,Working!$DZ$17:$DZ$26,0),MATCH(Dashboard!C30,Working!$EB$16:$IQ$16,0)) -> 876
B31: =B30+1 -> 11 | C31: =EDATE(C30,1) -> 44621 | D31: =IF(F31<0,0,F31) -> 840 | E31: =IF(G31<0,0,G31) -> 840 | F31: =INDEX(Working!$EB$3:$IQ$12,MATCH(Dashboard!$E$18,Working!$DZ$3:$DZ$12,0),MATCH(Dashboard!C31,Working!$EB$2:$IQ$2,0)) -> 840 | G31: =INDEX(Working!$EB$17:$IQ$26,MATCH(Dashboard!$E$18,Working!$DZ$17:$DZ$26,0),MATCH(Dashboard!C31,Working!$EB$16:$IQ$16,0)) -> 840
B32: =B31+1 -> 12 | C32: =EDATE(C31,1) -> 44652 | D32: =IF(F32<0,0,F32) -> 804 | E32: =IF(G32<0,0,G32) -> 804 | F32: =INDEX(Working!$EB$3:$IQ$12,MATCH(Dashboard!$E$18,Working!$DZ$3:$DZ$12,0),MATCH(Dashboard!C32,Working!$EB$2:$IQ$2,0)) -> 804 | G32: =INDEX(Working!$EB$17:$IQ$26,MATCH(Dashboard!$E$18,Working!$DZ$17:$DZ$26,0),MATCH(Dashboard!C32,Working!$EB$16:$IQ$16,0)) -> 804
B33: =B32+1 -> 13 | C33: =EDATE(C32,1) -> 44682 | D33: =IF(F33<0,0,F33) -> 768 | E33: =IF(G33<0,0,G33) -> 768 | F33: =INDEX(Working!$EB$3:$IQ$12,MATCH(Dashboard!$E$18,Working!$DZ$3:$DZ$12,0),MATCH(Dashboard!C33,Working!$EB$2:$IQ$2,0)) -> 768 | G33: =INDEX(Working!$EB$17:$IQ$26,MATCH(Dashboard!$E$18,Working!$DZ$17:$DZ$26,0),MATCH(Dashboard!C33,Working!$EB$16:$IQ$16,0)) -> 768
... B140: =B139+1 -> 120 | C140: =EDATE(C139,1) -> 47939 | D140: =IF(F140<0,0,F140) -> 0 | E140: =IF(G140<0,0,G140) -> 0 | F140: =INDEX(Working!$EB$3:$IQ$12,MATCH(Dashboard!$E$18,Working!$DZ$3:$DZ$12,0),MATCH(Dashboard!C140,Working!$EB$2:$IQ$2,0)) -> -384.51765 | G140: =INDEX(Working!$EB$17:$IQ$26,MATCH(Dashboard!$E$18,Working!$DZ$17:$DZ$26,0),MATCH(Dashboard!C140,Working!$EB$16:$IQ$16,0)) -> -384.04125

Sheet Summary
A1: Input Loan Amounts | M1: Minimum Payment | P1: Minimum + Extra Payment
A2: S. No. | B2: Name of Card | C2: Balance | D2: Minimum Payment | E2: APR | F2: Name of Card | G2: Credit Limit | H2: No. of Payments | I2: Pay Off Month | J2: Total Payment | K2: Finance Charges | M2: Particulars | N2: Value | P2: Particulars | Q2: Value | AH2: S. No. | AI2: Name of Card | AJ2: Balance | AK2: Minimum Payment | AL2: APR | AM2: Total Payment | AN2: Finance Charges
A3: =IF(B3="","",1) -> 1 | B3: American Express | C3: 2931 | D3: 88 | E3: 0.2955 | F3: =B3 -> American Express | G3: 27000 | H3: =IF(B3="","",NPER(E3/12,-D3,C3)) -> 70.531626 | I3: =IF(B3="","",EDATE($N$3,H3)) -> 46447 | J3: =IF(B3="",0,VLOOKUP(B3,$AI$2:$AN$12,5,FALSE)) -> 6207.0495 | K3: =IF(B3="",0,VLOOKUP(B3,Summary!$AI$2:$AN$12,6,FALSE)) -> 3276.0495 | M3: Payment start Date | N3: 44317 | P3: =M3 -> Payment start Date | Q3: =N3 -> 44317 | AH3: =IF(AI3="","",1) -> 1 | AI3: =IF(AL3="","",VLOOKUP(AL3,$E$2:$F$12,2,FALSE)) -> American Express | AJ3: =IF(AL3="","",VLOOKUP(AI3,$B$2:$D$12,2,FALSE)) -> 2931 | AK3: =IF(AL3="","",VLOOKUP(AI3,$B$2:$D$12,3,FALSE)) -> 88 | AL3: =IF(B3="","",LARGE($E$3:$E$12,1)) -> 0.2955 | AM3: ='Payment Schedule'!G126 -> 6207.0495 | AN3: ='Payment Schedule'!E126 -> 3276.0495
A4: =IF(B4="","",A3+1) -> 2 | B4: Bank of America | C4: 1200 | D4: 36 | E4: 0.1564 | F4: =B4 -> Bank of America | G4: 7000 | H4: =IF(B4="","",NPER(E4/12,-D4,C4)) -> 44.014288 | I4: =IF(B4="","",EDATE($N$3,H4)) -> 45658 | J4: =IF(B4="",0,VLOOKUP(B4,$AI$2:$AN$12,5,FALSE)) -> 1584.5176 | K4: =IF(B4="",0,VLOOKUP(B4,Summary!$AI$2:$AN$12,6,FALSE)) -> 384.51765 | M4: Month you'll be Debt Free | N4: =LARGE(I3:I12,1) -> 47515 | P4: Month you'll be Debt Free | Q4: =VLOOKUP(0,'Extra Payment Schedule'!$CP$5:$CV$77,7,FALSE)-1 -> 45626 | AH4: =IF(AI4="","",AH3+1) -> 2 | AI4: =IF(AL4="","",VLOOKUP(AL4,$E$2:$F$12,2,FALSE)) -> Discover | AJ4: =IF(AL4="","",VLOOKUP(AI4,$B$2:$D$12,2,FALSE)) -> 832.97 | AK4: =IF(AL4="","",VLOOKUP(AI4,$B$2:$D$12,3,FALSE)) -> 40 | AL4: =IF(B4="","",LARGE($E$3:$E$12,2)) -> 0.2401 | AM4: ='Payment Schedule'!N126 -> 1088.3253 | AN4: ='Payment Schedule'!L126 -> 255.35527
A5: =IF(B5="","",A4+1) -> 3 | B5: Citi Bank | C5: 13752.58 | D5: 340 | E5: 0.1684 | F5: =B5 -> Citi Bank | G5: 22500 | H5: =IF(B5="","",NPER(E5/12,-D5,C5)) -> 60.16714 | I5: =IF(B5="","",EDATE($N$3,H5)) -> 46143 | J5: =IF(B5="",0,VLOOKUP(B5,$AI$2:$AN$12,5,FALSE)) -> 20457.158 | K5: =IF(B5="",0,VLOOKUP(B5,Summary!$AI$2:$AN$12,6,FALSE)) -> 6704.5777 | M5: Total Minimum Payment | N5: =D13 -> 624 | P5: Monthly Payment | Q5: 824 | AH5: =IF(AI5="","",AH4+1) -> 3 | AI5: =IF(AL5="","",VLOOKUP(AL5,$E$2:$F$12,2,FALSE)) -> Chase | AJ5: =IF(AL5="","",VLOOKUP(AI5,$B$2:$D$12,2,FALSE)) -> 6500 | AK5: =IF(AL5="","",VLOOKUP(AI5,$B$2:$D$12,3,FALSE)) -> 120 | AL5: =IF(B5="","",LARGE($E$3:$E$12,3)) -> 0.1721 | AM5: ='Payment Schedule'!U126 -> 12639.701 | AN5: ='Payment Schedule'!S126 -> 6139.7014
A6: =IF(B6="","",A5+1) -> 4 | B6: Chase | C6: 6500 | D6: 120 | E6: 0.1721 | F6: =B6 -> Chase | G6: 18000 | H6: =IF(B6="","",NPER(E6/12,-D6,C6)) -> 105.32927 | I6: =IF(B6="","",EDATE($N$3,H6)) -> 47515 | J6: =IF(B6="",0,VLOOKUP(B6,$AI$2:$AN$12,5,FALSE)) -> 12639.701 | K6: =IF(B6="",0,VLOOKUP(B6,Summary!$AI$2:$AN$12,6,FALSE)) -> 6139.7014 | M6: Interest Paid | N6: ='Payment Schedule'!BW126 -> 16760.202 | P6: Interest Paid | Q6: ='Extra Payment Schedule'!CQ126 -> 8562.6341 | AH6: =IF(AI6="","",AH5+1) -> 4 | AI6: =IF(AL6="","",VLOOKUP(AL6,$E$2:$F$12,2,FALSE)) -> Citi Bank | AJ6: =IF(AL6="","",VLOOKUP(AI6,$B$2:$D$12,2,FALSE)) -> 13752.58 | AK6: =IF(AL6="","",VLOOKUP(AI6,$B$2:$D$12,3,FALSE)) -> 340 | AL6: =IF(B6="","",LARGE($E$3:$E$12,4)) -> 0.1684 | AM6: ='Payment Schedule'!AB126 -> 20457.158 | AN6: ='Payment Schedule'!Z126 -> 6704.5777
A7: =IF(B7="","",A6+1) -> 5 | B7: Discover | C7: 832.97 | D7: 40 | E7: 0.2401 | F7: =B7 -> Discover | G7: 5500 | H7: =IF(B7="","",NPER(E7/12,-D7,C7)) -> 27.206505 | I7: =IF(B7="","",EDATE($N$3,H7)) -> 45139 | J7: =IF(B7="",0,VLOOKUP(B7,$AI$2:$AN$12,5,FALSE)) -> 1088.3253 | K7: =IF(B7="",0,VLOOKUP(B7,Summary!$AI$2:$AN$12,6,FALSE)) -> 255.35527 | AH7: =IF(AI7="","",AH6+1) -> 5 | AI7: =IF(AL7="","",VLOOKUP(AL7,$E$2:$F$12,2,FALSE)) -> Bank of America | AJ7: =IF(AL7="","",VLOOKUP(AI7,$B$2:$D$12,2,FALSE)) -> 1200 | AK7: =IF(AL7="","",VLOOKUP(AI7,$B$2:$D$12,3,FALSE)) -> 36 | AL7: =IF(B7="","",LARGE($E$3:$E$12,5)) -> 0.1564 | AM7: ='Payment Schedule'!AI126 -> 1584.5176 | AN7: ='Payment Schedule'!AG126 -> 384.51765
A8: =IF(B8="","",A7+1) | C8: 0 | D8: 0 | E8: 0 | F8: =B8 -> 0 | G8: 0 | H8: =IF(B8="","",NPER(E8/12,-D8,C8)) | I8: =IF(B8="","",EDATE($N$3,H8)) | J8: =IF(B8="",0,VLOOKUP(B8,$AI$2:$AN$12,5,FALSE)) -> 0 | K8: =IF(B8="",0,VLOOKUP(B8,Summary!$AI$2:$AN$12,6,FALSE)) -> 0 | M8: Monthly Extra Payment | P8: =Q5-N5 -> 200 | AH8: =IF(AI8="","",AH7+1) | AI8: =IF(AL8="","",VLOOKUP(AL8,$E$2:$F$12,2,FALSE)) | AJ8: =IF(AL8="","",VLOOKUP(AI8,$B$2:$D$12,2,FALSE)) | AK8: =IF(AL8="","",VLOOKUP(AI8,$B$2:$D$12,3,FALSE)) | AL8: =IF(B8="","",LARGE($E$3:$E$12,6)) | AM8: ='Payment Schedule'!AP126 -> 0 | AN8: ='Payment Schedule'!AN126 -> 0
A9: =IF(B9="","",A8+1) | C9: 0 | D9: 0 | E9: 0 | F9: =B9 -> 0 | G9: 0 | H9: =IF(B9="","",NPER(E9/12,-D9,C9)) | I9: =IF(B9="","",EDATE($N$3,H9)) | J9: =IF(B9="",0,VLOOKUP(B9,$AI$2:$AN$12,5,FALSE)) -> 0 | K9: =IF(B9="",0,VLOOKUP(B9,Summary!$AI$2:$AN$12,6,FALSE)) -> 0 | AH9: =IF(AI9="","",AH8+1) | AI9: =IF(AL9="","",VLOOKUP(AL9,$E$2:$F$12,2,FALSE)) | AJ9: =IF(AL9="","",VLOOKUP(AI9,$B$2:$D$12,2,FALSE)) | AK9: =IF(AL9="","",VLOOKUP(AI9,$B$2:$D$12,3,FALSE)) | AL9: =IF(B9="","",LARGE($E$3:$E$12,7)) | AM9: ='Payment Schedule'!AW126 -> 0 | AN9: ='Payment Schedule'!AU126 -> 0
A10: =IF(B10="","",A9+1) | C10: 0 | D10: 0 | E10: 0 | F10: =B10 -> 0 | G10: 0 | H10: =IF(B10="","",NPER(E10/12,-D10,C10)) | I10: =IF(B10="","",EDATE($N$3,H10)) | J10: =IF(B10="",0,VLOOKUP(B10,$AI$2:$AN$12,5,FALSE)) -> 0 | K10: =IF(B10="",0,VLOOKUP(B10,Summary!$AI$2:$AN$12,6,FALSE)) -> 0 | M10: Total Interest Saved | P10: =N6-Q6 -> 8197.5675 | AH10: =IF(AI10="","",AH9+1) | AI10: =IF(AL10="","",VLOOKUP(AL10,$E$2:$F$12,2,FALSE)) | AJ10: =IF(AL10="","",VLOOKUP(AI10,$B$2:$D$12,2,FALSE)) | AK10: =IF(AL10="","",VLOOKUP(AI10,$B$2:$D$12,3,FALSE)) | AL10: =IF(B10="","",LARGE($E$3:$E$12,8)) | AM10: ='Payment Schedule'!BD126 -> 0 | AN10: ='Payment Schedule'!BB126 -> 0
A11: =IF(B11="","",A10+1) | C11: 0 | D11: 0 | E11: 0 | F11: =B11 -> 0 | G11: 0 | H11: =IF(B11="","",NPER(E11/12,-D11,C11)) | I11: =IF(B11="","",EDATE($N$3,H11)) | J11: =IF(B11="",0,VLOOKUP(B11,$AI$2:$AN$12,5,FALSE)) -> 0 | K11: =IF(B11="",0,VLOOKUP(B11,Summary!$AI$2:$AN$12,6,FALSE)) -> 0 | AH11: =IF(AI11="","",AH10+1) | AI11: =IF(AL11="","",VLOOKUP(AL11,$E$2:$F$12,2,FALSE)) | AJ11: =IF(AL11="","",VLOOKUP(AI11,$B$2:$D$12,2,FALSE)) | AK11: =IF(AL11="","",VLOOKUP(AI11,$B$2:$D$12,3,FALSE)) | AL11: =IF(B11="","",LARGE($E$3:$E$12,9)) | AM11: ='Payment Schedule'!BK126 -> 0 | AN11: ='Payment Schedule'!BI126 -> 0
A12: =IF(B12="","",A11+1) | C12: 0 | D12: 0 | E12: 0 | F12: =B12 -> 0 | G12: 0 | H12: =IF(B12="","",NPER(E12/12,-D12,C12)) | I12: =IF(B12="","",EDATE($N$3,H12)) | J12: =IF(B12="",0,VLOOKUP(B12,$AI$2:$AN$12,5,FALSE)) -> 0 | K12: =IF(B12="",0,VLOOKUP(B12,Summary!$AI$2:$AN$12,6,FALSE)) -> 0 | M12: No. of months you'll save | P12: =DATEDIF(Q4,N4,"M") -> 62 | AH12: =IF(AI12="","",AH11+1) | AI12: =IF(AL12="","",VLOOKUP(AL12,$E$2:$F$12,2,FALSE)) | AJ12: =IF(AL12="","",VLOOKUP(AI12,$B$2:$D$12,2,FALSE)) | AK12: =IF(AL12="","",VLOOKUP(AI12,$B$2:$D$12,3,FALSE)) | AL12: =IF(B12="","",LARGE($E$3:$E$12,10)) | AM12: ='Payment Schedule'!BR126 -> 0 | AN12: ='Payment Schedule'!BP126 -> 0
C13: =SUM(C3:C12) -> 25216.55 | D13: =SUM(D3:D12) -> 624 | G13: =SUM(G3:G12) -> 80000 | J13: =SUM(J3:J12) -> 41976.752 | K13: =SUM(K3:K12) -> 16760.202 | AJ13: =SUM(AJ3:AJ12) -> 25216.55 | AK13: =SUM(AK3:AK12) -> 624 | AM13: =SUM(AM3:AM12) -> 41976.752 | AN13: =SUM(AN3:AN12) -> 16760.202
A15: Note: Only values in Yellow colored cells need to be added.

Sheet Balance Transfer
A1: Balance Transfer Calculator
A2: S. No. | B2: Name of Card | C2: Current Balance | D2: Credit Limit | E2: Current Interest Rate | F2: Projected Interest Rate | G2: Interest Rate Savings | H2: Estimated Annual Savings* | I2: Balance Transfer Fee in % | J2: Balance Transfer Amt | K2: Transfer Worthy | L2: Suggested Action
A3: =Summary!A3 -> 1 | B3: JP Morgan Chase | C3: 2931 | D3: 13000 | E3: 0.1299 | F3: 0.14 | G3: =E3-F3 -> -0.0101 | H3: =C3*G3 -> -29.6031 | I3: 0.02 | J3: =C3*I3 -> 58.62 | K3: =H3-J3 -> -88.2231 | L3: =IF(K3=0,"-",IF(K3>0,"YES","NO")) -> NO
A4: =Summary!A4 -> 2 | B4: Citi Card | C4: 1200 | D4: 7000 | E4: 0.1474 | F4: 0 | G4: =E4-F4 -> 0.1474 | H4: =C4*G4 -> 176.88 | I4: 0.03 | J4: =C4*I4 -> 36 | K4: =H4-J4 -> 140.88 | L4: =IF(K4=0,"-",IF(K4>0,"YES","NO")) -> YES
A5: =Summary!A5 -> 3 | B5: Discover | C5: 26000 | D5: 27000 | E5: 0.1575 | F5: 0 | G5: =E5-F5 -> 0.1575 | H5: =C5*G5 -> 4095 | I5: 0.05 | J5: =C5*I5 -> 1300 | K5: =H5-J5 -> 2795 | L5: =IF(K5=0,"-",IF(K5>0,"YES","NO")) -> YES
A6: =Summary!A6 -> 4 | G6: =E6-F6 -> 0 | H6: =C6*G6 -> 0 | J6: =C6*I6 -> 0 | K6: =H6-J6 -> 0 | L6: =IF(K6=0,"-",IF(K6>0,"YES","NO")) -> -
A7: =Summary!A7 -> 5 | G7: =E7-F7 -> 0 | H7: =C7*G7 -> 0 | J7: =C7*I7 -> 0 | K7: =H7-J7 -> 0 | L7: =IF(K7=0,"-",IF(K7>0,"YES","NO")) -> -
A8: =Summary!A8 | G8: =E8-F8 -> 0 | H8: =C8*G8 -> 0 | J8: =C8*I8 -> 0 | K8: =H8-J8 -> 0 | L8: =IF(K8=0,"-",IF(K8>0,"YES","NO")) -> -
A9: =Summary!A9 | G9: =E9-F9 -> 0 | H9: =C9*G9 -> 0 | J9: =C9*I9 -> 0 | K9: =H9-J9 -> 0 | L9: =IF(K9=0,"-",IF(K9>0,"YES","NO")) -> -
A10: =Summary!A10 | G10: =E10-F10 -> 0 | H10: =C10*G10 -> 0 | J10: =C10*I10 -> 0 | K10: =H10-J10 -> 0 | L10: =IF(K10=0,"-",IF(K10>0,"YES","NO")) -> -
A11: =Summary!A11 | G11: =E11-F11 -> 0 | H11: =C11*G11 -> 0 | J11: =C11*I11 -> 0 | K11: =H11-J11 -> 0 | L11: =IF(K11=0,"-",IF(K11>0,"YES","NO")) -> -
A12: =Summary!A12 | G12: =E12-F12 -> 0 | H12: =C12*G12 -> 0 | J12: =C12*I12 -> 0 | K12: =H12-J12 -> 0 | L12: =IF(K12=0,"-",IF(K12>0,"YES","NO")) -> -
C13: =SUM(C3:C12) -> 30131 | D13: =SUM(D3:D12) -> 47000 | H13: =SUM(H3:H12) -> 4242.2769 | J13: =SUM(J3:J12) -> 1394.62
A15: Note: Only values in Yellow colored cells need to be added.
A17: * Annual savings is based on the balance of your cards not being paid down
A18: Instructions: After you've been approved for a balance transfer or personal loan
A19: Step 1: Enter the current balance, credit limit, current interest rate, for each of your credit cards or personal loans.
A20: Step 2: Based on the amount of the balance transfer or personal loan you've qualified for, add the projected interest (Note, you may need to break the balance of a card into two rows if you're only able to pay off a portion of the card)
A21: Step 3: Enter in the balance transfer fee as a percentage
A22: Step 4: Review the annual savings and balance transfer amount to see if a card is transfer worthy
A23: Step 5: Complete any balance transfer or loan payoff
A24: Step 6: Add new cards/loans to the Transfer Payment Calc tab

Sheet Payment Schedule
B1: =Summary!AI3 -> American Express | I1: =Summary!AI4 -> Discover | P1: =Summary!AI5 -> Chase | W1: =Summary!AI6 -> Citi Bank | AD1: =Summary!AI7 -> Bank of America | AK1: =Summary!AI8 | AR1: =Summary!AI9 | AY1: =Summary!AI10 | BF1: =Summary!AI11 | BM1: =Summary!AI12 | BT1: Total
B2: Beginning Balance | G2: =Summary!AJ3 -> 2931 | I2: Beginning Balance | N2: =Summary!AJ4 -> 832.97 | P2: Beginning Balance | U2: =Summary!AJ5 -> 6500 | W2: Beginning Balance | AB2: =Summary!AJ6 -> 13752.58 | AD2: Beginning Balance | AI2: =Summary!AJ7 -> 1200 | AK2: Beginning Balance | AP2: =Summary!AJ8 | AR2: Beginning Balance | AW2: =Summary!AJ9 | AY2: Beginning Balance | BD2: =Summary!AJ10 | BF2: Beginning Balance | BK2: =Summary!AJ11 | BM2: Beginning Balance | BR2: =Summary!AJ12 | BT2: Beginning Balance | BY2: =G2+N2+U2+AB2+AI2+AP2+AW2+BD2+BK2+BR2 -> #VALUE!
B3: Annual Percentage Rate (APR) | G3: =Summary!AL3 -> 0.2955 | I3: Annual Percentage Rate (APR) | N3: =Summary!AL4 -> 0.2401 | P3: Annual Percentage Rate (APR) | U3: =Summary!AL5 -> 0.1721 | W3: Annual Percentage Rate (APR) | AB3: =Summary!AL6 -> 0.1684 | AD3: Annual Percentage Rate (APR) | AI3: =Summary!AL7 -> 0.1564 | AK3: Annual Percentage Rate (APR) | AP3: =Summary!AL8 | AR3: Annual Percentage Rate (APR) | AW3: =Summary!AL9 | AY3: Annual Percentage Rate (APR) | BD3: =Summary!AL10 | BF3: Annual Percentage Rate (APR) | BK3: =Summary!AL11 | BM3: Annual Percentage Rate (APR) | BR3: =Summary!AL12 | BT3: Annual Percentage Rate (APR) | BY3: =AVERAGE(G3,N3,U3,AB3,AI3,AP3,AW3,BD3,BK3,BR3) -> 0.2065
B4: Minimum Payment | G4: =Summary!AK3 -> 88 | I4: Minimum Payment | N4: =Summary!AK4 -> 40 | P4: Minimum Payment | U4: =Summary!AK5 -> 120 | W4: Minimum Payment | AB4: =Summary!AK6 -> 340 | AD4: Minimum Payment | AI4: =Summary!AK7 -> 36 | AK4: Minimum Payment | AP4: =Summary!AK8 | AR4: Minimum Payment | AW4: =Summary!AK9 | AY4: Minimum Payment | BD4: =Summary!AK10 | BF4: Minimum Payment | BK4: =Summary!AK11 | BM4: Minimum Payment | BR4: =Summary!AK12 | BT4: Minimum Payment | BY4: =G4+N4+U4+AB4+AI4+AP4+AW4+BD4+BK4+BR4 -> #VALUE!
B5: S. No. | C5: Month | D5: Starting Balance | E5: Finance Charges | F5: New Balance | G5: Minimum Payment | I5: S. No. | J5: Month | K5: Starting Balance | L5: Finance Charges | M5: New Balance | N5: Minimum Payment | P5: S. No. | Q5: Month | R5: Starting Balance | S5: Finance Charges | T5: New Balance | U5: Minimum Payment | W5: S. No. | X5: Month | Y5: Starting Balance | Z5: Finance Charges | AA5: New Balance | AB5: Minimum Payment | AD5: S. No. | AE5: Month | AF5: Starting Balance | AG5: Finance Charges | AH5: New Balance | AI5: Minimum Payment | AK5: S. No. | AL5: Month | AM5: Starting Balance | AN5: Finance Charges | AO5: New Balance | AP5: Minimum Payment | AR5: S. No. | AS5: Month | AT5: Starting Balance | AU5: Finance Charges | AV5: New Balance | AW5: Minimum Payment | AY5: S. No. | AZ5: Month | BA5: Starting Balance | BB5: Finance Charges | BC5: New Balance | BD5: Minimum Payment | BF5: S. No. | BG5: Month | BH5: Starting Balance | BI5: Finance Charges | BJ5: New Balance | BK5: Minimum Payment | BM5: S. No. | BN5: Month | BO5: Starting Balance | BP5: Finance Charges | BQ5: New Balance | BR5: Minimum Payment | BT5: S. No. | BU5: Month | BV5: Starting Balance | BW5: Finance Charges | BX5: New Balance | BY5: Minimum Payment
B6: 1 | C6: =Summary!N3 -> 44317 | D6: =IF(G2="",0,G2) -> 2931 | E6: =IF($G$3="",0,D6*$G$3/12) -> 72.175875 | F6: =SUM(D6:E6) -> 3003.1759 | G6: =IF($G$4="",0,G4) -> 88 | I6: 1 | J6: =Summary!N3 -> 44317 | K6: =IF(N2="",0,N2) -> 832.97 | L6: =IF($N$3="",0,K6*$N$3/12) -> 16.666341 | M6: =SUM(K6:L6) -> 849.63634 | N6: =IF($N$4="",0,N4) -> 40 | P6: 1 | Q6: =Summary!N3 -> 44317 | R6: =IF(U2="",0,U2) -> 6500 | S6: =IF($U$3="",0,R6*$U$3/12) -> 93.220833 | T6: =SUM(R6:S6) -> 6593.2208 | U6: =IF($U$4="",0,U4) -> 120 | W6: 1 | X6: =Summary!N3 -> 44317 | Y6: =IF(AB2="",0,AB2) -> 13752.58 | Z6: =IF($AB$3="",0,Y6*$AB$3/12) -> 192.99454 | AA6: =SUM(Y6:Z6) -> 13945.575 | AB6: =IF($AB$4="",0,AB4) -> 340 | AD6: 1 | AE6: =Summary!N3 -> 44317 | AF6: =IF(AI2="",0,AI2) -> 1200 | AG6: =IF($AI$3="",0,AF6*$AI$3/12) -> 15.64 | AH6: =SUM(AF6:AG6) -> 1215.64 | AI6: =IF($AI$4="",0,AI4) -> 36 | AK6: 1 | AL6: =Summary!N3 -> 44317 | AM6: =IF(AP2="",0,AP2) -> 0 | AN6: =IF($AP$3="",0,AM6*$AP$3/12) -> 0 | AO6: =SUM(AM6:AN6) -> 0 | AP6: =IF($AP$4="",0,AP4) -> 0 | AR6: 1 | AS6: =Summary!N3 -> 44317 | AT6: =IF(AW2="",0,AW2) -> 0 | AU6: =IF($AW$3="",0,AT6*$AW$3/12) -> 0 | AV6: =SUM(AT6:AU6) -> 0 | AW6: =IF($AW$4="",0,AW4) -> 0 | AY6: 1 | AZ6: =Summary!N3 -> 44317 | BA6: =IF(BD2="",0,BD2) -> 0 | BB6: =IF($BD$3="",0,BA6*$BD$3/12) -> 0 | BC6: =SUM(BA6:BB6) -> 0 | BD6: =IF($BD$4="",0,BD4) -> 0 | BF6: 1 | BG6: =Summary!N3 -> 44317 | BH6: =IF(BK2="",0,BK2) -> 0 | BI6: =IF($BK$3="",0,BH6*$BK$3/12) -> 0 | BJ6: =SUM(BH6:BI6) -> 0 | BK6: =IF($BK$4="",0,BK4) -> 0 | BM6: 1 | BN6: =Summary!N3 -> 44317 | BO6: =IF(BR2="",0,BR2) -> 0 | BP6: =IF($BR$3="",0,BO6*$BR$3/12) -> 0 | BQ6: =SUM(BO6:BP6) -> 0 | BR6: =IF($BR$4="",0,BR4) -> 0 | BT6: 1 | BU6: =Summary!N3 -> 44317 | BV6: =D6+K6+R6+Y6+AF6+AM6+AT6+BA6+BH6+BO6 -> 25216.55 | BW6: =E6+L6+S6+Z6+AG6+AN6+AU6+BB6+BI6+BP6 -> 390.69759 | BX6: =F6+M6+T6+AA6+AH6+AO6+AV6+BC6+BJ6+BQ6 -> 25607.248 | BY6: =G6+N6+U6+AB6+AI6+AP6+AW6+BD6+BK6+BR6 -> 624
B7: =B6+1 -> 2 | C7: =EDATE(C6,1) -> 44348 | D7: =F6-G6 -> 2915.1759 | E7: =IF($G$3="",0,D7*$G$3/12) -> 71.786206 | F7: =SUM(D7:E7) -> 2986.9621 | G7: =IF(F7=0,0,IF(F7<G6,F7,G6)) -> 88 | I7: =I6+1 -> 2 | J7: =EDATE(J6,1) -> 44348 | K7: =M6-N6 -> 809.63634 | L7: =IF($N$3="",0,K7*$N$3/12) -> 16.199474 | M7: =SUM(K7:L7) -> 825.83582 | N7: =IF(M7=0,0,IF(M7<N6,M7,N6)) -> 40 | P7: =P6+1 -> 2 | Q7: =EDATE(Q6,1) -> 44348 | R7: =T6-U6 -> 6473.2208 | S7: =R7*$U$3/12 -> 92.836775 | T7: =SUM(R7:S7) -> 6566.0576 | U7: =IF(T7=0,0,IF(T7<U6,T7,U6)) -> 120 | W7: =W6+1 -> 2 | X7: =EDATE(X6,1) -> 44348 | Y7: =AA6-AB6 -> 13605.575 | Z7: =IF($AB$3="",0,Y7*$AB$3/12) -> 190.93156 | AA7: =SUM(Y7:Z7) -> 13796.506 | AB7: =IF(AA7=0,0,IF(AA7<AB6,AA7,AB6)) -> 340 | AD7: =AD6+1 -> 2 | AE7: =EDATE(AE6,1) -> 44348 | AF7: =AH6-AI6 -> 1179.64 | AG7: =IF($AI$3="",0,AF7*$AI$3/12) -> 15.374641 | AH7: =SUM(AF7:AG7) -> 1195.0146 | AI7: =IF(AH7=0,0,IF(AH7<AI6,AH7,AI6)) -> 36 | AK7: =AK6+1 -> 2 | AL7: =EDATE(AL6,1) -> 44348 | AM7: =AO6-AP6 -> 0 | AN7: =IF($AP$3="",0,AM7*$AP$3/12) -> 0 | AO7: =SUM(AM7:AN7) -> 0 | AP7: =IF(AO7=0,0,IF(AO7<AP6,AO7,AP6)) -> 0 | AR7: =AR6+1 -> 2 | AS7: =EDATE(AS6,1) -> 44348 | AT7: =AV6-AW6 -> 0 | AU7: =IF($AW$3="",0,AT7*$AW$3/12) -> 0 | AV7: =SUM(AT7:AU7) -> 0 | AW7: =IF(AV7=0,0,IF(AV7<AW6,AV7,AW6)) -> 0 | AY7: =AY6+1 -> 2 | AZ7: =EDATE(AZ6,1) -> 44348 | BA7: =BC6-BD6 -> 0 | BB7: =IF($BD$3="",0,BA7*$BD$3/12) -> 0 | BC7: =SUM(BA7:BB7) -> 0 | BD7: =IF(BC7=0,0,IF(BC7<BD6,BC7,BD6)) -> 0 | BF7: =BF6+1 -> 2 | BG7: =EDATE(BG6,1) -> 44348 | BH7: =BJ6-BK6 -> 0 | BI7: =IF($BK$3="",0,BH7*$BK$3/12) -> 0 | BJ7: =SUM(BH7:BI7) -> 0 | BK7: =IF(BJ7=0,0,IF(BJ7<BK6,BJ7,BK6)) -> 0 | BM7: =BM6+1 -> 2 | BN7: =EDATE(BN6,1) -> 44348 | BO7: =BQ6-BR6 -> 0 | BP7: =IF($BR$3="",0,BO7*$BR$3/12) -> 0 | BQ7: =SUM(BO7:BP7) -> 0 | BR7: =IF(BQ7=0,0,IF(BQ7<BR6,BQ7,BR6)) -> 0 | BT7: =BT6+1 -> 2 | BU7: =EDATE(BU6,1) -> 44348 | BV7: =D7+K7+R7+Y7+AF7+AM7+AT7+BA7+BH7+BO7 -> 24983.248 | BW7: =E7+L7+S7+Z7+AG7+AN7+AU7+BB7+BI7+BP7 -> 387.12866 | BX7: =F7+M7+T7+AA7+AH7+AO7+AV7+BC7+BJ7+BQ7 -> 25370.376 | BY7: =G7+N7+U7+AB7+AI7+AP7+AW7+BD7+BK7+BR7 -> 624
B8: =B7+1 -> 3 | C8: =EDATE(C7,1) -> 44378 | D8: =F7-G7 -> 2898.9621 | E8: =IF($G$3="",0,D8*$G$3/12) -> 71.386941 | F8: =SUM(D8:E8) -> 2970.349 | G8: =IF(F8=0,0,IF(F8<G7,F8,G7)) -> 88 | I8: =I7+1 -> 3 | J8: =EDATE(J7,1) -> 44378 | K8: =M7-N7 -> 785.83582 | L8: =IF($N$3="",0,K8*$N$3/12) -> 15.723265 | M8: =SUM(K8:L8) -> 801.55908 | N8: =IF(M8=0,0,IF(M8<N7,M8,N7)) -> 40 | P8: =P7+1 -> 3 | Q8: =EDATE(Q7,1) -> 44378 | R8: =T7-U7 -> 6446.0576 | S8: =R8*$U$3/12 -> 92.44721 | T8: =SUM(R8:S8) -> 6538.5048 | U8: =IF(T8=0,0,IF(T8<U7,T8,U7)) -> 120 | W8: =W7+1 -> 3 | X8: =EDATE(X7,1) -> 44378 | Y8: =AA7-AB7 -> 13456.506 | Z8: =IF($AB$3="",0,Y8*$AB$3/12) -> 188.83964 | AA8: =SUM(Y8:Z8) -> 13645.346 | AB8: =IF(AA8=0,0,IF(AA8<AB7,AA8,AB7)) -> 340 | AD8: =AD7+1 -> 3 | AE8: =EDATE(AE7,1) -> 44378 | AF8: =AH7-AI7 -> 1159.0146 | AG8: =IF($AI$3="",0,AF8*$AI$3/12) -> 15.105824 | AH8: =SUM(AF8:AG8) -> 1174.1205 | AI8: =IF(AH8=0,0,IF(AH8<AI7,AH8,AI7)) -> 36 | AK8: =AK7+1 -> 3 | AL8: =EDATE(AL7,1) -> 44378 | AM8: =AO7-AP7 -> 0 | AN8: =IF($AP$3="",0,AM8*$AP$3/12) -> 0 | AO8: =SUM(AM8:AN8) -> 0 | AP8: =IF(AO8=0,0,IF(AO8<AP7,AO8,AP7)) -> 0 | AR8: =AR7+1 -> 3 | AS8: =EDATE(AS7,1) -> 44378 | AT8: =AV7-AW7 -> 0 | AU8: =IF($AW$3="",0,AT8*$AW$3/12) -> 0 | AV8: =SUM(AT8:AU8) -> 0 | AW8: =IF(AV8=0,0,IF(AV8<AW7,AV8,AW7)) -> 0 | AY8: =AY7+1 -> 3 | AZ8: =EDATE(AZ7,1) -> 44378 | BA8: =BC7-BD7 -> 0 | BB8: =IF($BD$3="",0,BA8*$BD$3/12) -> 0 | BC8: =SUM(BA8:BB8) -> 0 | BD8: =IF(BC8=0,0,IF(BC8<BD7,BC8,BD7)) -> 0 | BF8: =BF7+1 -> 3 | BG8: =EDATE(BG7,1) -> 44378 | BH8: =BJ7-BK7 -> 0 | BI8: =IF($BK$3="",0,BH8*$BK$3/12) -> 0 | BJ8: =SUM(BH8:BI8) -> 0 | BK8: =IF(BJ8=0,0,IF(BJ8<BK7,BJ8,BK7)) -> 0 | BM8: =BM7+1 -> 3 | BN8: =EDATE(BN7,1) -> 44378 | BO8: =BQ7-BR7 -> 0 | BP8: =IF($BR$3="",0,BO8*$BR$3/12) -> 0 | BQ8: =SUM(BO8:BP8) -> 0 | BR8: =IF(BQ8=0,0,IF(BQ8<BR7,BQ8,BR7)) -> 0 | BT8: =BT7+1 -> 3 | BU8: =EDATE(BU7,1) -> 44378 | BV8: =D8+K8+R8+Y8+AF8+AM8+AT8+BA8+BH8+BO8 -> 24746.376 | BW8: =E8+L8+S8+Z8+AG8+AN8+AU8+BB8+BI8+BP8 -> 383.50288 | BX8: =F8+M8+T8+AA8+AH8+AO8+AV8+BC8+BJ8+BQ8 -> 25129.879 | BY8: =G8+N8+U8+AB8+AI8+AP8+AW8+BD8+BK8+BR8 -> 624
B9: =B8+1 -> 4 | C9: =EDATE(C8,1) -> 44409 | D9: =F8-G8 -> 2882.349 | E9: =IF($G$3="",0,D9*$G$3/12) -> 70.977845 | F9: =SUM(D9:E9) -> 2953.3269 | G9: =IF(F9=0,0,IF(F9<G8,F9,G8)) -> 88 | I9: =I8+1 -> 4 | J9: =EDATE(J8,1) -> 44409 | K9: =M8-N8 -> 761.55908 | L9: =IF($N$3="",0,K9*$N$3/12) -> 15.237528 | M9: =SUM(K9:L9) -> 776.79661 | N9: =IF(M9=0,0,IF(M9<N8,M9,N8)) -> 40 | P9: =P8+1 -> 4 | Q9: =EDATE(Q8,1) -> 44409 | R9: =T8-U8 -> 6418.5048 | S9: =R9*$U$3/12 -> 92.052057 | T9: =SUM(R9:S9) -> 6510.5569 | U9: =IF(T9=0,0,IF(T9<U8,T9,U8)) -> 120 | W9: =W8+1 -> 4 | X9: =EDATE(X8,1) -> 44409 | Y9: =AA8-AB8 -> 13305.346 | Z9: =IF($AB$3="",0,Y9*$AB$3/12) -> 186.71835 | AA9: =SUM(Y9:Z9) -> 13492.064 | AB9: =IF(AA9=0,0,IF(AA9<AB8,AA9,AB8)) -> 340 | AD9: =AD8+1 -> 4 | AE9: =EDATE(AE8,1) -> 44409 | AF9: =AH8-AI8 -> 1138.1205 | AG9: =IF($AI$3="",0,AF9*$AI$3/12) -> 14.833503 | AH9: =SUM(AF9:AG9) -> 1152.954 | AI9: =IF(AH9=0,0,IF(AH9<AI8,AH9,AI8)) -> 36 | AK9: =AK8+1 -> 4 | AL9: =EDATE(AL8,1) -> 44409 | AM9: =AO8-AP8 -> 0 | AN9: =IF($AP$3="",0,AM9*$AP$3/12) -> 0 | AO9: =SUM(AM9:AN9) -> 0 | AP9: =IF(AO9=0,0,IF(AO9<AP8,AO9,AP8)) -> 0 | AR9: =AR8+1 -> 4 | AS9: =EDATE(AS8,1) -> 44409 | AT9: =AV8-AW8 -> 0 | AU9: =IF($AW$3="",0,AT9*$AW$3/12) -> 0 | AV9: =SUM(AT9:AU9) -> 0 | AW9: =IF(AV9=0,0,IF(AV9<AW8,AV9,AW8)) -> 0 | AY9: =AY8+1 -> 4 | AZ9: =EDATE(AZ8,1) -> 44409 | BA9: =BC8-BD8 -> 0 | BB9: =IF($BD$3="",0,BA9*$BD$3/12) -> 0 | BC9: =SUM(BA9:BB9) -> 0 | BD9: =IF(BC9=0,0,IF(BC9<BD8,BC9,BD8)) -> 0 | BF9: =BF8+1 -> 4 | BG9: =EDATE(BG8,1) -> 44409 | BH9: =BJ8-BK8 -> 0 | BI9: =IF($BK$3="",0,BH9*$BK$3/12) -> 0 | BJ9: =SUM(BH9:BI9) -> 0 | BK9: =IF(BJ9=0,0,IF(BJ9<BK8,BJ9,BK8)) -> 0 | BM9: =BM8+1 -> 4 | BN9: =EDATE(BN8,1) -> 44409 | BO9: =BQ8-BR8 -> 0 | BP9: =IF($BR$3="",0,BO9*$BR$3/12) -> 0 | BQ9: =SUM(BO9:BP9) -> 0 | BR9: =IF(BQ9=0,0,IF(BQ9<BR8,BQ9,BR8)) -> 0 | BT9: =BT8+1 -> 4 | BU9: =EDATE(BU8,1) -> 44409 | BV9: =D9+K9+R9+Y9+AF9+AM9+AT9+BA9+BH9+BO9 -> 24505.879 | BW9: =E9+L9+S9+Z9+AG9+AN9+AU9+BB9+BI9+BP9 -> 379.81928 | BX9: =F9+M9+T9+AA9+AH9+AO9+AV9+BC9+BJ9+BQ9 -> 24885.698 | BY9: =G9+N9+U9+AB9+AI9+AP9+AW9+BD9+BK9+BR9 -> 624
B10: =B9+1 -> 5 | C10: =EDATE(C9,1) -> 44440 | D10: =F9-G9 -> 2865.3269 | E10: =IF($G$3="",0,D10*$G$3/12) -> 70.558674 | F10: =SUM(D10:E10) -> 2935.8855 | G10: =IF(F10=0,0,IF(F10<G9,F10,G9)) -> 88 | I10: =I9+1 -> 5 | J10: =EDATE(J9,1) -> 44440 | K10: =M9-N9 -> 736.79661 | L10: =IF($N$3="",0,K10*$N$3/12) -> 14.742072 | M10: =SUM(K10:L10) -> 751.53868 | N10: =IF(M10=0,0,IF(M10<N9,M10,N9)) -> 40 | P10: =P9+1 -> 5 | Q10: =EDATE(Q9,1) -> 44440 | R10: =T9-U9 -> 6390.5569 | S10: =R10*$U$3/12 -> 91.651237 | T10: =SUM(R10:S10) -> 6482.2081 | U10: =IF(T10=0,0,IF(T10<U9,T10,U9)) -> 120 | W10: =W9+1 -> 5 | X10: =EDATE(X9,1) -> 44440 | Y10: =AA9-AB9 -> 13152.064 | Z10: =IF($AB$3="",0,Y10*$AB$3/12) -> 184.5673 | AA10: =SUM(Y10:Z10) -> 13336.631 | AB10: =IF(AA10=0,0,IF(AA10<AB9,AA10,AB9)) -> 340 | AD10: =AD9+1 -> 5 | AE10: =EDATE(AE9,1) -> 44440 | AF10: =AH9-AI9 -> 1116.954 | AG10: =IF($AI$3="",0,AF10*$AI$3/12) -> 14.557633 | AH10: =SUM(AF10:AG10) -> 1131.5116 | AI10: =IF(AH10=0,0,IF(AH10<AI9,AH10,AI9)) -> 36 | AK10: =AK9+1 -> 5 | AL10: =EDATE(AL9,1) -> 44440 | AM10: =AO9-AP9 -> 0 | AN10: =IF($AP$3="",0,AM10*$AP$3/12) -> 0 | AO10: =SUM(AM10:AN10) -> 0 | AP10: =IF(AO10=0,0,IF(AO10<AP9,AO10,AP9)) -> 0 | AR10: =AR9+1 -> 5 | AS10: =EDATE(AS9,1) -> 44440 | AT10: =AV9-AW9 -> 0 | AU10: =IF($AW$3="",0,AT10*$AW$3/12) -> 0 | AV10: =SUM(AT10:AU10) -> 0 | AW10: =IF(AV10=0,0,IF(AV10<AW9,AV10,AW9)) -> 0 | AY10: =AY9+1 -> 5 | AZ10: =EDATE(AZ9,1) -> 44440 | BA10: =BC9-BD9 -> 0 | BB10: =IF($BD$3="",0,BA10*$BD$3/12) -> 0 | BC10: =SUM(BA10:BB10) -> 0 | BD10: =IF(BC10=0,0,IF(BC10<BD9,BC10,BD9)) -> 0 | BF10: =BF9+1 -> 5 | BG10: =EDATE(BG9,1) -> 44440 | BH10: =BJ9-BK9 -> 0 | BI10: =IF($BK$3="",0,BH10*$BK$3/12) -> 0 | BJ10: =SUM(BH10:BI10) -> 0 | BK10: =IF(BJ10=0,0,IF(BJ10<BK9,BJ10,BK9)) -> 0 | BM10: =BM9+1 -> 5 | BN10: =EDATE(BN9,1) -> 44440 | BO10: =BQ9-BR9 -> 0 | BP10: =IF($BR$3="",0,BO10*$BR$3/12) -> 0 | BQ10: =SUM(BO10:BP10) -> 0 | BR10: =IF(BQ10=0,0,IF(BQ10<BR9,BQ10,BR9)) -> 0 | BT10: =BT9+1 -> 5 | BU10: =EDATE(BU9,1) -> 44440 | BV10: =D10+K10+R10+Y10+AF10+AM10+AT10+BA10+BH10+BO10 -> 24261.698 | BW10: =E10+L10+S10+Z10+AG10+AN10+AU10+BB10+BI10+BP10 -> 376.07692 | BX10: =F10+M10+T10+AA10+AH10+AO10+AV10+BC10+BJ10+BQ10 -> 24637.775 | BY10: =G10+N10+U10+AB10+AI10+AP10+AW10+BD10+BK10+BR10 -> 624
B11: =B10+1 -> 6 | C11: =EDATE(C10,1) -> 44470 | D11: =F10-G10 -> 2847.8855 | E11: =IF($G$3="",0,D11*$G$3/12) -> 70.129181 | F11: =SUM(D11:E11) -> 2918.0147 | G11: =IF(F11=0,0,IF(F11<G10,F11,G10)) -> 88 | I11: =I10+1 -> 6 | J11: =EDATE(J10,1) -> 44470 | K11: =M10-N10 -> 711.53868 | L11: =IF($N$3="",0,K11*$N$3/12) -> 14.236703 | M11: =SUM(K11:L11) -> 725.77538 | N11: =IF(M11=0,0,IF(M11<N10,M11,N10)) -> 40 | P11: =P10+1 -> 6 | Q11: =EDATE(Q10,1) -> 44470 | R11: =T10-U10 -> 6362.2081 | S11: =R11*$U$3/12 -> 91.244668 | T11: =SUM(R11:S11) -> 6453.4528 | U11: =IF(T11=0,0,IF(T11<U10,T11,U10)) -> 120 | W11: =W10+1 -> 6 | X11: =EDATE(X10,1) -> 44470 | Y11: =AA10-AB10 -> 12996.631 | Z11: =IF($AB$3="",0,Y11*$AB$3/12) -> 182.38606 | AA11: =SUM(Y11:Z11) -> 13179.017 | AB11: =IF(AA11=0,0,IF(AA11<AB10,AA11,AB10)) -> 340 | AD11: =AD10+1 -> 6 | AE11: =EDATE(AE10,1) -> 44470 | AF11: =AH10-AI10 -> 1095.5116 | AG11: =IF($AI$3="",0,AF11*$AI$3/12) -> 14.278168 | AH11: =SUM(AF11:AG11) -> 1109.7898 | AI11: =IF(AH11=0,0,IF(AH11<AI10,AH11,AI10)) -> 36 | AK11: =AK10+1 -> 6 | AL11: =EDATE(AL10,1) -> 44470 | AM11: =AO10-AP10 -> 0 | AN11: =IF($AP$3="",0,AM11*$AP$3/12) -> 0 | AO11: =SUM(AM11:AN11) -> 0 | AP11: =IF(AO11=0,0,IF(AO11<AP10,AO11,AP10)) -> 0 | AR11: =AR10+1 -> 6 | AS11: =EDATE(AS10,1) -> 44470 | AT11: =AV10-AW10 -> 0 | AU11: =IF($AW$3="",0,AT11*$AW$3/12) -> 0 | AV11: =SUM(AT11:AU11) -> 0 | AW11: =IF(AV11=0,0,IF(AV11<AW10,AV11,AW10)) -> 0 | AY11: =AY10+1 -> 6 | AZ11: =EDATE(AZ10,1) -> 44470 | BA11: =BC10-BD10 -> 0 | BB11: =IF($BD$3="",0,BA11*$BD$3/12) -> 0 | BC11: =SUM(BA11:BB11) -> 0 | BD11: =IF(BC11=0,0,IF(BC11<BD10,BC11,BD10)) -> 0 | BF11: =BF10+1 -> 6 | BG11: =EDATE(BG10,1) -> 44470 | BH11: =BJ10-BK10 -> 0 | BI11: =IF($BK$3="",0,BH11*$BK$3/12) -> 0 | BJ11: =SUM(BH11:BI11) -> 0 | BK11: =IF(BJ11=0,0,IF(BJ11<BK10,BJ11,BK10)) -> 0 | BM11: =BM10+1 -> 6 | BN11: =EDATE(BN10,1) -> 44470 | BO11: =BQ10-BR10 -> 0 | BP11: =IF($BR$3="",0,BO11*$BR$3/12) -> 0 | BQ11: =SUM(BO11:BP11) -> 0 | BR11: =IF(BQ11=0,0,IF(BQ11<BR10,BQ11,BR10)) -> 0 | BT11: =BT10+1 -> 6 | BU11: =EDATE(BU10,1) -> 44470 | BV11: =D11+K11+R11+Y11+AF11+AM11+AT11+BA11+BH11+BO11 -> 24013.775 | BW11: =E11+L11+S11+Z11+AG11+AN11+AU11+BB11+BI11+BP11 -> 372.27478 | BX11: =F11+M11+T11+AA11+AH11+AO11+AV11+BC11+BJ11+BQ11 -> 24386.05 | BY11: =G11+N11+U11+AB11+AI11+AP11+AW11+BD11+BK11+BR11 -> 624
B12: =B11+1 -> 7 | C12: =EDATE(C11,1) -> 44501 | D12: =F11-G11 -> 2830.0147 | E12: =IF($G$3="",0,D12*$G$3/12) -> 69.689113 | F12: =SUM(D12:E12) -> 2899.7038 | G12: =IF(F12=0,0,IF(F12<G11,F12,G11)) -> 88 | I12: =I11+1 -> 7 | J12: =EDATE(J11,1) -> 44501 | K12: =M11-N11 -> 685.77538 | L12: =IF($N$3="",0,K12*$N$3/12) -> 13.721222 | M12: =SUM(K12:L12) -> 699.49661 | N12: =IF(M12=0,0,IF(M12<N11,M12,N11)) -> 40 | P12: =P11+1 -> 7 | Q12: =EDATE(Q11,1) -> 44501 | R12: =T11-U11 -> 6333.4528 | S12: =R12*$U$3/12 -> 90.832269 | T12: =SUM(R12:S12) -> 6424.285 | U12: =IF(T12=0,0,IF(T12<U11,T12,U11)) -> 120 | W12: =W11+1 -> 7 | X12: =EDATE(X11,1) -> 44501 | Y12: =AA11-AB11 -> 12839.017 | Z12: =IF($AB$3="",0,Y12*$AB$3/12) -> 180.17421 | AA12: =SUM(Y12:Z12) -> 13019.192 | AB12: =IF(AA12=0,0,IF(AA12<AB11,AA12,AB11)) -> 340 | AD12: =AD11+1 -> 7 | AE12: =EDATE(AE11,1) -> 44501 | AF12: =AH11-AI11 -> 1073.7898 | AG12: =IF($AI$3="",0,AF12*$AI$3/12) -> 13.99506 | AH12: =SUM(AF12:AG12) -> 1087.7848 | AI12: =IF(AH12=0,0,IF(AH12<AI11,AH12,AI11)) -> 36 | AK12: =AK11+1 -> 7 | AL12: =EDATE(AL11,1) -> 44501 | AM12: =AO11-AP11 -> 0 | AN12: =IF($AP$3="",0,AM12*$AP$3/12) -> 0 | AO12: =SUM(AM12:AN12) -> 0 | AP12: =IF(AO12=0,0,IF(AO12<AP11,AO12,AP11)) -> 0 | AR12: =AR11+1 -> 7 | AS12: =EDATE(AS11,1) -> 44501 | AT12: =AV11-AW11 -> 0 | AU12: =IF($AW$3="",0,AT12*$AW$3/12) -> 0 | AV12: =SUM(AT12:AU12) -> 0 | AW12: =IF(AV12=0,0,IF(AV12<AW11,AV12,AW11)) -> 0 | AY12: =AY11+1 -> 7 | AZ12: =EDATE(AZ11,1) -> 44501 | BA12: =BC11-BD11 -> 0 | BB12: =IF($BD$3="",0,BA12*$BD$3/12) -> 0 | BC12: =SUM(BA12:BB12) -> 0 | BD12: =IF(BC12=0,0,IF(BC12<BD11,BC12,BD11)) -> 0 | BF12: =BF11+1 -> 7 | BG12: =EDATE(BG11,1) -> 44501 | BH12: =BJ11-BK11 -> 0 | BI12: =IF($BK$3="",0,BH12*$BK$3/12) -> 0 | BJ12: =SUM(BH12:BI12) -> 0 | BK12: =IF(BJ12=0,0,IF(BJ12<BK11,BJ12,BK11)) -> 0 | BM12: =BM11+1 -> 7 | BN12: =EDATE(BN11,1) -> 44501 | BO12: =BQ11-BR11 -> 0 | BP12: =IF($BR$3="",0,BO12*$BR$3/12) -> 0 | BQ12: =SUM(BO12:BP12) -> 0 | BR12: =IF(BQ12=0,0,IF(BQ12<BR11,BQ12,BR11)) -> 0 | BT12: =BT11+1 -> 7 | BU12: =EDATE(BU11,1) -> 44501 | BV12: =D12+K12+R12+Y12+AF12+AM12+AT12+BA12+BH12+BO12 -> 23762.05 | BW12: =E12+L12+S12+Z12+AG12+AN12+AU12+BB12+BI12+BP12 -> 368.41188 | BX12: =F12+M12+T12+AA12+AH12+AO12+AV12+BC12+BJ12+BQ12 -> 24130.462 | BY12: =G12+N12+U12+AB12+AI12+AP12+AW12+BD12+BK12+BR12 -> 624
B13: =B12+1 -> 8 | C13: =EDATE(C12,1) -> 44531 | D13: =F12-G12 -> 2811.7038 | E13: =IF($G$3="",0,D13*$G$3/12) -> 69.238207 | F13: =SUM(D13:E13) -> 2880.942 | G13: =IF(F13=0,0,IF(F13<G12,F13,G12)) -> 88 | I13: =I12+1 -> 8 | J13: =EDATE(J12,1) -> 44531 | K13: =M12-N12 -> 659.49661 | L13: =IF($N$3="",0,K13*$N$3/12) -> 13.195428 | M13: =SUM(K13:L13) -> 672.69203 | N13: =IF(M13=0,0,IF(M13<N12,M13,N12)) -> 40 | P13: =P12+1 -> 8 | Q13: =EDATE(Q12,1) -> 44531 | R13: =T12-U12 -> 6304.285 | S13: =R13*$U$3/12 -> 90.413955 | T13: =SUM(R13:S13) -> 6394.699 | U13: =IF(T13=0,0,IF(T13<U12,T13,U12)) -> 120 | W13: =W12+1 -> 8 | X13: =EDATE(X12,1) -> 44531 | Y13: =AA12-AB12 -> 12679.192 | Z13: =IF($AB$3="",0,Y13*$AB$3/12) -> 177.93132 | AA13: =SUM(Y13:Z13) -> 12857.123 | AB13: =IF(AA13=0,0,IF(AA13<AB12,AA13,AB12)) -> 340 | AD13: =AD12+1 -> 8 | AE13: =EDATE(AE12,1) -> 44531 | AF13: =AH12-AI12 -> 1051.7848 | AG13: =IF($AI$3="",0,AF13*$AI$3/12) -> 13.708262 | AH13: =SUM(AF13:AG13) -> 1065.4931 | AI13: =IF(AH13=0,0,IF(AH13<AI12,AH13,AI12)) -> 36 | AK13: =AK12+1 -> 8 | AL13: =EDATE(AL12,1) -> 44531 | AM13: =AO12-AP12 -> 0 | AN13: =IF($AP$3="",0,AM13*$AP$3/12) -> 0 | AO13: =SUM(AM13:AN13) -> 0 | AP13: =IF(AO13=0,0,IF(AO13<AP12,AO13,AP12)) -> 0 | AR13: =AR12+1 -> 8 | AS13: =EDATE(AS12,1) -> 44531 | AT13: =AV12-AW12 -> 0 | AU13: =IF($AW$3="",0,AT13*$AW$3/12) -> 0 | AV13: =SUM(AT13:AU13) -> 0 | AW13: =IF(AV13=0,0,IF(AV13<AW12,AV13,AW12)) -> 0 | AY13: =AY12+1 -> 8 | AZ13: =EDATE(AZ12,1) -> 44531 | BA13: =BC12-BD12 -> 0 | BB13: =IF($BD$3="",0,BA13*$BD$3/12) -> 0 | BC13: =SUM(BA13:BB13) -> 0 | BD13: =IF(BC13=0,0,IF(BC13<BD12,BC13,BD12)) -> 0 | BF13: =BF12+1 -> 8 | BG13: =EDATE(BG12,1) -> 44531 | BH13: =BJ12-BK12 -> 0 | BI13: =IF($BK$3="",0,BH13*$BK$3/12) -> 0 | BJ13: =SUM(BH13:BI13) -> 0 | BK13: =IF(BJ13=0,0,IF(BJ13<BK12,BJ13,BK12)) -> 0 | BM13: =BM12+1 -> 8 | BN13: =EDATE(BN12,1) -> 44531 | BO13: =BQ12-BR12 -> 0 | BP13: =IF($BR$3="",0,BO13*$BR$3/12) -> 0 | BQ13: =SUM(BO13:BP13) -> 0 | BR13: =IF(BQ13=0,0,IF(BQ13<BR12,BQ13,BR12)) -> 0 | BT13: =BT12+1 -> 8 | BU13: =EDATE(BU12,1) -> 44531 | BV13: =D13+K13+R13+Y13+AF13+AM13+AT13+BA13+BH13+BO13 -> 23506.462 | BW13: =E13+L13+S13+Z13+AG13+AN13+AU13+BB13+BI13+BP13 -> 364.48717 | BX13: =F13+M13+T13+AA13+AH13+AO13+AV13+BC13+BJ13+BQ13 -> 23870.949 | BY13: =G13+N13+U13+AB13+AI13+AP13+AW13+BD13+BK13+BR13 -> 624
B14: =B13+1 -> 9 | C14: =EDATE(C13,1) -> 44562 | D14: =F13-G13 -> 2792.942 | E14: =IF($G$3="",0,D14*$G$3/12) -> 68.776198 | F14: =SUM(D14:E14) -> 2861.7182 | G14: =IF(F14=0,0,IF(F14<G13,F14,G13)) -> 88 | I14: =I13+1 -> 9 | J14: =EDATE(J13,1) -> 44562 | K14: =M13-N13 -> 632.69203 | L14: =IF($N$3="",0,K14*$N$3/12) -> 12.659113 | M14: =SUM(K14:L14) -> 645.35115 | N14: =IF(M14=0,0,IF(M14<N13,M14,N13)) -> 40 | P14: =P13+1 -> 9 | Q14: =EDATE(Q13,1) -> 44562 | R14: =T13-U13 -> 6274.699 | S14: =R14*$U$3/12 -> 89.989642 | T14: =SUM(R14:S14) -> 6364.6886 | U14: =IF(T14=0,0,IF(T14<U13,T14,U13)) -> 120 | W14: =W13+1 -> 9 | X14: =EDATE(X13,1) -> 44562 | Y14: =AA13-AB13 -> 12517.123 | Z14: =IF($AB$3="",0,Y14*$AB$3/12) -> 175.65696 | AA14: =SUM(Y14:Z14) -> 12692.78 | AB14: =IF(AA14=0,0,IF(AA14<AB13,AA14,AB13)) -> 340 | AD14: =AD13+1 -> 9 | AE14: =EDATE(AE13,1) -> 44562 | AF14: =AH13-AI13 -> 1029.4931 | AG14: =IF($AI$3="",0,AF14*$AI$3/12) -> 13.417727 | AH14: =SUM(AF14:AG14) -> 1042.9108 | AI14: =IF(AH14=0,0,IF(AH14<AI13,AH14,AI13)) -> 36 | AK14: =AK13+1 -> 9 | AL14: =EDATE(AL13,1) -> 44562 | AM14: =AO13-AP13 -> 0 | AN14: =IF($AP$3="",0,AM14*$AP$3/12) -> 0 | AO14: =SUM(AM14:AN14) -> 0 | AP14: =IF(AO14=0,0,IF(AO14<AP13,AO14,AP13)) -> 0 | AR14: =AR13+1 -> 9 | AS14: =EDATE(AS13,1) -> 44562 | AT14: =AV13-AW13 -> 0 | AU14: =IF($AW$3="",0,AT14*$AW$3/12) -> 0 | AV14: =SUM(AT14:AU14) -> 0 | AW14: =IF(AV14=0,0,IF(AV14<AW13,AV14,AW13)) -> 0 | AY14: =AY13+1 -> 9 | AZ14: =EDATE(AZ13,1) -> 44562 | BA14: =BC13-BD13 -> 0 | BB14: =IF($BD$3="",0,BA14*$BD$3/12) -> 0 | BC14: =SUM(BA14:BB14) -> 0 | BD14: =IF(BC14=0,0,IF(BC14<BD13,BC14,BD13)) -> 0 | BF14: =BF13+1 -> 9 | BG14: =EDATE(BG13,1) -> 44562 | BH14: =BJ13-BK13 -> 0 | BI14: =IF($BK$3="",0,BH14*$BK$3/12) -> 0 | BJ14: =SUM(BH14:BI14) -> 0 | BK14: =IF(BJ14=0,0,IF(BJ14<BK13,BJ14,BK13)) -> 0 | BM14: =BM13+1 -> 9 | BN14: =EDATE(BN13,1) -> 44562 | BO14: =BQ13-BR13 -> 0 | BP14: =IF($BR$3="",0,BO14*$BR$3/12) -> 0 | BQ14: =SUM(BO14:BP14) -> 0 | BR14: =IF(BQ14=0,0,IF(BQ14<BR13,BQ14,BR13)) -> 0 | BT14: =BT13+1 -> 9 | BU14: =EDATE(BU13,1) -> 44562 | BV14: =D14+K14+R14+Y14+AF14+AM14+AT14+BA14+BH14+BO14 -> 23246.949 | BW14: =E14+L14+S14+Z14+AG14+AN14+AU14+BB14+BI14+BP14 -> 360.49964 | BX14: =F14+M14+T14+AA14+AH14+AO14+AV14+BC14+BJ14+BQ14 -> 23607.449 | BY14: =G14+N14+U14+AB14+AI14+AP14+AW14+BD14+BK14+BR14 -> 624
B15: =B14+1 -> 10 | C15: =EDATE(C14,1) -> 44593 | D15: =F14-G14 -> 2773.7182 | E15: =IF($G$3="",0,D15*$G$3/12) -> 68.302812 | F15: =SUM(D15:E15) -> 2842.0211 | G15: =IF(F15=0,0,IF(F15<G14,F15,G14)) -> 88 | I15: =I14+1 -> 10 | J15: =EDATE(J14,1) -> 44593 | K15: =M14-N14 -> 605.35115 | L15: =IF($N$3="",0,K15*$N$3/12) -> 12.112068 | M15: =SUM(K15:L15) -> 617.46321 | N15: =IF(M15=0,0,IF(M15<N14,M15,N14)) -> 40 | P15: =P14+1 -> 10 | Q15: =EDATE(Q14,1) -> 44593 | R15: =T14-U14 -> 6244.6886 | S15: =R15*$U$3/12 -> 89.559243 | T15: =SUM(R15:S15) -> 6334.2479 | U15: =IF(T15=0,0,IF(T15<U14,T15,U14)) -> 120 | W15: =W14+1 -> 10 | X15: =EDATE(X14,1) -> 44593 | Y15: =AA14-AB14 -> 12352.78 | Z15: =IF($AB$3="",0,Y15*$AB$3/12) -> 173.35068 | AA15: =SUM(Y15:Z15) -> 12526.131 | AB15: =IF(AA15=0,0,IF(AA15<AB14,AA15,AB14)) -> 340 | AD15: =AD14+1 -> 10 | AE15: =EDATE(AE14,1) -> 44593 | AF15: =AH14-AI14 -> 1006.9108 | AG15: =IF($AI$3="",0,AF15*$AI$3/12) -> 13.123404 | AH15: =SUM(AF15:AG15) -> 1020.0342 | AI15: =IF(AH15=0,0,IF(AH15<AI14,AH15,AI14)) -> 36 | AK15: =AK14+1 -> 10 | AL15: =EDATE(AL14,1) -> 44593 | AM15: =AO14-AP14 -> 0 | AN15: =IF($AP$3="",0,AM15*$AP$3/12) -> 0 | AO15: =SUM(AM15:AN15) -> 0 | AP15: =IF(AO15=0,0,IF(AO15<AP14,AO15,AP14)) -> 0 | AR15: =AR14+1 -> 10 | AS15: =EDATE(AS14,1) -> 44593 | AT15: =AV14-AW14 -> 0 | AU15: =IF($AW$3="",0,AT15*$AW$3/12) -> 0 | AV15: =SUM(AT15:AU15) -> 0 | AW15: =IF(AV15=0,0,IF(AV15<AW14,AV15,AW14)) -> 0 | AY15: =AY14+1 -> 10 | AZ15: =EDATE(AZ14,1) -> 44593 | BA15: =BC14-BD14 -> 0 | BB15: =IF($BD$3="",0,BA15*$BD$3/12) -> 0 | BC15: =SUM(BA15:BB15) -> 0 | BD15: =IF(BC15=0,0,IF(BC15<BD14,BC15,BD14)) -> 0 | BF15: =BF14+1 -> 10 | BG15: =EDATE(BG14,1) -> 44593 | BH15: =BJ14-BK14 -> 0 | BI15: =IF($BK$3="",0,BH15*$BK$3/12) -> 0 | BJ15: =SUM(BH15:BI15) -> 0 | BK15: =IF(BJ15=0,0,IF(BJ15<BK14,BJ15,BK14)) -> 0 | BM15: =BM14+1 -> 10 | BN15: =EDATE(BN14,1) -> 44593 | BO15: =BQ14-BR14 -> 0 | BP15: =IF($BR$3="",0,BO15*$BR$3/12) -> 0 | BQ15: =SUM(BO15:BP15) -> 0 | BR15: =IF(BQ15=0,0,IF(BQ15<BR14,BQ15,BR14)) -> 0 | BT15: =BT14+1 -> 10 | BU15: =EDATE(BU14,1) -> 44593 | BV15: =D15+K15+R15+Y15+AF15+AM15+AT15+BA15+BH15+BO15 -> 22983.449 | BW15: =E15+L15+S15+Z15+AG15+AN15+AU15+BB15+BI15+BP15 -> 356.44821 | BX15: =F15+M15+T15+AA15+AH15+AO15+AV15+BC15+BJ15+BQ15 -> 23339.897 | BY15: =G15+N15+U15+AB15+AI15+AP15+AW15+BD15+BK15+BR15 -> 624
B16: =B15+1 -> 11 | C16: =EDATE(C15,1) -> 44621 | D16: =F15-G15 -> 2754.0211 | E16: =IF($G$3="",0,D16*$G$3/12) -> 67.817768 | F16: =SUM(D16:E16) -> 2821.8388 | G16: =IF(F16=0,0,IF(F16<G15,F16,G15)) -> 88 | I16: =I15+1 -> 11 | J16: =EDATE(J15,1) -> 44621 | K16: =M15-N15 -> 577.46321 | L16: =IF($N$3="",0,K16*$N$3/12) -> 11.554076 | M16: =SUM(K16:L16) -> 589.01729 | N16: =IF(M16=0,0,IF(M16<N15,M16,N15)) -> 40 | P16: =P15+1 -> 11 | Q16: =EDATE(Q15,1) -> 44621 | R16: =T15-U15 -> 6214.2479 | S16: =R16*$U$3/12 -> 89.122672 | T16: =SUM(R16:S16) -> 6303.3706 | U16: =IF(T16=0,0,IF(T16<U15,T16,U15)) -> 120 | W16: =W15+1 -> 11 | X16: =EDATE(X15,1) -> 44621 | Y16: =AA15-AB15 -> 12186.131 | Z16: =IF($AB$3="",0,Y16*$AB$3/12) -> 171.01203 | AA16: =SUM(Y16:Z16) -> 12357.143 | AB16: =IF(AA16=0,0,IF(AA16<AB15,AA16,AB15)) -> 340 | AD16: =AD15+1 -> 11 | AE16: =EDATE(AE15,1) -> 44621 | AF16: =AH15-AI15 -> 984.03422 | AG16: =IF($AI$3="",0,AF16*$AI$3/12) -> 12.825246 | AH16: =SUM(AF16:AG16) -> 996.85947 | AI16: =IF(AH16=0,0,IF(AH16<AI15,AH16,AI15)) -> 36 | AK16: =AK15+1 -> 11 | AL16: =EDATE(AL15,1) -> 44621 | AM16: =AO15-AP15 -> 0 | AN16: =IF($AP$3="",0,AM16*$AP$3/12) -> 0 | AO16: =SUM(AM16:AN16) -> 0 | AP16: =IF(AO16=0,0,IF(AO16<AP15,AO16,AP15)) -> 0 | AR16: =AR15+1 -> 11 | AS16: =EDATE(AS15,1) -> 44621 | AT16: =AV15-AW15 -> 0 | AU16: =IF($AW$3="",0,AT16*$AW$3/12) -> 0 | AV16: =SUM(AT16:AU16) -> 0 | AW16: =IF(AV16=0,0,IF(AV16<AW15,AV16,AW15)) -> 0 | AY16: =AY15+1 -> 11 | AZ16: =EDATE(AZ15,1) -> 44621 | BA16: =BC15-BD15 -> 0 | BB16: =IF($BD$3="",0,BA16*$BD$3/12) -> 0 | BC16: =SUM(BA16:BB16) -> 0 | BD16: =IF(BC16=0,0,IF(BC16<BD15,BC16,BD15)) -> 0 | BF16: =BF15+1 -> 11 | BG16: =EDATE(BG15,1) -> 44621 | BH16: =BJ15-BK15 -> 0 | BI16: =IF($BK$3="",0,BH16*$BK$3/12) -> 0 | BJ16: =SUM(BH16:BI16) -> 0 | BK16: =IF(BJ16=0,0,IF(BJ16<BK15,BJ16,BK15)) -> 0 | BM16: =BM15+1 -> 11 | BN16: =EDATE(BN15,1) -> 44621 | BO16: =BQ15-BR15 -> 0 | BP16: =IF($BR$3="",0,BO16*$BR$3/12) -> 0 | BQ16: =SUM(BO16:BP16) -> 0 | BR16: =IF(BQ16=0,0,IF(BQ16<BR15,BQ16,BR15)) -> 0 | BT16: =BT15+1 -> 11 | BU16: =EDATE(BU15,1) -> 44621 | BV16: =D16+K16+R16+Y16+AF16+AM16+AT16+BA16+BH16+BO16 -> 22715.897 | BW16: =E16+L16+S16+Z16+AG16+AN16+AU16+BB16+BI16+BP16 -> 352.3318 | BX16: =F16+M16+T16+AA16+AH16+AO16+AV16+BC16+BJ16+BQ16 -> 23068.229 | BY16: =G16+N16+U16+AB16+AI16+AP16+AW16+BD16+BK16+BR16 -> 624
B17: =B16+1 -> 12 | C17: =EDATE(C16,1) -> 44652 | D17: =F16-G16 -> 2733.8388 | E17: =IF($G$3="",0,D17*$G$3/12) -> 67.320781 | F17: =SUM(D17:E17) -> 2801.1596 | G17: =IF(F17=0,0,IF(F17<G16,F17,G16)) -> 88 | I17: =I16+1 -> 12 | J17: =EDATE(J16,1) -> 44652 | K17: =M16-N16 -> 549.01729 | L17: =IF($N$3="",0,K17*$N$3/12) -> 10.984921 | M17: =SUM(K17:L17) -> 560.00221 | N17: =IF(M17=0,0,IF(M17<N16,M17,N16)) -> 40 | P17: =P16+1 -> 12 | Q17: =EDATE(Q16,1) -> 44652 | R17: =T16-U16 -> 6183.3706 | S17: =R17*$U$3/12 -> 88.679839 | T17: =SUM(R17:S17) -> 6272.0504 | U17: =IF(T17=0,0,IF(T17<U16,T17,U16)) -> 120 | W17: =W16+1 -> 12 | X17: =EDATE(X16,1) -> 44652 | Y17: =AA16-AB16 -> 12017.143 | Z17: =IF($AB$3="",0,Y17*$AB$3/12) -> 168.64057 | AA17: =SUM(Y17:Z17) -> 12185.783 | AB17: =IF(AA17=0,0,IF(AA17<AB16,AA17,AB16)) -> 340 | AD17: =AD16+1 -> 12 | AE17: =EDATE(AE16,1) -> 44652 | AF17: =AH16-AI16 -> 960.85947 | AG17: =IF($AI$3="",0,AF17*$AI$3/12) -> 12.523202 | AH17: =SUM(AF17:AG17) -> 973.38267 | AI17: =IF(AH17=0,0,IF(AH17<AI16,AH17,AI16)) -> 36 | AK17: =AK16+1 -> 12 | AL17: =EDATE(AL16,1) -> 44652 | AM17: =AO16-AP16 -> 0 | AN17: =IF($AP$3="",0,AM17*$AP$3/12) -> 0 | AO17: =SUM(AM17:AN17) -> 0 | AP17: =IF(AO17=0,0,IF(AO17<AP16,AO17,AP16)) -> 0 | AR17: =AR16+1 -> 12 | AS17: =EDATE(AS16,1) -> 44652 | AT17: =AV16-AW16 -> 0 | AU17: =IF($AW$3="",0,AT17*$AW$3/12) -> 0 | AV17: =SUM(AT17:AU17) -> 0 | AW17: =IF(AV17=0,0,IF(AV17<AW16,AV17,AW16)) -> 0 | AY17: =AY16+1 -> 12 | AZ17: =EDATE(AZ16,1) -> 44652 | BA17: =BC16-BD16 -> 0 | BB17: =IF($BD$3="",0,BA17*$BD$3/12) -> 0 | BC17: =SUM(BA17:BB17) -> 0 | BD17: =IF(BC17=0,0,IF(BC17<BD16,BC17,BD16)) -> 0 | BF17: =BF16+1 -> 12 | BG17: =EDATE(BG16,1) -> 44652 | BH17: =BJ16-BK16 -> 0 | BI17: =IF($BK$3="",0,BH17*$BK$3/12) -> 0 | BJ17: =SUM(BH17:BI17) -> 0 | BK17: =IF(BJ17=0,0,IF(BJ17<BK16,BJ17,BK16)) -> 0 | BM17: =BM16+1 -> 12 | BN17: =EDATE(BN16,1) -> 44652 | BO17: =BQ16-BR16 -> 0 | BP17: =IF($BR$3="",0,BO17*$BR$3/12) -> 0 | BQ17: =SUM(BO17:BP17) -> 0 | BR17: =IF(BQ17=0,0,IF(BQ17<BR16,BQ17,BR16)) -> 0 | BT17: =BT16+1 -> 12 | BU17: =EDATE(BU16,1) -> 44652 | BV17: =D17+K17+R17+Y17+AF17+AM17+AT17+BA17+BH17+BO17 -> 22444.229 | BW17: =E17+L17+S17+Z17+AG17+AN17+AU17+BB17+BI17+BP17 -> 348.14931 | BX17: =F17+M17+T17+AA17+AH17+AO17+AV17+BC17+BJ17+BQ17 -> 22792.378 | BY17: =G17+N17+U17+AB17+AI17+AP17+AW17+BD17+BK17+BR17 -> 624
B18: =B17+1 -> 13 | C18: =EDATE(C17,1) -> 44682 | D18: =F17-G17 -> 2713.1596 | E18: =IF($G$3="",0,D18*$G$3/12) -> 66.811555 | F18: =SUM(D18:E18) -> 2779.9712 | G18: =IF(F18=0,0,IF(F18<G17,F18,G17)) -> 88 | I18: =I17+1 -> 13 | J18: =EDATE(J17,1) -> 44682 | K18: =M17-N17 -> 520.00221 | L18: =IF($N$3="",0,K18*$N$3/12) -> 10.404378 | M18: =SUM(K18:L18) -> 530.40659 | N18: =IF(M18=0,0,IF(M18<N17,M18,N17)) -> 40 | P18: =P17+1 -> 13 | Q18: =EDATE(Q17,1) -> 44682 | R18: =T17-U17 -> 6152.0504 | S18: =R18*$U$3/12 -> 88.230656 | T18: =SUM(R18:S18) -> 6240.2811 | U18: =IF(T18=0,0,IF(T18<U17,T18,U17)) -> 120 | W18: =W17+1 -> 13 | X18: =EDATE(X17,1) -> 44682 | Y18: =AA17-AB17 -> 11845.783 | Z18: =IF($AB$3="",0,Y18*$AB$3/12) -> 166.23582 | AA18: =SUM(Y18:Z18) -> 12012.019 | AB18: =IF(AA18=0,0,IF(AA18<AB17,AA18,AB17)) -> 340 | AD18: =AD17+1 -> 13 | AE18: =EDATE(AE17,1) -> 44682 | AF18: =AH17-AI17 -> 937.38267 | AG18: =IF($AI$3="",0,AF18*$AI$3/12) -> 12.217221 | AH18: =SUM(AF18:AG18) -> 949.59989 | AI18: =IF(AH18=0,0,IF(AH18<AI17,AH18,AI17)) -> 36 | AK18: =AK17+1 -> 13 | AL18: =EDATE(AL17,1) -> 44682 | AM18: =AO17-AP17 -> 0 | AN18: =IF($AP$3="",0,AM18*$AP$3/12) -> 0 | AO18: =SUM(AM18:AN18) -> 0 | AP18: =IF(AO18=0,0,IF(AO18<AP17,AO18,AP17)) -> 0 | AR18: =AR17+1 -> 13 | AS18: =EDATE(AS17,1) -> 44682 | AT18: =AV17-AW17 -> 0 | AU18: =IF($AW$3="",0,AT18*$AW$3/12) -> 0 | AV18: =SUM(AT18:AU18) -> 0 | AW18: =IF(AV18=0,0,IF(AV18<AW17,AV18,AW17)) -> 0 | AY18: =AY17+1 -> 13 | AZ18: =EDATE(AZ17,1) -> 44682 | BA18: =BC17-BD17 -> 0 | BB18: =IF($BD$3="",0,BA18*$BD$3/12) -> 0 | BC18: =SUM(BA18:BB18) -> 0 | BD18: =IF(BC18=0,0,IF(BC18<BD17,BC18,BD17)) -> 0 | BF18: =BF17+1 -> 13 | BG18: =EDATE(BG17,1) -> 44682 | BH18: =BJ17-BK17 -> 0 | BI18: =IF($BK$3="",0,BH18*$BK$3/12) -> 0 | BJ18: =SUM(BH18:BI18) -> 0 | BK18: =IF(BJ18=0,0,IF(BJ18<BK17,BJ18,BK17)) -> 0 | BM18: =BM17+1 -> 13 | BN18: =EDATE(BN17,1) -> 44682 | BO18: =BQ17-BR17 -> 0 | BP18: =IF($BR$3="",0,BO18*$BR$3/12) -> 0 | BQ18: =SUM(BO18:BP18) -> 0 | BR18: =IF(BQ18=0,0,IF(BQ18<BR17,BQ18,BR17)) -> 0 | BT18: =BT17+1 -> 13 | BU18: =EDATE(BU17,1) -> 44682 | BV18: =D18+K18+R18+Y18+AF18+AM18+AT18+BA18+BH18+BO18 -> 22168.378 | BW18: =E18+L18+S18+Z18+AG18+AN18+AU18+BB18+BI18+BP18 -> 343.89963 | BX18: =F18+M18+T18+AA18+AH18+AO18+AV18+BC18+BJ18+BQ18 -> 22512.278 | BY18: =G18+N18+U18+AB18+AI18+AP18+AW18+BD18+BK18+BR18 -> 624
... B125: =B124+1 -> 120 | C125: =EDATE(C124,1) -> 47939 | D125: =F124-G124 -> 0 | E125: =IF($G$3="",0,D125*$G$3/12) -> 0 | F125: =SUM(D125:E125) -> 0 | G125: =IF(F125=0,0,IF(F125<G124,F125,G124)) -> 0 | I125: =I124+1 -> 120 | J125: =EDATE(J124,1) -> 47939 | K125: =M124-N124 -> 0 | L125: =IF($N$3="",0,K125*$N$3/12) -> 0 | M125: =SUM(K125:L125) -> 0 | N125: =IF(M125=0,0,IF(M125<N124,M125,N124)) -> 0 | P125: =P124+1 -> 120 | Q125: =EDATE(Q124,1) -> 47939 | R125: =T124-U124 -> 0 | S125: =R125*$U$3/12 -> 0 | T125: =SUM(R125:S125) -> 0 | U125: =IF(T125=0,0,IF(T125<U124,T125,U124)) -> 0 | W125: =W124+1 -> 120 | X125: =EDATE(X124,1) -> 47939 | Y125: =AA124-AB124 -> 0 | Z125: =IF($AB$3="",0,Y125*$AB$3/12) -> 0 | AA125: =SUM(Y125:Z125) -> 0 | AB125: =IF(AA125=0,0,IF(AA125<AB124,AA125,AB124)) -> 0 | AD125: =AD124+1 -> 120 | AE125: =EDATE(AE124,1) -> 47939 | AF125: =AH124-AI124 -> 0 | AG125: =IF($AI$3="",0,AF125*$AI$3/12) -> 0 | AH125: =SUM(AF125:AG125) -> 0 | AI125: =IF(AH125=0,0,IF(AH125<AI124,AH125,AI124)) -> 0 | AK125: =AK124+1 -> 120 | AL125: =EDATE(AL124,1) -> 47939 | AM125: =AO124-AP124 -> 0 | AN125: =IF($AP$3="",0,AM125*$AP$3/12) -> 0 | AO125: =SUM(AM125:AN125) -> 0 | AP125: =IF(AO125=0,0,IF(AO125<AP124,AO125,AP124)) -> 0 | AR125: =AR124+1 -> 120 | AS125: =EDATE(AS124,1) -> 47939 | AT125: =AV124-AW124 -> 0 | AU125: =IF($AW$3="",0,AT125*$AW$3/12) -> 0 | AV125: =SUM(AT125:AU125) -> 0 | AW125: =IF(AV125=0,0,IF(AV125<AW124,AV125,AW124)) -> 0 | AY125: =AY124+1 -> 120 | AZ125: =EDATE(AZ124,1) -> 47939 | BA125: =BC124-BD124 -> 0 | BB125: =IF($BD$3="",0,BA125*$BD$3/12) -> 0 | BC125: =SUM(BA125:BB125) -> 0 | BD125: =IF(BC125=0,0,IF(BC125<BD124,BC125,BD124)) -> 0 | BF125: =BF124+1 -> 120 | BG125: =EDATE(BG124,1) -> 47939 | BH125: =BJ124-BK124 -> 0 | BI125: =IF($BK$3="",0,BH125*$BK$3/12) -> 0 | BJ125: =SUM(BH125:BI125) -> 0 | BK125: =IF(BJ125=0,0,IF(BJ125<BK124,BJ125,BK124)) -> 0 | BM125: =BM124+1 -> 120 | BN125: =EDATE(BN124,1) -> 47939 | BO125: =BQ124-BR124 -> 0 | BP125: =IF($BR$3="",0,BO125*$BR$3/12) -> 0 | BQ125: =SUM(BO125:BP125) -> 0 | BR125: =IF(BQ125=0,0,IF(BQ125<BR124,BQ125,BR124)) -> 0 | BT125: =BT124+1 -> 120 | BU125: =EDATE(BU124,1) -> 47939 | BV125: =D125+K125+R125+Y125+AF125+AM125+AT125+BA125+BH125+BO125 -> 0 | BW125: =E125+L125+S125+Z125+AG125+AN125+AU125+BB125+BI125+BP125 -> 0 | BX125: =F125+M125+T125+AA125+AH125+AO125+AV125+BC125+BJ125+BQ125 -> 0 | BY125: =G125+N125+U125+AB125+AI125+AP125+AW125+BD125+BK125+BR125 -> 0
E126: =SUM(E6:E125) -> 3276.0495 | G126: =SUM(G6:G125) -> 6207.0495 | L126: =SUM(L6:L125) -> 255.35527 | N126: =SUM(N6:N125) -> 1088.3253 | S126: =SUM(S6:S125) -> 6139.7014 | U126: =SUM(U6:U125) -> 12639.701 | Z126: =SUM(Z6:Z125) -> 6704.5777 | AB126: =SUM(AB6:AB125) -> 20457.158 | AG126: =SUM(AG6:AG125) -> 384.51765 | AI126: =SUM(AI6:AI125) -> 1584.5176 | AN126: =SUM(AN6:AN125) -> 0 | AP126: =SUM(AP6:AP125) -> 0 | AU126: =SUM(AU6:AU125) -> 0 | AW126: =SUM(AW6:AW125) -> 0 | BB126: =SUM(BB6:BB125) -> 0 | BD126: =SUM(BD6:BD125) -> 0 | BI126: =SUM(BI6:BI125) -> 0 | BK126: =SUM(BK6:BK125) -> 0 | BP126: =SUM(BP6:BP125) -> 0 | BR126: =SUM(BR6:BR125) -> 0 | BW126: =SUM(BW6:BW125) -> 16760.202 | BY126: =SUM(BY6:BY125) -> 41976.752

Sheet Extra Payment Schedule
B1: =Summary!AI3 -> American Express | K1: =Summary!AI4 -> Discover | T1: =Summary!AI5 -> Chase | AC1: =Summary!AI6 -> Citi Bank | AL1: =Summary!AI7 -> Bank of America | AU1: =Summary!AI8 | BD1: =Summary!AI9 | BM1: =Summary!AI10 | BV1: =Summary!AI11 | CE1: =Summary!AI12 | CN1: Total
B2: Beginning Balance | G2: =Summary!AJ3 -> 2931 | K2: Beginning Balance | P2: =Summary!AJ4 -> 832.97 | T2: Beginning Balance | Y2: =Summary!AJ5 -> 6500 | AC2: Beginning Balance | AH2: =Summary!AJ6 -> 13752.58 | AL2: Beginning Balance | AQ2: =Summary!AJ7 -> 1200 | AU2: Beginning Balance | AZ2: =Summary!AJ8 | BD2: Beginning Balance | BI2: =Summary!AJ9 | BM2: Beginning Balance | BR2: =Summary!AJ10 | BV2: Beginning Balance | CA2: =Summary!AJ11 | CE2: Beginning Balance | CJ2: =Summary!AJ12 | CN2: Beginning Balance | CS2: =G2+P2+Y2+AH2+AQ2+AZ2+BI2+BR2+CA2+CJ2 -> #VALUE!
B3: Annual Percentage Rate (APR) | G3: =Summary!AL3 -> 0.2955 | K3: Annual Percentage Rate (APR) | P3: =Summary!AL4 -> 0.2401 | T3: Annual Percentage Rate (APR) | Y3: =Summary!AL5 -> 0.1721 | AC3: Annual Percentage Rate (APR) | AH3: =Summary!AL6 -> 0.1684 | AL3: Annual Percentage Rate (APR) | AQ3: =Summary!AL7 -> 0.1564 | AU3: Annual Percentage Rate (APR) | AZ3: =Summary!AL8 | BD3: Annual Percentage Rate (APR) | BI3: =Summary!AL9 | BM3: Annual Percentage Rate (APR) | BR3: =Summary!AL10 | BV3: Annual Percentage Rate (APR) | CA3: =Summary!AL11 | CE3: Annual Percentage Rate (APR) | CJ3: =Summary!AL12 | CN3: Annual Percentage Rate (APR) | CS3: =AVERAGE(G3,P3,Y3,AH3,AQ3,AZ3,BI3,BR3,CA3,CJ3) -> 0.2065
B4: Minimum Payment | G4: =Summary!AK3 -> 88 | K4: Minimum Payment | P4: =Summary!AK4 -> 40 | T4: Minimum Payment | Y4: =Summary!AK5 -> 120 | AC4: Minimum Payment | AH4: =Summary!AK6 -> 340 | AL4: Minimum Payment | AQ4: =Summary!AK7 -> 36 | AU4: Minimum Payment | AZ4: =Summary!AK8 | BD4: Minimum Payment | BI4: =Summary!AK9 | BM4: Minimum Payment | BR4: =Summary!AK10 | BV4: Minimum Payment | CA4: =Summary!AK11 | CE4: Minimum Payment | CJ4: =Summary!AK12 | CN4: Minimum Payment | CS4: =G4+P4+Y4+AH4+AQ4+AZ4+BI4+BR4+CA4+CJ4 -> #VALUE!
B5: S. No. | C5: Month | D5: Starting Balance | E5: Finance Charges | F5: New Balance | G5: Minimum Payment | H5: Extra Payment | I5: Suggested Payment | K5: S. No. | L5: Month | M5: Starting Balance | N5: Finance Charges | O5: New Balance | P5: Minimum Payment | Q5: Extra Payment | R5: Suggested Payment | T5: S. No. | U5: Month | V5: Starting Balance | W5: Finance Charges | X5: New Balance | Y5: Minimum Payment | Z5: Extra Payment | AA5: Suggested Payment | AC5: S. No. | AD5: Month | AE5: Starting Balance | AF5: Finance Charges | AG5: New Balance | AH5: Minimum Payment | AI5: Extra Payment | AJ5: Suggested Payment | AL5: S. No. | AM5: Month | AN5: Starting Balance | AO5: Finance Charges | AP5: New Balance | AQ5: Minimum Payment | AR5: Extra Payment | AS5: Suggested Payment | AU5: S. No. | AV5: Month | AW5: Starting Balance | AX5: Finance Charges | AY5: New Balance | AZ5: Minimum Payment | BA5: Extra Payment | BB5: Suggested Payment | BD5: S. No. | BE5: Month | BF5: Starting Balance | BG5: Finance Charges | BH5: New Balance | BI5: Minimum Payment | BJ5: Extra Payment | BK5: Suggested Payment | BM5: S. No. | BN5: Month | BO5: Starting Balance | BP5: Finance Charges | BQ5: New Balance | BR5: Minimum Payment | BS5: Extra Payment | BT5: Suggested Payment | BV5: S. No. | BW5: Month | BX5: Starting Balance | BY5: Finance Charges | BZ5: New Balance | CA5: Minimum Payment | CB5: Extra Payment | CC5: Suggested Payment | CE5: S. No. | CF5: Month | CG5: Starting Balance | CH5: Finance Charges | CI5: New Balance | CJ5: Minimum Payment | CK5: Extra Payment | CL5: Suggested Payment | CN5: S. No. | CO5: Month | CP5: Starting Balance | CQ5: Finance Charges | CR5: New Balance | CS5: Minimum Payment | CT5: Extra Payment | CU5: Suggested Payment
B6: 1 | C6: =Summary!N3 -> 44317 | D6: =IF(G2="",0,G2) -> 2931 | E6: =IF($G$3="",0,D6*$G$3/12) -> 72.175875 | F6: =SUM(D6:E6) -> 3003.1759 | G6: =IF(G4="",0,G4) -> 88 | H6: =Summary!P8 -> 200 | I6: =SUM(G6:H6) -> 288 | K6: 1 | L6: =Summary!N3 -> 44317 | M6: =IF(P2="",0,P2) -> 832.97 | N6: =IF(P3="",0,M6*$P$3/12) -> 16.666341 | O6: =SUM(M6:N6) -> 849.63634 | P6: =IF(P4="",0,P4) -> 40 | Q6: =IF(H6+G6>0,0,IF((O6-P6)>=$G$4+Summary!$P$8,$G$4+Summary!$P$8,O6-P6)) -> 0 | R6: =SUM(P6:Q6) -> 40 | T6: 1 | U6: =Summary!N3 -> 44317 | V6: =IF(Y2="",0,Y2) -> 6500 | W6: =IF($Y$3="",0,V6*$Y$3/12) -> 93.220833 | X6: =SUM(V6:W6) -> 6593.2208 | Y6: =IF(Y4="",0,Y4) -> 120 | Z6: =IF(H6+Q6+P6+G6>0,0,IF((X6-Y6)>=$G$4+$P$4+Summary!$P$8,$G$4+$P$4+Summary!$P$8,X6-Y6)) -> 0 | AA6: =SUM(Y6:Z6) -> 120 | AC6: 1 | AD6: =Summary!N3 -> 44317 | AE6: =IF(AH2="",0,AH2) -> 13752.58 | AF6: =IF($AH$3="",0,AE6*$AH$3/12) -> 192.99454 | AG6: =SUM(AE6:AF6) -> 13945.575 | AH6: =IF(AH4="",0,AH4) -> 340 | AI6: =IF(H6+Q6+Z6+Y6+P6+G6>0,0,IF((AG6-AH6)>=$G$4+$P$4+$Y$4+Summary!$P$8,$G$4+$P$4+$Y$4+Summary!$P$8,AG6-AH6)) -> 0 | AJ6: =SUM(AH6:AI6) -> 340 | AL6: 1 | AM6: =Summary!N3 -> 44317 | AN6: =IF($AQ$2="",0,AQ2) -> 1200 | AO6: =IF($AQ$3="",0,AN6*$AQ$3/12) -> 15.64 | AP6: =SUM(AN6:AO6) -> 1215.64 | AQ6: =IF(AQ4="",0,AQ4) -> 36 | AR6: =IF(H6+Q6+Z6+AI6+AH6+Y6+P6+G6>0,0,IF((AP6-AQ6)>=$G$4+$P$4+$Y$4+$AH$4+Summary!$P$8,$G$4+$P$4+$Y$4+$AH$4+Summary!$P$8,AP6-AQ6)) -> 0 | AS6: =SUM(AQ6:AR6) -> 36 | AU6: 1 | AV6: =Summary!N3 -> 44317 | AW6: =IF(AZ2="",0,AZ2) -> 0 | AX6: =IF($AZ$3="",0,AW6*$AZ$3/12) -> 0 | AY6: =SUM(AW6:AX6) -> 0 | AZ6: =IF(AZ4="",0,AZ4) -> 0 | BA6: =IF(H6+Q6+Z6+AI6+AR6+AQ6+AH6+Y6+P6+G6>0,0,IF((AY6-AZ6)>=$G$4+$P$4+$Y$4+$AH$4+$AQ$4+Summary!$P$8,$G$4+$P$4+$Y$4+$AH$4+$AQ$4+Summary!$P$8,AY6-AZ6)) -> 0 | BB6: =SUM(AZ6:BA6) -> 0 | BD6: 1 | BE6: =Summary!N3 -> 44317 | BF6: =IF(BI2="",0,BI2) -> 0 | BG6: =IF($BI$3="",0,BF6*$BI$3/12) -> 0 | BH6: =SUM(BF6:BG6) -> 0 | BI6: =IF(BI4="",0,BI4) -> 0 | BJ6: =IF(H6+Q6+Z6+AI6+AR6+BA6+AZ6+AQ6+AH6+Y6+P6+G6>0,0,IF((BH6-BI6)>=$G$4+$P$4+$Y$4+$AH$4+$AQ$4+$AZ$4+Summary!$P$8,$G$4+$P$4+$Y$4+$AH$4+$AQ$4+$AZ$4+Summary!$P$8,BH6-BI6)) -> 0 | BK6: =SUM(BI6:BJ6) -> 0 | BM6: 1 | BN6: =Summary!N3 -> 44317 | BO6: =IF(BR2="",0,BR2) -> 0 | BP6: =IF($BR$3="",0,BO6*$BR$3/12) -> 0 | BQ6: =SUM(BO6:BP6) -> 0 | BR6: =IF(BR4="",0,BR4) -> 0 | BS6: =IF(H6+Q6+Z6+AI6+AR6+BA6+BJ6+BI6+AZ6+AQ6+AH6+Y6+P6+G6>0,0,IF((BQ6-BR6)>=$G$4+$P$4+$Y$4+$AH$4+$AQ$4+$AZ$4+$BI$4+Summary!$P$8,$G$4+$P$4+$Y$4+$AH$4+$AQ$4+$AZ$4+$BI$4+Summary!$P$8,BQ6-BR6)) -> 0 | BT6: =SUM(BR6:BS6) -> 0 | BV6: 1 | BW6: =Summary!N3 -> 44317 | BX6: =IF(CA2="",0,CA2) -> 0 | BY6: =IF($CA$3="",0,BX6*$CA$3/12) -> 0 | BZ6: =SUM(BX6:BY6) -> 0 | CA6: =IF(CA4="",0,CA4) -> 0 | CB6: =IF(H6+Q6+Z6+AI6+AR6+BA6+BJ6+BS6+BR6+BI6+AZ6+AQ6+AH6+Y6+P6+G6>0,0,IF((BZ6-CA6)>=$G$4+$P$4+$Y$4+$AH$4+$AQ$4+$AZ$4+$BI$4+$BR$4+Summary!$P$8,$G$4+$P$4+$Y$4+$AH$4+$AQ$4+$AZ$4+$BI$4+$BR$4+Summary!$P$8,BZ6-CA6)) -> 0 | CC6: =SUM(CA6:CB6) -> 0 | CE6: 1 | CF6: =Summary!N3 -> 44317 | CG6: =IF(CJ2="",0,CJ2) -> 0 | CH6: =IF($CJ$3="",0,CG6*$CJ$3/12) -> 0 | CI6: =SUM(CG6:CH6) -> 0 | CJ6: =IF(CJ4="",0,CJ4) -> 0 | CK6: =IF(H6+Q6+Z6+AI6+AR6+BA6+BJ6+BS6+CB6+CA6+BR6+BI6+AZ6+AQ6+AH6+Y6+P6+G6>0,0,IF((CI6-CJ6)>=$G$4+$P$4+$Y$4+$AH$4+$AQ$4+$AZ$4+$BI$4+$BR$4+$CA$4+Summary!$P$8,$G$4+$P$4+$Y$4+$AH$4+$AQ$4+$AZ$4+$BI$4+$BR$4+$CA$4+Summary!$P$8,CI6-CJ6)) -> 0 | CL6: =SUM(CJ6:CK6) -> 0 | CN6: 1 | CO6: =Summary!N3 -> 44317 | CP6: =D6+M6+V6+AE6+AN6+AW6+BF6+BO6+BX6+CG6 -> 25216.55 | CQ6: =E6+N6+W6+AF6+AO6+AX6+BG6+BP6+BY6+CH6 -> 390.69759 | CR6: =F6+O6+X6+AG6+AP6+AY6+BH6+BQ6+BZ6+CI6 -> 25607.248 | CS6: =G6+P6+Y6+AH6+AQ6+AZ6+BI6+BR6+CA6+CJ6 -> 624 | CT6: =H6+Q6+Z6+AI6+AR6+BA6+BJ6+BS6+CB6+CK6 -> 200 | CU6: =I6+R6+AA6+AJ6+AS6+BB6+BK6+BT6+CC6+CL6 -> 824 | CV6: =CO6 -> 44317
B7: =B6+1 -> 2 | C7: =EDATE(C6,1) -> 44348 | D7: =F6-I6 -> 2715.1759 | E7: =IF($G$3="",0,D7*$G$3/12) -> 66.861206 | F7: =SUM(D7:E7) -> 2782.0371 | G7: =IF(F7=0,0,IF(F7<G6,F7,G6)) -> 88 | H7: =IF((F7-G7)>=H6,H6,F7-G7) -> 200 | I7: =SUM(G7:H7) -> 288 | K7: =K6+1 -> 2 | L7: =EDATE(L6,1) -> 44348 | M7: =O6-R6 -> 809.63634 | N7: =IF(P4="",0,M7*$P$3/12) -> 16.199474 | O7: =SUM(M7:N7) -> 825.83582 | P7: =IF(O7=0,0,IF(O7<P6,O7,P6)) -> 40 | Q7: =IF(H7+G7>0,0,IF((O7-P7)>=$G$4+Summary!$P$8,$G$4+Summary!$P$8,O7-P7)) -> 0 | R7: =SUM(P7:Q7) -> 40 | T7: =T6+1 -> 2 | U7: =EDATE(U6,1) -> 44348 | V7: =X6-AA6 -> 6473.2208 | W7: =IF($Y$3="",0,V7*$Y$3/12) -> 92.836775 | X7: =SUM(V7:W7) -> 6566.0576 | Y7: =IF(X7=0,0,IF(X7<Y6,X7,Y6)) -> 120 | Z7: =IF(H7+Q7+P7+G7>0,0,IF((X7-Y7)>=$G$4+$P$4+Summary!$P$8,$G$4+$P$4+Summary!$P$8,X7-Y7)) -> 0 | AA7: =SUM(Y7:Z7) -> 120 | AC7: =AC6+1 -> 2 | AD7: =EDATE(AD6,1) -> 44348 | AE7: =AG6-AJ6 -> 13605.575 | AF7: =IF($AH$3="",0,AE7*$AH$3/12) -> 190.93156 | AG7: =SUM(AE7:AF7) -> 13796.506 | AH7: =IF(AG7=0,0,IF(AG7<AH6,AG7,AH6)) -> 340 | AI7: =IF(H7+Q7+Z7+Y7+P7+G7>0,0,IF((AG7-AH7)>=$G$4+$P$4+$Y$4+Summary!$P$8,$G$4+$P$4+$Y$4+Summary!$P$8,AG7-AH7)) -> 0 | AJ7: =SUM(AH7:AI7) -> 340 | AL7: =AL6+1 -> 2 | AM7: =EDATE(AM6,1) -> 44348 | AN7: =AP6-AS6 -> 1179.64 | AO7: =IF($AQ$3="",0,AN7*$AQ$3/12) -> 15.374641 | AP7: =SUM(AN7:AO7) -> 1195.0146 | AQ7: =IF(AP7=0,0,IF(AP7<AQ6,AP7,AQ6)) -> 36 | AR7: =IF(H7+Q7+Z7+AI7+AH7+Y7+P7+G7>0,0,IF((AP7-AQ7)>=$G$4+$P$4+$Y$4+$AH$4+Summary!$P$8,$G$4+$P$4+$Y$4+$AH$4+Summary!$P$8,AP7-AQ7)) -> 0 | AS7: =SUM(AQ7:AR7) -> 36 | AU7: =AU6+1 -> 2 | AV7: =EDATE(AV6,1) -> 44348 | AW7: =AY6-BB6 -> 0 | AX7: =IF($AZ$3="",0,AW7*$AZ$3/12) -> 0 | AY7: =SUM(AW7:AX7) -> 0 | AZ7: =IF(AY7=0,0,IF(AY7<AZ6,AY7,AZ6)) -> 0 | BA7: =IF(H7+Q7+Z7+AI7+AR7+AQ7+AH7+Y7+P7+G7>0,0,IF((AY7-AZ7)>=$G$4+$P$4+$Y$4+$AH$4+$AQ$4+Summary!$P$8,$G$4+$P$4+$Y$4+$AH$4+$AQ$4+Summary!$P$8,AY7-AZ7)) -> 0 | BB7: =SUM(AZ7:BA7) -> 0 | BD7: =BD6+1 -> 2 | BE7: =EDATE(BE6,1) -> 44348 | BF7: =BH6-BK6 -> 0 | BG7: =IF($BI$3="",0,BF7*$BI$3/12) -> 0 | BH7: =SUM(BF7:BG7) -> 0 | BI7: =IF(BH7=0,0,IF(BH7<BI6,BH7,BI6)) -> 0 | BJ7: =IF(H7+Q7+Z7+AI7+AR7+BA7+AZ7+AQ7+AH7+Y7+P7+G7>0,0,IF((BH7-BI7)>=$G$4+$P$4+$Y$4+$AH$4+$AQ$4+$AZ$4+Summary!$P$8,$G$4+$P$4+$Y$4+$AH$4+$AQ$4+$AZ$4+Summary!$P$8,BH7-BI7)) -> 0 | BK7: =SUM(BI7:BJ7) -> 0 | BM7: =BM6+1 -> 2 | BN7: =EDATE(BN6,1) -> 44348 | BO7: =BQ6-BT6 -> 0 | BP7: =IF($BR$3="",0,BO7*$BR$3/12) -> 0 | BQ7: =SUM(BO7:BP7) -> 0 | BR7: =IF(BQ7=0,0,IF(BQ7<BR6,BQ7,BR6)) -> 0 | BS7: =IF(H7+Q7+Z7+AI7+AR7+BA7+BJ7+BI7+AZ7+AQ7+AH7+Y7+P7+G7>0,0,IF((BQ7-BR7)>=$G$4+$P$4+$Y$4+$AH$4+$AQ$4+$AZ$4+$BI$4+Summary!$P$8,$G$4+$P$4+$Y$4+$AH$4+$AQ$4+$AZ$4+$BI$4+Summary!$P$8,BQ7-BR7)) -> 0 | BT7: =SUM(BR7:BS7) -> 0 | BV7: =BV6+1 -> 2 | BW7: =EDATE(BW6,1) -> 44348 | BX7: =BZ6-CC6 -> 0 | BY7: =IF($CA$3="",0,BX7*$CA$3/12) -> 0 | BZ7: =SUM(BX7:BY7) -> 0 | CA7: =IF(BZ7=0,0,IF(BZ7<CA6,BZ7,CA6)) -> 0 | CB7: =IF(H7+Q7+Z7+AI7+AR7+BA7+BJ7+BS7+BR7+BI7+AZ7+AQ7+AH7+Y7+P7+G7>0,0,IF((BZ7-CA7)>=$G$4+$P$4+$Y$4+$AH$4+$AQ$4+$AZ$4+$BI$4+$BR$4+Summary!$P$8,$G$4+$P$4+$Y$4+$AH$4+$AQ$4+$AZ$4+$BI$4+$BR$4+Summary!$P$8,BZ7-CA7)) -> 0 | CC7: =SUM(CA7:CB7) -> 0 | CE7: =CE6+1 -> 2 | CF7: =EDATE(CF6,1) -> 44348 | CG7: =CI6-CL6 -> 0 | CH7: =IF($CJ$3="",0,CG7*$CJ$3/12) -> 0 | CI7: =SUM(CG7:CH7) -> 0 | CJ7: =IF(CI7=0,0,IF(CI7<CJ6,CI7,CJ6)) -> 0 | CK7: =IF(H7+Q7+Z7+AI7+AR7+BA7+BJ7+BS7+CB7+CA7+BR7+BI7+AZ7+AQ7+AH7+Y7+P7+G7>0,0,IF((CI7-CJ7)>=$G$4+$P$4+$Y$4+$AH$4+$AQ$4+$AZ$4+$BI$4+$BR$4+$CA$4+Summary!$P$8,$G$4+$P$4+$Y$4+$AH$4+$AQ$4+$AZ$4+$BI$4+$BR$4+$CA$4+Summary!$P$8,CI7-CJ7)) -> 0 | CL7: =SUM(CJ7:CK7) -> 0 | CN7: =CN6+1 -> 2 | CO7: =EDATE(CO6,1) -> 44348 | CP7: =D7+M7+V7+AE7+AN7+AW7+BF7+BO7+BX7+CG7 -> 24783.248 | CQ7: =E7+N7+W7+AF7+AO7+AX7+BG7+BP7+BY7+CH7 -> 382.20366 | CR7: =F7+O7+X7+AG7+AP7+AY7+BH7+BQ7+BZ7+CI7 -> 25165.451 | CS7: =G7+P7+Y7+AH7+AQ7+AZ7+BI7+BR7+CA7+CJ7 -> 624 | CT7: =H7+Q7+Z7+AI7+AR7+BA7+BJ7+BS7+CB7+CK7 -> 200 | CU7: =I7+R7+AA7+AJ7+AS7+BB7+BK7+BT7+CC7+CL7 -> 824 | CV7: =CO7 -> 44348
B8: =B7+1 -> 3 | C8: =EDATE(C7,1) -> 44378 | D8: =F7-I7 -> 2494.0371 | E8: =IF($G$3="",0,D8*$G$3/12) -> 61.415663 | F8: =SUM(D8:E8) -> 2555.4527 | G8: =IF(F8=0,0,IF(F8<G7,F8,G7)) -> 88 | H8: =IF((F8-G8)>=H7,H7,F8-G8) -> 200 | I8: =SUM(G8:H8) -> 288 | K8: =K7+1 -> 3 | L8: =EDATE(L7,1) -> 44378 | M8: =O7-R7 -> 785.83582 | N8: =IF(P5="",0,M8*$P$3/12) -> 15.723265 | O8: =SUM(M8:N8) -> 801.55908 | P8: =IF(O8=0,0,IF(O8<P7,O8,P7)) -> 40 | Q8: =IF(H8+G8>0,0,IF((O8-P8)>=$G$4+Summary!$P$8,$G$4+Summary!$P$8,O8-P8)) -> 0 | R8: =SUM(P8:Q8) -> 40 | T8: =T7+1 -> 3 | U8: =EDATE(U7,1) -> 44378 | V8: =X7-AA7 -> 6446.0576 | W8: =IF($Y$3="",0,V8*$Y$3/12) -> 92.44721 | X8: =SUM(V8:W8) -> 6538.5048 | Y8: =IF(X8=0,0,IF(X8<Y7,X8,Y7)) -> 120 | Z8: =IF(H8+Q8+P8+G8>0,0,IF((X8-Y8)>=$G$4+$P$4+Summary!$P$8,$G$4+$P$4+Summary!$P$8,X8-Y8)) -> 0 | AA8: =SUM(Y8:Z8) -> 120 | AC8: =AC7+1 -> 3 | AD8: =EDATE(AD7,1) -> 44378 | AE8: =AG7-AJ7 -> 13456.506 | AF8: =IF($AH$3="",0,AE8*$AH$3/12) -> 188.83964 | AG8: =SUM(AE8:AF8) -> 13645.346 | AH8: =IF(AG8=0,0,IF(AG8<AH7,AG8,AH7)) -> 340 | AI8: =IF(H8+Q8+Z8+Y8+P8+G8>0,0,IF((AG8-AH8)>=$G$4+$P$4+$Y$4+Summary!$P$8,$G$4+$P$4+$Y$4+Summary!$P$8,AG8-AH8)) -> 0 | AJ8: =SUM(AH8:AI8) -> 340 | AL8: =AL7+1 -> 3 | AM8: =EDATE(AM7,1) -> 44378 | AN8: =AP7-AS7 -> 1159.0146 | AO8: =IF($AQ$3="",0,AN8*$AQ$3/12) -> 15.105824 | AP8: =SUM(AN8:AO8) -> 1174.1205 | AQ8: =IF(AP8=0,0,IF(AP8<AQ7,AP8,AQ7)) -> 36 | AR8: =IF(H8+Q8+Z8+AI8+AH8+Y8+P8+G8>0,0,IF((AP8-AQ8)>=$G$4+$P$4+$Y$4+$AH$4+Summary!$P$8,$G$4+$P$4+$Y$4+$AH$4+Summary!$P$8,AP8-AQ8)) -> 0 | AS8: =SUM(AQ8:AR8) -> 36 | AU8: =AU7+1 -> 3 | AV8: =EDATE(AV7,1) -> 44378 | AW8: =AY7-BB7 -> 0 | AX8: =IF($AZ$3="",0,AW8*$AZ$3/12) -> 0 | AY8: =SUM(AW8:AX8) -> 0 | AZ8: =IF(AY8=0,0,IF(AY8<AZ7,AY8,AZ7)) -> 0 | BA8: =IF(H8+Q8+Z8+AI8+AR8+AQ8+AH8+Y8+P8+G8>0,0,IF((AY8-AZ8)>=$G$4+$P$4+$Y$4+$AH$4+$AQ$4+Summary!$P$8,$G$4+$P$4+$Y$4+$AH$4+$AQ$4+Summary!$P$8,AY8-AZ8)) -> 0 | BB8: =SUM(AZ8:BA8) -> 0 | BD8: =BD7+1 -> 3 | BE8: =EDATE(BE7,1) -> 44378 | BF8: =BH7-BK7 -> 0 | BG8: =IF($BI$3="",0,BF8*$BI$3/12) -> 0 | BH8: =SUM(BF8:BG8) -> 0 | BI8: =IF(BH8=0,0,IF(BH8<BI7,BH8,BI7)) -> 0 | BJ8: =IF(H8+Q8+Z8+AI8+AR8+BA8+AZ8+AQ8+AH8+Y8+P8+G8>0,0,IF((BH8-BI8)>=$G$4+$P$4+$Y$4+$AH$4+$AQ$4+$AZ$4+Summary!$P$8,$G$4+$P$4+$Y$4+$AH$4+$AQ$4+$AZ$4+Summary!$P$8,BH8-BI8)) -> 0 | BK8: =SUM(BI8:BJ8) -> 0 | BM8: =BM7+1 -> 3 | BN8: =EDATE(BN7,1) -> 44378 | BO8: =BQ7-BT7 -> 0 | BP8: =IF($BR$3="",0,BO8*$BR$3/12) -> 0 | BQ8: =SUM(BO8:BP8) -> 0 | BR8: =IF(BQ8=0,0,IF(BQ8<BR7,BQ8,BR7)) -> 0 | BS8: =IF(H8+Q8+Z8+AI8+AR8+BA8+BJ8+BI8+AZ8+AQ8+AH8+Y8+P8+G8>0,0,IF((BQ8-BR8)>=$G$4+$P$4+$Y$4+$AH$4+$AQ$4+$AZ$4+$BI$4+Summary!$P$8,$G$4+$P$4+$Y$4+$AH$4+$AQ$4+$AZ$4+$BI$4+Summary!$P$8,BQ8-BR8)) -> 0 | BT8: =SUM(BR8:BS8) -> 0 | BV8: =BV7+1 -> 3 | BW8: =EDATE(BW7,1) -> 44378 | BX8: =BZ7-CC7 -> 0 | BY8: =IF($CA$3="",0,BX8*$CA$3/12) -> 0 | BZ8: =SUM(BX8:BY8) -> 0 | CA8: =IF(BZ8=0,0,IF(BZ8<CA7,BZ8,CA7)) -> 0 | CB8: =IF(H8+Q8+Z8+AI8+AR8+BA8+BJ8+BS8+BR8+BI8+AZ8+AQ8+AH8+Y8+P8+G8>0,0,IF((BZ8-CA8)>=$G$4+$P$4+$Y$4+$AH$4+$AQ$4+$AZ$4+$BI$4+$BR$4+Summary!$P$8,$G$4+$P$4+$Y$4+$AH$4+$AQ$4+$AZ$4+$BI$4+$BR$4+Summary!$P$8,BZ8-CA8)) -> 0 | CC8: =SUM(CA8:CB8) -> 0 | CE8: =CE7+1 -> 3 | CF8: =EDATE(CF7,1) -> 44378 | CG8: =CI7-CL7 -> 0 | CH8: =IF($CJ$3="",0,CG8*$CJ$3/12) -> 0 | CI8: =SUM(CG8:CH8) -> 0 | CJ8: =IF(CI8=0,0,IF(CI8<CJ7,CI8,CJ7)) -> 0 | CK8: =IF(H8+Q8+Z8+AI8+AR8+BA8+BJ8+BS8+CB8+CA8+BR8+BI8+AZ8+AQ8+AH8+Y8+P8+G8>0,0,IF((CI8-CJ8)>=$G$4+$P$4+$Y$4+$AH$4+$AQ$4+$AZ$4+$BI$4+$BR$4+$CA$4+Summary!$P$8,$G$4+$P$4+$Y$4+$AH$4+$AQ$4+$AZ$4+$BI$4+$BR$4+$CA$4+Summary!$P$8,CI8-CJ8)) -> 0 | CL8: =SUM(CJ8:CK8) -> 0 | CN8: =CN7+1 -> 3 | CO8: =EDATE(CO7,1) -> 44378 | CP8: =D8+M8+V8+AE8+AN8+AW8+BF8+BO8+BX8+CG8 -> 24341.451 | CQ8: =E8+N8+W8+AF8+AO8+AX8+BG8+BP8+BY8+CH8 -> 373.5316 | CR8: =F8+O8+X8+AG8+AP8+AY8+BH8+BQ8+BZ8+CI8 -> 24714.983 | CS8: =G8+P8+Y8+AH8+AQ8+AZ8+BI8+BR8+CA8+CJ8 -> 624 | CT8: =H8+Q8+Z8+AI8+AR8+BA8+BJ8+BS8+CB8+CK8 -> 200 | CU8: =I8+R8+AA8+AJ8+AS8+BB8+BK8+BT8+CC8+CL8 -> 824 | CV8: =CO8 -> 44378
B9: =B8+1 -> 4 | C9: =EDATE(C8,1) -> 44409 | D9: =F8-I8 -> 2267.4527 | E9: =IF($G$3="",0,D9*$G$3/12) -> 55.836024 | F9: =SUM(D9:E9) -> 2323.2888 | G9: =IF(F9=0,0,IF(F9<G8,F9,G8)) -> 88 | H9: =IF((F9-G9)>=H8,H8,F9-G9) -> 200 | I9: =SUM(G9:H9) -> 288 | K9: =K8+1 -> 4 | L9: =EDATE(L8,1) -> 44409 | M9: =O8-R8 -> 761.55908 | N9: =IF(P6="",0,M9*$P$3/12) -> 15.237528 | O9: =SUM(M9:N9) -> 776.79661 | P9: =IF(O9=0,0,IF(O9<P8,O9,P8)) -> 40 | Q9: =IF(H9+G9>0,0,IF((O9-P9)>=$G$4+Summary!$P$8,$G$4+Summary!$P$8,O9-P9)) -> 0 | R9: =SUM(P9:Q9) -> 40 | T9: =T8+1 -> 4 | U9: =EDATE(U8,1) -> 44409 | V9: =X8-AA8 -> 6418.5048 | W9: =IF($Y$3="",0,V9*$Y$3/12) -> 92.052057 | X9: =SUM(V9:W9) -> 6510.5569 | Y9: =IF(X9=0,0,IF(X9<Y8,X9,Y8)) -> 120 | Z9: =IF(H9+Q9+P9+G9>0,0,IF((X9-Y9)>=$G$4+$P$4+Summary!$P$8,$G$4+$P$4+Summary!$P$8,X9-Y9)) -> 0 | AA9: =SUM(Y9:Z9) -> 120 | AC9: =AC8+1 -> 4 | AD9: =EDATE(AD8,1) -> 44409 | AE9: =AG8-AJ8 -> 13305.346 | AF9: =IF($AH$3="",0,AE9*$AH$3/12) -> 186.71835 | AG9: =SUM(AE9:AF9) -> 13492.064 | AH9: =IF(AG9=0,0,IF(AG9<AH8,AG9,AH8)) -> 340 | AI9: =IF(H9+Q9+Z9+Y9+P9+G9>0,0,IF((AG9-AH9)>=$G$4+$P$4+$Y$4+Summary!$P$8,$G$4+$P$4+$Y$4+Summary!$P$8,AG9-AH9)) -> 0 | AJ9: =SUM(AH9:AI9) -> 340 | AL9: =AL8+1 -> 4 | AM9: =EDATE(AM8,1) -> 44409 | AN9: =AP8-AS8 -> 1138.1205 | AO9: =IF($AQ$3="",0,AN9*$AQ$3/12) -> 14.833503 | AP9: =SUM(AN9:AO9) -> 1152.954 | AQ9: =IF(AP9=0,0,IF(AP9<AQ8,AP9,AQ8)) -> 36 | AR9: =IF(H9+Q9+Z9+AI9+AH9+Y9+P9+G9>0,0,IF((AP9-AQ9)>=$G$4+$P$4+$Y$4+$AH$4+Summary!$P$8,$G$4+$P$4+$Y$4+$AH$4+Summary!$P$8,AP9-AQ9)) -> 0 | AS9: =SUM(AQ9:AR9) -> 36 | AU9: =AU8+1 -> 4 | AV9: =EDATE(AV8,1) -> 44409 | AW9: =AY8-BB8 -> 0 | AX9: =IF($AZ$3="",0,AW9*$AZ$3/12) -> 0 | AY9: =SUM(AW9:AX9) -> 0 | AZ9: =IF(AY9=0,0,IF(AY9<AZ8,AY9,AZ8)) -> 0 | BA9: =IF(H9+Q9+Z9+AI9+AR9+AQ9+AH9+Y9+P9+G9>0,0,IF((AY9-AZ9)>=$G$4+$P$4+$Y$4+$AH$4+$AQ$4+Summary!$P$8,$G$4+$P$4+$Y$4+$AH$4+$AQ$4+Summary!$P$8,AY9-AZ9)) -> 0 | BB9: =SUM(AZ9:BA9) -> 0 | BD9: =BD8+1 -> 4 | BE9: =EDATE(BE8,1) -> 44409 | BF9: =BH8-BK8 -> 0 | BG9: =IF($BI$3="",0,BF9*$BI$3/12) -> 0 | BH9: =SUM(BF9:BG9) -> 0 | BI9: =IF(BH9=0,0,IF(BH9<BI8,BH9,BI8)) -> 0 | BJ9: =IF(H9+Q9+Z9+AI9+AR9+BA9+AZ9+AQ9+AH9+Y9+P9+G9>0,0,IF((BH9-BI9)>=$G$4+$P$4+$Y$4+$AH$4+$AQ$4+$AZ$4+Summary!$P$8,$G$4+$P$4+$Y$4+$AH$4+$AQ$4+$AZ$4+Summary!$P$8,BH9-BI9)) -> 0 | BK9: =SUM(BI9:BJ9) -> 0 | BM9: =BM8+1 -> 4 | BN9: =EDATE(BN8,1) -> 44409 | BO9: =BQ8-BT8 -> 0 | BP9: =IF($BR$3="",0,BO9*$BR$3/12) -> 0 | BQ9: =SUM(BO9:BP9) -> 0 | BR9: =IF(BQ9=0,0,IF(BQ9<BR8,BQ9,BR8)) -> 0 | BS9: =IF(H9+Q9+Z9+AI9+AR9+BA9+BJ9+BI9+AZ9+AQ9+AH9+Y9+P9+G9>0,0,IF((BQ9-BR9)>=$G$4+$P$4+$Y$4+$AH$4+$AQ$4+$AZ$4+$BI$4+Summary!$P$8,$G$4+$P$4+$Y$4+$AH$4+$AQ$4+$AZ$4+$BI$4+Summary!$P$8,BQ9-BR9)) -> 0 | BT9: =SUM(BR9:BS9) -> 0 | BV9: =BV8+1 -> 4 | BW9: =EDATE(BW8,1) -> 44409 | BX9: =BZ8-CC8 -> 0 | BY9: =IF($CA$3="",0,BX9*$CA$3/12) -> 0 | BZ9: =SUM(BX9:BY9) -> 0 | CA9: =IF(BZ9=0,0,IF(BZ9<CA8,BZ9,CA8)) -> 0 | CB9: =IF(H9+Q9+Z9+AI9+AR9+BA9+BJ9+BS9+BR9+BI9+AZ9+AQ9+AH9+Y9+P9+G9>0,0,IF((BZ9-CA9)>=$G$4+$P$4+$Y$4+$AH$4+$AQ$4+$AZ$4+$BI$4+$BR$4+Summary!$P$8,$G$4+$P$4+$Y$4+$AH$4+$AQ$4+$AZ$4+$BI$4+$BR$4+Summary!$P$8,BZ9-CA9)) -> 0 | CC9: =SUM(CA9:CB9) -> 0 | CE9: =CE8+1 -> 4 | CF9: =EDATE(CF8,1) -> 44409 | CG9: =CI8-CL8 -> 0 | CH9: =IF($CJ$3="",0,CG9*$CJ$3/12) -> 0 | CI9: =SUM(CG9:CH9) -> 0 | CJ9: =IF(CI9=0,0,IF(CI9<CJ8,CI9,CJ8)) -> 0 | CK9: =IF(H9+Q9+Z9+AI9+AR9+BA9+BJ9+BS9+CB9+CA9+BR9+BI9+AZ9+AQ9+AH9+Y9+P9+G9>0,0,IF((CI9-CJ9)>=$G$4+$P$4+$Y$4+$AH$4+$AQ$4+$AZ$4+$BI$4+$BR$4+$CA$4+Summary!$P$8,$G$4+$P$4+$Y$4+$AH$4+$AQ$4+$AZ$4+$BI$4+$BR$4+$CA$4+Summary!$P$8,CI9-CJ9)) -> 0 | CL9: =SUM(CJ9:CK9) -> 0 | CN9: =CN8+1 -> 4 | CO9: =EDATE(CO8,1) -> 44409 | CP9: =D9+M9+V9+AE9+AN9+AW9+BF9+BO9+BX9+CG9 -> 23890.983 | CQ9: =E9+N9+W9+AF9+AO9+AX9+BG9+BP9+BY9+CH9 -> 364.67746 | CR9: =F9+O9+X9+AG9+AP9+AY9+BH9+BQ9+BZ9+CI9 -> 24255.66 | CS9: =G9+P9+Y9+AH9+AQ9+AZ9+BI9+BR9+CA9+CJ9 -> 624 | CT9: =H9+Q9+Z9+AI9+AR9+BA9+BJ9+BS9+CB9+CK9 -> 200 | CU9: =I9+R9+AA9+AJ9+AS9+BB9+BK9+BT9+CC9+CL9 -> 824 | CV9: =CO9 -> 44409
B10: =B9+1 -> 5 | C10: =EDATE(C9,1) -> 44440 | D10: =F9-I9 -> 2035.2888 | E10: =IF($G$3="",0,D10*$G$3/12) -> 50.118986 | F10: =SUM(D10:E10) -> 2085.4078 | G10: =IF(F10=0,0,IF(F10<G9,F10,G9)) -> 88 | H10: =IF((F10-G10)>=H9,H9,F10-G10) -> 200 | I10: =SUM(G10:H10) -> 288 | K10: =K9+1 -> 5 | L10: =EDATE(L9,1) -> 44440 | M10: =O9-R9 -> 736.79661 | N10: =IF(P7="",0,M10*$P$3/12) -> 14.742072 | O10: =SUM(M10:N10) -> 751.53868 | P10: =IF(O10=0,0,IF(O10<P9,O10,P9)) -> 40 | Q10: =IF(H10+G10>0,0,IF((O10-P10)>=$G$4+Summary!$P$8,$G$4+Summary!$P$8,O10-P10)) -> 0 | R10: =SUM(P10:Q10) -> 40 | T10: =T9+1 -> 5 | U10: =EDATE(U9,1) -> 44440 | V10: =X9-AA9 -> 6390.5569 | W10: =IF($Y$3="",0,V10*$Y$3/12) -> 91.651237 | X10: =SUM(V10:W10) -> 6482.2081 | Y10: =IF(X10=0,0,IF(X10<Y9,X10,Y9)) -> 120 | Z10: =IF(H10+Q10+P10+G10>0,0,IF((X10-Y10)>=$G$4+$P$4+Summary!$P$8,$G$4+$P$4+Summary!$P$8,X10-Y10)) -> 0 | AA10: =SUM(Y10:Z10) -> 120 | AC10: =AC9+1 -> 5 | AD10: =EDATE(AD9,1) -> 44440 | AE10: =AG9-AJ9 -> 13152.064 | AF10: =IF($AH$3="",0,AE10*$AH$3/12) -> 184.5673 | AG10: =SUM(AE10:AF10) -> 13336.631 | AH10: =IF(AG10=0,0,IF(AG10<AH9,AG10,AH9)) -> 340 | AI10: =IF(H10+Q10+Z10+Y10+P10+G10>0,0,IF((AG10-AH10)>=$G$4+$P$4+$Y$4+Summary!$P$8,$G$4+$P$4+$Y$4+Summary!$P$8,AG10-AH10)) -> 0 | AJ10: =SUM(AH10:AI10) -> 340 | AL10: =AL9+1 -> 5 | AM10: =EDATE(AM9,1) -> 44440 | AN10: =AP9-AS9 -> 1116.954 | AO10: =IF($AQ$3="",0,AN10*$AQ$3/12) -> 14.557633 | AP10: =SUM(AN10:AO10) -> 1131.5116 | AQ10: =IF(AP10=0,0,IF(AP10<AQ9,AP10,AQ9)) -> 36 | AR10: =IF(H10+Q10+Z10+AI10+AH10+Y10+P10+G10>0,0,IF((AP10-AQ10)>=$G$4+$P$4+$Y$4+$AH$4+Summary!$P$8,$G$4+$P$4+$Y$4+$AH$4+Summary!$P$8,AP10-AQ10)) -> 0 | AS10: =SUM(AQ10:AR10) -> 36 | AU10: =AU9+1 -> 5 | AV10: =EDATE(AV9,1) -> 44440 | AW10: =AY9-BB9 -> 0 | AX10: =IF($AZ$3="",0,AW10*$AZ$3/12) -> 0 | AY10: =SUM(AW10:AX10) -> 0 | AZ10: =IF(AY10=0,0,IF(AY10<AZ9,AY10,AZ9)) -> 0 | BA10: =IF(H10+Q10+Z10+AI10+AR10+AQ10+AH10+Y10+P10+G10>0,0,IF((AY10-AZ10)>=$G$4+$P$4+$Y$4+$AH$4+$AQ$4+Summary!$P$8,$G$4+$P$4+$Y$4+$AH$4+$AQ$4+Summary!$P$8,AY10-AZ10)) -> 0 | BB10: =SUM(AZ10:BA10) -> 0 | BD10: =BD9+1 -> 5 | BE10: =EDATE(BE9,1) -> 44440 | BF10: =BH9-BK9 -> 0 | BG10: =IF($BI$3="",0,BF10*$BI$3/12) -> 0 | BH10: =SUM(BF10:BG10) -> 0 | BI10: =IF(BH10=0,0,IF(BH10<BI9,BH10,BI9)) -> 0 | BJ10: =IF(H10+Q10+Z10+AI10+AR10+BA10+AZ10+AQ10+AH10+Y10+P10+G10>0,0,IF((BH10-BI10)>=$G$4+$P$4+$Y$4+$AH$4+$AQ$4+$AZ$4+Summary!$P$8,$G$4+$P$4+$Y$4+$AH$4+$AQ$4+$AZ$4+Summary!$P$8,BH10-BI10)) -> 0 | BK10: =SUM(BI10:BJ10) -> 0 | BM10: =BM9+1 -> 5 | BN10: =EDATE(BN9,1) -> 44440 | BO10: =BQ9-BT9 -> 0 | BP10: =IF($BR$3="",0,BO10*$BR$3/12) -> 0 | BQ10: =SUM(BO10:BP10) -> 0 | BR10: =IF(BQ10=0,0,IF(BQ10<BR9,BQ10,BR9)) -> 0 | BS10: =IF(H10+Q10+Z10+AI10+AR10+BA10+BJ10+BI10+AZ10+AQ10+AH10+Y10+P10+G10>0,0,IF((BQ10-BR10)>=$G$4+$P$4+$Y$4+$AH$4+$AQ$4+$AZ$4+$BI$4+Summary!$P$8,$G$4+$P$4+$Y$4+$AH$4+$AQ$4+$AZ$4+$BI$4+Summary!$P$8,BQ10-BR10)) -> 0 | BT10: =SUM(BR10:BS10) -> 0 | BV10: =BV9+1 -> 5 | BW10: =EDATE(BW9,1) -> 44440 | BX10: =BZ9-CC9 -> 0 | BY10: =IF($CA$3="",0,BX10*$CA$3/12) -> 0 | BZ10: =SUM(BX10:BY10) -> 0 | CA10: =IF(BZ10=0,0,IF(BZ10<CA9,BZ10,CA9)) -> 0 | CB10: =IF(H10+Q10+Z10+AI10+AR10+BA10+BJ10+BS10+BR10+BI10+AZ10+AQ10+AH10+Y10+P10+G10>0,0,IF((BZ10-CA10)>=$G$4+$P$4+$Y$4+$AH$4+$AQ$4+$AZ$4+$BI$4+$BR$4+Summary!$P$8,$G$4+$P$4+$Y$4+$AH$4+$AQ$4+$AZ$4+$BI$4+$BR$4+Summary!$P$8,BZ10-CA10)) -> 0 | CC10: =SUM(CA10:CB10) -> 0 | CE10: =CE9+1 -> 5 | CF10: =EDATE(CF9,1) -> 44440 | CG10: =CI9-CL9 -> 0 | CH10: =IF($CJ$3="",0,CG10*$CJ$3/12) -> 0 | CI10: =SUM(CG10:CH10) -> 0 | CJ10: =IF(CI10=0,0,IF(CI10<CJ9,CI10,CJ9)) -> 0 | CK10: =IF(H10+Q10+Z10+AI10+AR10+BA10+BJ10+BS10+CB10+CA10+BR10+BI10+AZ10+AQ10+AH10+Y10+P10+G10>0,0,IF((CI10-CJ10)>=$G$4+$P$4+$Y$4+$AH$4+$AQ$4+$AZ$4+$BI$4+$BR$4+$CA$4+Summary!$P$8,$G$4+$P$4+$Y$4+$AH$4+$AQ$4+$AZ$4+$BI$4+$BR$4+$CA$4+Summary!$P$8,CI10-CJ10)) -> 0 | CL10: =SUM(CJ10:CK10) -> 0 | CN10: =CN9+1 -> 5 | CO10: =EDATE(CO9,1) -> 44440 | CP10: =D10+M10+V10+AE10+AN10+AW10+BF10+BO10+BX10+CG10 -> 23431.66 | CQ10: =E10+N10+W10+AF10+AO10+AX10+BG10+BP10+BY10+CH10 -> 355.63723 | CR10: =F10+O10+X10+AG10+AP10+AY10+BH10+BQ10+BZ10+CI10 -> 23787.298 | CS10: =G10+P10+Y10+AH10+AQ10+AZ10+BI10+BR10+CA10+CJ10 -> 624 | CT10: =H10+Q10+Z10+AI10+AR10+BA10+BJ10+BS10+CB10+CK10 -> 200 | CU10: =I10+R10+AA10+AJ10+AS10+BB10+BK10+BT10+CC10+CL10 -> 824 | CV10: =CO10 -> 44440
B11: =B10+1 -> 6 | C11: =EDATE(C10,1) -> 44470 | D11: =F10-I10 -> 1797.4078 | E11: =IF($G$3="",0,D11*$G$3/12) -> 44.261166 | F11: =SUM(D11:E11) -> 1841.6689 | G11: =IF(F11=0,0,IF(F11<G10,F11,G10)) -> 88 | H11: =IF((F11-G11)>=H10,H10,F11-G11) -> 200 | I11: =SUM(G11:H11) -> 288 | K11: =K10+1 -> 6 | L11: =EDATE(L10,1) -> 44470 | M11: =O10-R10 -> 711.53868 | N11: =IF(P8="",0,M11*$P$3/12) -> 14.236703 | O11: =SUM(M11:N11) -> 725.77538 | P11: =IF(O11=0,0,IF(O11<P10,O11,P10)) -> 40 | Q11: =IF(H11+G11>0,0,IF((O11-P11)>=$G$4+Summary!$P$8,$G$4+Summary!$P$8,O11-P11)) -> 0 | R11: =SUM(P11:Q11) -> 40 | T11: =T10+1 -> 6 | U11: =EDATE(U10,1) -> 44470 | V11: =X10-AA10 -> 6362.2081 | W11: =IF($Y$3="",0,V11*$Y$3/12) -> 91.244668 | X11: =SUM(V11:W11) -> 6453.4528 | Y11: =IF(X11=0,0,IF(X11<Y10,X11,Y10)) -> 120 | Z11: =IF(H11+Q11+P11+G11>0,0,IF((X11-Y11)>=$G$4+$P$4+Summary!$P$8,$G$4+$P$4+Summary!$P$8,X11-Y11)) -> 0 | AA11: =SUM(Y11:Z11) -> 120 | AC11: =AC10+1 -> 6 | AD11: =EDATE(AD10,1) -> 44470 | AE11: =AG10-AJ10 -> 12996.631 | AF11: =IF($AH$3="",0,AE11*$AH$3/12) -> 182.38606 | AG11: =SUM(AE11:AF11) -> 13179.017 | AH11: =IF(AG11=0,0,IF(AG11<AH10,AG11,AH10)) -> 340 | AI11: =IF(H11+Q11+Z11+Y11+P11+G11>0,0,IF((AG11-AH11)>=$G$4+$P$4+$Y$4+Summary!$P$8,$G$4+$P$4+$Y$4+Summary!$P$8,AG11-AH11)) -> 0 | AJ11: =SUM(AH11:AI11) -> 340 | AL11: =AL10+1 -> 6 | AM11: =EDATE(AM10,1) -> 44470 | AN11: =AP10-AS10 -> 1095.5116 | AO11: =IF($AQ$3="",0,AN11*$AQ$3/12) -> 14.278168 | AP11: =SUM(AN11:AO11) -> 1109.7898 | AQ11: =IF(AP11=0,0,IF(AP11<AQ10,AP11,AQ10)) -> 36 | AR11: =IF(H11+Q11+Z11+AI11+AH11+Y11+P11+G11>0,0,IF((AP11-AQ11)>=$G$4+$P$4+$Y$4+$AH$4+Summary!$P$8,$G$4+$P$4+$Y$4+$AH$4+Summary!$P$8,AP11-AQ11)) -> 0 | AS11: =SUM(AQ11:AR11) -> 36 | AU11: =AU10+1 -> 6 | AV11: =EDATE(AV10,1) -> 44470 | AW11: =AY10-BB10 -> 0 | AX11: =IF($AZ$3="",0,AW11*$AZ$3/12) -> 0 | AY11: =SUM(AW11:AX11) -> 0 | AZ11: =IF(AY11=0,0,IF(AY11<AZ10,AY11,AZ10)) -> 0 | BA11: =IF(H11+Q11+Z11+AI11+AR11+AQ11+AH11+Y11+P11+G11>0,0,IF((AY11-AZ11)>=$G$4+$P$4+$Y$4+$AH$4+$AQ$4+Summary!$P$8,$G$4+$P$4+$Y$4+$AH$4+$AQ$4+Summary!$P$8,AY11-AZ11)) -> 0 | BB11: =SUM(AZ11:BA11) -> 0 | BD11: =BD10+1 -> 6 | BE11: =EDATE(BE10,1) -> 44470 | BF11: =BH10-BK10 -> 0 | BG11: =IF($BI$3="",0,BF11*$BI$3/12) -> 0 | BH11: =SUM(BF11:BG11) -> 0 | BI11: =IF(BH11=0,0,IF(BH11<BI10,BH11,BI10)) -> 0 | BJ11: =IF(H11+Q11+Z11+AI11+AR11+BA11+AZ11+AQ11+AH11+Y11+P11+G11>0,0,IF((BH11-BI11)>=$G$4+$P$4+$Y$4+$AH$4+$AQ$4+$AZ$4+Summary!$P$8,$G$4+$P$4+$Y$4+$AH$4+$AQ$4+$AZ$4+Summary!$P$8,BH11-BI11)) -> 0 | BK11: =SUM(BI11:BJ11) -> 0 | BM11: =BM10+1 -> 6 | BN11: =EDATE(BN10,1) -> 44470 | BO11: =BQ10-BT10 -> 0 | BP11: =IF($BR$3="",0,BO11*$BR$3/12) -> 0 | BQ11: =SUM(BO11:BP11) -> 0 | BR11: =IF(BQ11=0,0,IF(BQ11<BR10,BQ11,BR10)) -> 0 | BS11: =IF(H11+Q11+Z11+AI11+AR11+BA11+BJ11+BI11+AZ11+AQ11+AH11+Y11+P11+G11>0,0,IF((BQ11-BR11)>=$G$4+$P$4+$Y$4+$AH$4+$AQ$4+$AZ$4+$BI$4+Summary!$P$8,$G$4+$P$4+$Y$4+$AH$4+$AQ$4+$AZ$4+$BI$4+Summary!$P$8,BQ11-BR11)) -> 0 | BT11: =SUM(BR11:BS11) -> 0 | BV11: =BV10+1 -> 6 | BW11: =EDATE(BW10,1) -> 44470 | BX11: =BZ10-CC10 -> 0 | BY11: =IF($CA$3="",0,BX11*$CA$3/12) -> 0 | BZ11: =SUM(BX11:BY11) -> 0 | CA11: =IF(BZ11=0,0,IF(BZ11<CA10,BZ11,CA10)) -> 0 | CB11: =IF(H11+Q11+Z11+AI11+AR11+BA11+BJ11+BS11+BR11+BI11+AZ11+AQ11+AH11+Y11+P11+G11>0,0,IF((BZ11-CA11)>=$G$4+$P$4+$Y$4+$AH$4+$AQ$4+$AZ$4+$BI$4+$BR$4+Summary!$P$8,$G$4+$P$4+$Y$4+$AH$4+$AQ$4+$AZ$4+$BI$4+$BR$4+Summary!$P$8,BZ11-CA11)) -> 0 | CC11: =SUM(CA11:CB11) -> 0 | CE11: =CE10+1 -> 6 | CF11: =EDATE(CF10,1) -> 44470 | CG11: =CI10-CL10 -> 0 | CH11: =IF($CJ$3="",0,CG11*$CJ$3/12) -> 0 | CI11: =SUM(CG11:CH11) -> 0 | CJ11: =IF(CI11=0,0,IF(CI11<CJ10,CI11,CJ10)) -> 0 | CK11: =IF(H11+Q11+Z11+AI11+AR11+BA11+BJ11+BS11+CB11+CA11+BR11+BI11+AZ11+AQ11+AH11+Y11+P11+G11>0,0,IF((CI11-CJ11)>=$G$4+$P$4+$Y$4+$AH$4+$AQ$4+$AZ$4+$BI$4+$BR$4+$CA$4+Summary!$P$8,$G$4+$P$4+$Y$4+$AH$4+$AQ$4+$AZ$4+$BI$4+$BR$4+$CA$4+Summary!$P$8,CI11-CJ11)) -> 0 | CL11: =SUM(CJ11:CK11) -> 0 | CN11: =CN10+1 -> 6 | CO11: =EDATE(CO10,1) -> 44470 | CP11: =D11+M11+V11+AE11+AN11+AW11+BF11+BO11+BX11+CG11 -> 22963.298 | CQ11: =E11+N11+W11+AF11+AO11+AX11+BG11+BP11+BY11+CH11 -> 346.40677 | CR11: =F11+O11+X11+AG11+AP11+AY11+BH11+BQ11+BZ11+CI11 -> 23309.704 | CS11: =G11+P11+Y11+AH11+AQ11+AZ11+BI11+BR11+CA11+CJ11 -> 624 | CT11: =H11+Q11+Z11+AI11+AR11+BA11+BJ11+BS11+CB11+CK11 -> 200 | CU11: =I11+R11+AA11+AJ11+AS11+BB11+BK11+BT11+CC11+CL11 -> 824 | CV11: =CO11 -> 44470
B12: =B11+1 -> 7 | C12: =EDATE(C11,1) -> 44501 | D12: =F11-I11 -> 1553.6689 | E12: =IF($G$3="",0,D12*$G$3/12) -> 38.259097 | F12: =SUM(D12:E12) -> 1591.928 | G12: =IF(F12=0,0,IF(F12<G11,F12,G11)) -> 88 | H12: =IF((F12-G12)>=H11,H11,F12-G12) -> 200 | I12: =SUM(G12:H12) -> 288 | K12: =K11+1 -> 7 | L12: =EDATE(L11,1) -> 44501 | M12: =O11-R11 -> 685.77538 | N12: =IF(P9="",0,M12*$P$3/12) -> 13.721222 | O12: =SUM(M12:N12) -> 699.49661 | P12: =IF(O12=0,0,IF(O12<P11,O12,P11)) -> 40 | Q12: =IF(H12+G12>0,0,IF((O12-P12)>=$G$4+Summary!$P$8,$G$4+Summary!$P$8,O12-P12)) -> 0 | R12: =SUM(P12:Q12) -> 40 | T12: =T11+1 -> 7 | U12: =EDATE(U11,1) -> 44501 | V12: =X11-AA11 -> 6333.4528 | W12: =IF($Y$3="",0,V12*$Y$3/12) -> 90.832269 | X12: =SUM(V12:W12) -> 6424.285 | Y12: =IF(X12=0,0,IF(X12<Y11,X12,Y11)) -> 120 | Z12: =IF(H12+Q12+P12+G12>0,0,IF((X12-Y12)>=$G$4+$P$4+Summary!$P$8,$G$4+$P$4+Summary!$P$8,X12-Y12)) -> 0 | AA12: =SUM(Y12:Z12) -> 120 | AC12: =AC11+1 -> 7 | AD12: =EDATE(AD11,1) -> 44501 | AE12: =AG11-AJ11 -> 12839.017 | AF12: =IF($AH$3="",0,AE12*$AH$3/12) -> 180.17421 | AG12: =SUM(AE12:AF12) -> 13019.192 | AH12: =IF(AG12=0,0,IF(AG12<AH11,AG12,AH11)) -> 340 | AI12: =IF(H12+Q12+Z12+Y12+P12+G12>0,0,IF((AG12-AH12)>=$G$4+$P$4+$Y$4+Summary!$P$8,$G$4+$P$4+$Y$4+Summary!$P$8,AG12-AH12)) -> 0 | AJ12: =SUM(AH12:AI12) -> 340 | AL12: =AL11+1 -> 7 | AM12: =EDATE(AM11,1) -> 44501 | AN12: =AP11-AS11 -> 1073.7898 | AO12: =IF($AQ$3="",0,AN12*$AQ$3/12) -> 13.99506 | AP12: =SUM(AN12:AO12) -> 1087.7848 | AQ12: =IF(AP12=0,0,IF(AP12<AQ11,AP12,AQ11)) -> 36 | AR12: =IF(H12+Q12+Z12+AI12+AH12+Y12+P12+G12>0,0,IF((AP12-AQ12)>=$G$4+$P$4+$Y$4+$AH$4+Summary!$P$8,$G$4+$P$4+$Y$4+$AH$4+Summary!$P$8,AP12-AQ12)) -> 0 | AS12: =SUM(AQ12:AR12) -> 36 | AU12: =AU11+1 -> 7 | AV12: =EDATE(AV11,1) -> 44501 | AW12: =AY11-BB11 -> 0 | AX12: =IF($AZ$3="",0,AW12*$AZ$3/12) -> 0 | AY12: =SUM(AW12:AX12) -> 0 | AZ12: =IF(AY12=0,0,IF(AY12<AZ11,AY12,AZ11)) -> 0 | BA12: =IF(H12+Q12+Z12+AI12+AR12+AQ12+AH12+Y12+P12+G12>0,0,IF((AY12-AZ12)>=$G$4+$P$4+$Y$4+$AH$4+$AQ$4+Summary!$P$8,$G$4+$P$4+$Y$4+$AH$4+$AQ$4+Summary!$P$8,AY12-AZ12)) -> 0 | BB12: =SUM(AZ12:BA12) -> 0 | BD12: =BD11+1 -> 7 | BE12: =EDATE(BE11,1) -> 44501 | BF12: =BH11-BK11 -> 0 | BG12: =IF($BI$3="",0,BF12*$BI$3/12) -> 0 | BH12: =SUM(BF12:BG12) -> 0 | BI12: =IF(BH12=0,0,IF(BH12<BI11,BH12,BI11)) -> 0 | BJ12: =IF(H12+Q12+Z12+AI12+AR12+BA12+AZ12+AQ12+AH12+Y12+P12+G12>0,0,IF((BH12-BI12)>=$G$4+$P$4+$Y$4+$AH$4+$AQ$4+$AZ$4+Summary!$P$8,$G$4+$P$4+$Y$4+$AH$4+$AQ$4+$AZ$4+Summary!$P$8,BH12-BI12)) -> 0 | BK12: =SUM(BI12:BJ12) -> 0 | BM12: =BM11+1 -> 7 | BN12: =EDATE(BN11,1) -> 44501 | BO12: =BQ11-BT11 -> 0 | BP12: =IF($BR$3="",0,BO12*$BR$3/12) -> 0 | BQ12: =SUM(BO12:BP12) -> 0 | BR12: =IF(BQ12=0,0,IF(BQ12<BR11,BQ12,BR11)) -> 0 | BS12: =IF(H12+Q12+Z12+AI12+AR12+BA12+BJ12+BI12+AZ12+AQ12+AH12+Y12+P12+G12>0,0,IF((BQ12-BR12)>=$G$4+$P$4+$Y$4+$AH$4+$AQ$4+$AZ$4+$BI$4+Summary!$P$8,$G$4+$P$4+$Y$4+$AH$4+$AQ$4+$AZ$4+$BI$4+Summary!$P$8,BQ12-BR12)) -> 0 | BT12: =SUM(BR12:BS12) -> 0 | BV12: =BV11+1 -> 7 | BW12: =EDATE(BW11,1) -> 44501 | BX12: =BZ11-CC11 -> 0 | BY12: =IF($CA$3="",0,BX12*$CA$3/12) -> 0 | BZ12: =SUM(BX12:BY12) -> 0 | CA12: =IF(BZ12=0,0,IF(BZ12<CA11,BZ12,CA11)) -> 0 | CB12: =IF(H12+Q12+Z12+AI12+AR12+BA12+BJ12+BS12+BR12+BI12+AZ12+AQ12+AH12+Y12+P12+G12>0,0,IF((BZ12-CA12)>=$G$4+$P$4+$Y$4+$AH$4+$AQ$4+$AZ$4+$BI$4+$BR$4+Summary!$P$8,$G$4+$P$4+$Y$4+$AH$4+$AQ$4+$AZ$4+$BI$4+$BR$4+Summary!$P$8,BZ12-CA12)) -> 0 | CC12: =SUM(CA12:CB12) -> 0 | CE12: =CE11+1 -> 7 | CF12: =EDATE(CF11,1) -> 44501 | CG12: =CI11-CL11 -> 0 | CH12: =IF($CJ$3="",0,CG12*$CJ$3/12) -> 0 | CI12: =SUM(CG12:CH12) -> 0 | CJ12: =IF(CI12=0,0,IF(CI12<CJ11,CI12,CJ11)) -> 0 | CK12: =IF(H12+Q12+Z12+AI12+AR12+BA12+BJ12+BS12+CB12+CA12+BR12+BI12+AZ12+AQ12+AH12+Y12+P12+G12>0,0,IF((CI12-CJ12)>=$G$4+$P$4+$Y$4+$AH$4+$AQ$4+$AZ$4+$BI$4+$BR$4+$CA$4+Summary!$P$8,$G$4+$P$4+$Y$4+$AH$4+$AQ$4+$AZ$4+$BI$4+$BR$4+$CA$4+Summary!$P$8,CI12-CJ12)) -> 0 | CL12: =SUM(CJ12:CK12) -> 0 | CN12: =CN11+1 -> 7 | CO12: =EDATE(CO11,1) -> 44501 | CP12: =D12+M12+V12+AE12+AN12+AW12+BF12+BO12+BX12+CG12 -> 22485.704 | CQ12: =E12+N12+W12+AF12+AO12+AX12+BG12+BP12+BY12+CH12 -> 336.98186 | CR12: =F12+O12+X12+AG12+AP12+AY12+BH12+BQ12+BZ12+CI12 -> 22822.686 | CS12: =G12+P12+Y12+AH12+AQ12+AZ12+BI12+BR12+CA12+CJ12 -> 624 | CT12: =H12+Q12+Z12+AI12+AR12+BA12+BJ12+BS12+CB12+CK12 -> 200 | CU12: =I12+R12+AA12+AJ12+AS12+BB12+BK12+BT12+CC12+CL12 -> 824 | CV12: =CO12 -> 44501
B13: =B12+1 -> 8 | C13: =EDATE(C12,1) -> 44531 | D13: =F12-I12 -> 1303.928 | E13: =IF($G$3="",0,D13*$G$3/12) -> 32.109227 | F13: =SUM(D13:E13) -> 1336.0372 | G13: =IF(F13=0,0,IF(F13<G12,F13,G12)) -> 88 | H13: =IF((F13-G13)>=H12,H12,F13-G13) -> 200 | I13: =SUM(G13:H13) -> 288 | K13: =K12+1 -> 8 | L13: =EDATE(L12,1) -> 44531 | M13: =O12-R12 -> 659.49661 | N13: =IF(P10="",0,M13*$P$3/12) -> 13.195428 | O13: =SUM(M13:N13) -> 672.69203 | P13: =IF(O13=0,0,IF(O13<P12,O13,P12)) -> 40 | Q13: =IF(H13+G13>0,0,IF((O13-P13)>=$G$4+Summary!$P$8,$G$4+Summary!$P$8,O13-P13)) -> 0 | R13: =SUM(P13:Q13) -> 40 | T13: =T12+1 -> 8 | U13: =EDATE(U12,1) -> 44531 | V13: =X12-AA12 -> 6304.285 | W13: =IF($Y$3="",0,V13*$Y$3/12) -> 90.413955 | X13: =SUM(V13:W13) -> 6394.699 | Y13: =IF(X13=0,0,IF(X13<Y12,X13,Y12)) -> 120 | Z13: =IF(H13+Q13+P13+G13>0,0,IF((X13-Y13)>=$G$4+$P$4+Summary!$P$8,$G$4+$P$4+Summary!$P$8,X13-Y13)) -> 0 | AA13: =SUM(Y13:Z13) -> 120 | AC13: =AC12+1 -> 8 | AD13: =EDATE(AD12,1) -> 44531 | AE13: =AG12-AJ12 -> 12679.192 | AF13: =IF($AH$3="",0,AE13*$AH$3/12) -> 177.93132 | AG13: =SUM(AE13:AF13) -> 12857.123 | AH13: =IF(AG13=0,0,IF(AG13<AH12,AG13,AH12)) -> 340 | AI13: =IF(H13+Q13+Z13+Y13+P13+G13>0,0,IF((AG13-AH13)>=$G$4+$P$4+$Y$4+Summary!$P$8,$G$4+$P$4+$Y$4+Summary!$P$8,AG13-AH13)) -> 0 | AJ13: =SUM(AH13:AI13) -> 340 | AL13: =AL12+1 -> 8 | AM13: =EDATE(AM12,1) -> 44531 | AN13: =AP12-AS12 -> 1051.7848 | AO13: =IF($AQ$3="",0,AN13*$AQ$3/12) -> 13.708262 | AP13: =SUM(AN13:AO13) -> 1065.4931 | AQ13: =IF(AP13=0,0,IF(AP13<AQ12,AP13,AQ12)) -> 36 | AR13: =IF(H13+Q13+Z13+AI13+AH13+Y13+P13+G13>0,0,IF((AP13-AQ13)>=$G$4+$P$4+$Y$4+$AH$4+Summary!$P$8,$G$4+$P$4+$Y$4+$AH$4+Summary!$P$8,AP13-AQ13)) -> 0 | AS13: =SUM(AQ13:AR13) -> 36 | AU13: =AU12+1 -> 8 | AV13: =EDATE(AV12,1) -> 44531 | AW13: =AY12-BB12 -> 0 | AX13: =IF($AZ$3="",0,AW13*$AZ$3/12) -> 0 | AY13: =SUM(AW13:AX13) -> 0 | AZ13: =IF(AY13=0,0,IF(AY13<AZ12,AY13,AZ12)) -> 0 | BA13: =IF(H13+Q13+Z13+AI13+AR13+AQ13+AH13+Y13+P13+G13>0,0,IF((AY13-AZ13)>=$G$4+$P$4+$Y$4+$AH$4+$AQ$4+Summary!$P$8,$G$4+$P$4+$Y$4+$AH$4+$AQ$4+Summary!$P$8,AY13-AZ13)) -> 0 | BB13: =SUM(AZ13:BA13) -> 0 | BD13: =BD12+1 -> 8 | BE13: =EDATE(BE12,1) -> 44531 | BF13: =BH12-BK12 -> 0 | BG13: =IF($BI$3="",0,BF13*$BI$3/12) -> 0 | BH13: =SUM(BF13:BG13) -> 0 | BI13: =IF(BH13=0,0,IF(BH13<BI12,BH13,BI12)) -> 0 | BJ13: =IF(H13+Q13+Z13+AI13+AR13+BA13+AZ13+AQ13+AH13+Y13+P13+G13>0,0,IF((BH13-BI13)>=$G$4+$P$4+$Y$4+$AH$4+$AQ$4+$AZ$4+Summary!$P$8,$G$4+$P$4+$Y$4+$AH$4+$AQ$4+$AZ$4+Summary!$P$8,BH13-BI13)) -> 0 | BK13: =SUM(BI13:BJ13) -> 0 | BM13: =BM12+1 -> 8 | BN13: =EDATE(BN12,1) -> 44531 | BO13: =BQ12-BT12 -> 0 | BP13: =IF($BR$3="",0,BO13*$BR$3/12) -> 0 | BQ13: =SUM(BO13:BP13) -> 0 | BR13: =IF(BQ13=0,0,IF(BQ13<BR12,BQ13,BR12)) -> 0 | BS13: =IF(H13+Q13+Z13+AI13+AR13+BA13+BJ13+BI13+AZ13+AQ13+AH13+Y13+P13+G13>0,0,IF((BQ13-BR13)>=$G$4+$P$4+$Y$4+$AH$4+$AQ$4+$AZ$4+$BI$4+Summary!$P$8,$G$4+$P$4+$Y$4+$AH$4+$AQ$4+$AZ$4+$BI$4+Summary!$P$8,BQ13-BR13)) -> 0 | BT13: =SUM(BR13:BS13) -> 0 | BV13: =BV12+1 -> 8 | BW13: =EDATE(BW12,1) -> 44531 | BX13: =BZ12-CC12 -> 0 | BY13: =IF($CA$3="",0,BX13*$CA$3/12) -> 0 | BZ13: =SUM(BX13:BY13) -> 0 | CA13: =IF(BZ13=0,0,IF(BZ13<CA12,BZ13,CA12)) -> 0 | CB13: =IF(H13+Q13+Z13+AI13+AR13+BA13+BJ13+BS13+BR13+BI13+AZ13+AQ13+AH13+Y13+P13+G13>0,0,IF((BZ13-CA13)>=$G$4+$P$4+$Y$4+$AH$4+$AQ$4+$AZ$4+$BI$4+$BR$4+Summary!$P$8,$G$4+$P$4+$Y$4+$AH$4+$AQ$4+$AZ$4+$BI$4+$BR$4+Summary!$P$8,BZ13-CA13)) -> 0 | CC13: =SUM(CA13:CB13) -> 0 | CE13: =CE12+1 -> 8 | CF13: =EDATE(CF12,1) -> 44531 | CG13: =CI12-CL12 -> 0 | CH13: =IF($CJ$3="",0,CG13*$CJ$3/12) -> 0 | CI13: =SUM(CG13:CH13) -> 0 | CJ13: =IF(CI13=0,0,IF(CI13<CJ12,CI13,CJ12)) -> 0 | CK13: =IF(H13+Q13+Z13+AI13+AR13+BA13+BJ13+BS13+CB13+CA13+BR13+BI13+AZ13+AQ13+AH13+Y13+P13+G13>0,0,IF((CI13-CJ13)>=$G$4+$P$4+$Y$4+$AH$4+$AQ$4+$AZ$4+$BI$4+$BR$4+$CA$4+Summary!$P$8,$G$4+$P$4+$Y$4+$AH$4+$AQ$4+$AZ$4+$BI$4+$BR$4+$CA$4+Summary!$P$8,CI13-CJ13)) -> 0 | CL13: =SUM(CJ13:CK13) -> 0 | CN13: =CN12+1 -> 8 | CO13: =EDATE(CO12,1) -> 44531 | CP13: =D13+M13+V13+AE13+AN13+AW13+BF13+BO13+BX13+CG13 -> 21998.686 | CQ13: =E13+N13+W13+AF13+AO13+AX13+BG13+BP13+BY13+CH13 -> 327.3582 | CR13: =F13+O13+X13+AG13+AP13+AY13+BH13+BQ13+BZ13+CI13 -> 22326.044 | CS13: =G13+P13+Y13+AH13+AQ13+AZ13+BI13+BR13+CA13+CJ13 -> 624 | CT13: =H13+Q13+Z13+AI13+AR13+BA13+BJ13+BS13+CB13+CK13 -> 200 | CU13: =I13+R13+AA13+AJ13+AS13+BB13+BK13+BT13+CC13+CL13 -> 824 | CV13: =CO13 -> 44531
B14: =B13+1 -> 9 | C14: =EDATE(C13,1) -> 44562 | D14: =F13-I13 -> 1048.0372 | E14: =IF($G$3="",0,D14*$G$3/12) -> 25.807917 | F14: =SUM(D14:E14) -> 1073.8452 | G14: =IF(F14=0,0,IF(F14<G13,F14,G13)) -> 88 | H14: =IF((F14-G14)>=H13,H13,F14-G14) -> 200 | I14: =SUM(G14:H14) -> 288 | K14: =K13+1 -> 9 | L14: =EDATE(L13,1) -> 44562 | M14: =O13-R13 -> 632.69203 | N14: =IF(P11="",0,M14*$P$3/12) -> 12.659113 | O14: =SUM(M14:N14) -> 645.35115 | P14: =IF(O14=0,0,IF(O14<P13,O14,P13)) -> 40 | Q14: =IF(H14+G14>0,0,IF((O14-P14)>=$G$4+Summary!$P$8,$G$4+Summary!$P$8,O14-P14)) -> 0 | R14: =SUM(P14:Q14) -> 40 | T14: =T13+1 -> 9 | U14: =EDATE(U13,1) -> 44562 | V14: =X13-AA13 -> 6274.699 | W14: =IF($Y$3="",0,V14*$Y$3/12) -> 89.989642 | X14: =SUM(V14:W14) -> 6364.6886 | Y14: =IF(X14=0,0,IF(X14<Y13,X14,Y13)) -> 120 | Z14: =IF(H14+Q14+P14+G14>0,0,IF((X14-Y14)>=$G$4+$P$4+Summary!$P$8,$G$4+$P$4+Summary!$P$8,X14-Y14)) -> 0 | AA14: =SUM(Y14:Z14) -> 120 | AC14: =AC13+1 -> 9 | AD14: =EDATE(AD13,1) -> 44562 | AE14: =AG13-AJ13 -> 12517.123 | AF14: =IF($AH$3="",0,AE14*$AH$3/12) -> 175.65696 | AG14: =SUM(AE14:AF14) -> 12692.78 | AH14: =IF(AG14=0,0,IF(AG14<AH13,AG14,AH13)) -> 340 | AI14: =IF(H14+Q14+Z14+Y14+P14+G14>0,0,IF((AG14-AH14)>=$G$4+$P$4+$Y$4+Summary!$P$8,$G$4+$P$4+$Y$4+Summary!$P$8,AG14-AH14)) -> 0 | AJ14: =SUM(AH14:AI14) -> 340 | AL14: =AL13+1 -> 9 | AM14: =EDATE(AM13,1) -> 44562 | AN14: =AP13-AS13 -> 1029.4931 | AO14: =IF($AQ$3="",0,AN14*$AQ$3/12) -> 13.417727 | AP14: =SUM(AN14:AO14) -> 1042.9108 | AQ14: =IF(AP14=0,0,IF(AP14<AQ13,AP14,AQ13)) -> 36 | AR14: =IF(H14+Q14+Z14+AI14+AH14+Y14+P14+G14>0,0,IF((AP14-AQ14)>=$G$4+$P$4+$Y$4+$AH$4+Summary!$P$8,$G$4+$P$4+$Y$4+$AH$4+Summary!$P$8,AP14-AQ14)) -> 0 | AS14: =SUM(AQ14:AR14) -> 36 | AU14: =AU13+1 -> 9 | AV14: =EDATE(AV13,1) -> 44562 | AW14: =AY13-BB13 -> 0 | AX14: =IF($AZ$3="",0,AW14*$AZ$3/12) -> 0 | AY14: =SUM(AW14:AX14) -> 0 | AZ14: =IF(AY14=0,0,IF(AY14<AZ13,AY14,AZ13)) -> 0 | BA14: =IF(H14+Q14+Z14+AI14+AR14+AQ14+AH14+Y14+P14+G14>0,0,IF((AY14-AZ14)>=$G$4+$P$4+$Y$4+$AH$4+$AQ$4+Summary!$P$8,$G$4+$P$4+$Y$4+$AH$4+$AQ$4+Summary!$P$8,AY14-AZ14)) -> 0 | BB14: =SUM(AZ14:BA14) -> 0 | BD14: =BD13+1 -> 9 | BE14: =EDATE(BE13,1) -> 44562 | BF14: =BH13-BK13 -> 0 | BG14: =IF($BI$3="",0,BF14*$BI$3/12) -> 0 | BH14: =SUM(BF14:BG14) -> 0 | BI14: =IF(BH14=0,0,IF(BH14<BI13,BH14,BI13)) -> 0 | BJ14: =IF(H14+Q14+Z14+AI14+AR14+BA14+AZ14+AQ14+AH14+Y14+P14+G14>0,0,IF((BH14-BI14)>=$G$4+$P$4+$Y$4+$AH$4+$AQ$4+$AZ$4+Summary!$P$8,$G$4+$P$4+$Y$4+$AH$4+$AQ$4+$AZ$4+Summary!$P$8,BH14-BI14)) -> 0 | BK14: =SUM(BI14:BJ14) -> 0 | BM14: =BM13+1 -> 9 | BN14: =EDATE(BN13,1) -> 44562 | BO14: =BQ13-BT13 -> 0 | BP14: =IF($BR$3="",0,BO14*$BR$3/12) -> 0 | BQ14: =SUM(BO14:BP14) -> 0 | BR14: =IF(BQ14=0,0,IF(BQ14<BR13,BQ14,BR13)) -> 0 | BS14: =IF(H14+Q14+Z14+AI14+AR14+BA14+BJ14+BI14+AZ14+AQ14+AH14+Y14+P14+G14>0,0,IF((BQ14-BR14)>=$G$4+$P$4+$Y$4+$AH$4+$AQ$4+$AZ$4+$BI$4+Summary!$P$8,$G$4+$P$4+$Y$4+$AH$4+$AQ$4+$AZ$4+$BI$4+Summary!$P$8,BQ14-BR14)) -> 0 | BT14: =SUM(BR14:BS14) -> 0 | BV14: =BV13+1 -> 9 | BW14: =EDATE(BW13,1) -> 44562 | BX14: =BZ13-CC13 -> 0 | BY14: =IF($CA$3="",0,BX14*$CA$3/12) -> 0 | BZ14: =SUM(BX14:BY14) -> 0 | CA14: =IF(BZ14=0,0,IF(BZ14<CA13,BZ14,CA13)) -> 0 | CB14: =IF(H14+Q14+Z14+AI14+AR14+BA14+BJ14+BS14+BR14+BI14+AZ14+AQ14+AH14+Y14+P14+G14>0,0,IF((BZ14-CA14)>=$G$4+$P$4+$Y$4+$AH$4+$AQ$4+$AZ$4+$BI$4+$BR$4+Summary!$P$8,$G$4+$P$4+$Y$4+$AH$4+$AQ$4+$AZ$4+$BI$4+$BR$4+Summary!$P$8,BZ14-CA14)) -> 0 | CC14: =SUM(CA14:CB14) -> 0 | CE14: =CE13+1 -> 9 | CF14: =EDATE(CF13,1) -> 44562 | CG14: =CI13-CL13 -> 0 | CH14: =IF($CJ$3="",0,CG14*$CJ$3/12) -> 0 | CI14: =SUM(CG14:CH14) -> 0 | CJ14: =IF(CI14=0,0,IF(CI14<CJ13,CI14,CJ13)) -> 0 | CK14: =IF(H14+Q14+Z14+AI14+AR14+BA14+BJ14+BS14+CB14+CA14+BR14+BI14+AZ14+AQ14+AH14+Y14+P14+G14>0,0,IF((CI14-CJ14)>=$G$4+$P$4+$Y$4+$AH$4+$AQ$4+$AZ$4+$BI$4+$BR$4+$CA$4+Summary!$P$8,$G$4+$P$4+$Y$4+$AH$4+$AQ$4+$AZ$4+$BI$4+$BR$4+$CA$4+Summary!$P$8,CI14-CJ14)) -> 0 | CL14: =SUM(CJ14:CK14) -> 0 | CN14: =CN13+1 -> 9 | CO14: =EDATE(CO13,1) -> 44562 | CP14: =D14+M14+V14+AE14+AN14+AW14+BF14+BO14+BX14+CG14 -> 21502.044 | CQ14: =E14+N14+W14+AF14+AO14+AX14+BG14+BP14+BY14+CH14 -> 317.53136 | CR14: =F14+O14+X14+AG14+AP14+AY14+BH14+BQ14+BZ14+CI14 -> 21819.576 | CS14: =G14+P14+Y14+AH14+AQ14+AZ14+BI14+BR14+CA14+CJ14 -> 624 | CT14: =H14+Q14+Z14+AI14+AR14+BA14+BJ14+BS14+CB14+CK14 -> 200 | CU14: =I14+R14+AA14+AJ14+AS14+BB14+BK14+BT14+CC14+CL14 -> 824 | CV14: =CO14 -> 44562
B15: =B14+1 -> 10 | C15: =EDATE(C14,1) -> 44593 | D15: =F14-I14 -> 785.84516 | E15: =IF($G$3="",0,D15*$G$3/12) -> 19.351437 | F15: =SUM(D15:E15) -> 805.1966 | G15: =IF(F15=0,0,IF(F15<G14,F15,G14)) -> 88 | H15: =IF((F15-G15)>=H14,H14,F15-G15) -> 200 | I15: =SUM(G15:H15) -> 288 | K15: =K14+1 -> 10 | L15: =EDATE(L14,1) -> 44593 | M15: =O14-R14 -> 605.35115 | N15: =IF(P12="",0,M15*$P$3/12) -> 12.112068 | O15: =SUM(M15:N15) -> 617.46321 | P15: =IF(O15=0,0,IF(O15<P14,O15,P14)) -> 40 | Q15: =IF(H15+G15>0,0,IF((O15-P15)>=$G$4+Summary!$P$8,$G$4+Summary!$P$8,O15-P15)) -> 0 | R15: =SUM(P15:Q15) -> 40 | T15: =T14+1 -> 10 | U15: =EDATE(U14,1) -> 44593 | V15: =X14-AA14 -> 6244.6886 | W15: =IF($Y$3="",0,V15*$Y$3/12) -> 89.559243 | X15: =SUM(V15:W15) -> 6334.2479 | Y15: =IF(X15=0,0,IF(X15<Y14,X15,Y14)) -> 120 | Z15: =IF(H15+Q15+P15+G15>0,0,IF((X15-Y15)>=$G$4+$P$4+Summary!$P$8,$G$4+$P$4+Summary!$P$8,X15-Y15)) -> 0 | AA15: =SUM(Y15:Z15) -> 120 | AC15: =AC14+1 -> 10 | AD15: =EDATE(AD14,1) -> 44593 | AE15: =AG14-AJ14 -> 12352.78 | AF15: =IF($AH$3="",0,AE15*$AH$3/12) -> 173.35068 | AG15: =SUM(AE15:AF15) -> 12526.131 | AH15: =IF(AG15=0,0,IF(AG15<AH14,AG15,AH14)) -> 340 | AI15: =IF(H15+Q15+Z15+Y15+P15+G15>0,0,IF((AG15-AH15)>=$G$4+$P$4+$Y$4+Summary!$P$8,$G$4+$P$4+$Y$4+Summary!$P$8,AG15-AH15)) -> 0 | AJ15: =SUM(AH15:AI15) -> 340 | AL15: =AL14+1 -> 10 | AM15: =EDATE(AM14,1) -> 44593 | AN15: =AP14-AS14 -> 1006.9108 | AO15: =IF($AQ$3="",0,AN15*$AQ$3/12) -> 13.123404 | AP15: =SUM(AN15:AO15) -> 1020.0342 | AQ15: =IF(AP15=0,0,IF(AP15<AQ14,AP15,AQ14)) -> 36 | AR15: =IF(H15+Q15+Z15+AI15+AH15+Y15+P15+G15>0,0,IF((AP15-AQ15)>=$G$4+$P$4+$Y$4+$AH$4+Summary!$P$8,$G$4+$P$4+$Y$4+$AH$4+Summary!$P$8,AP15-AQ15)) -> 0 | AS15: =SUM(AQ15:AR15) -> 36 | AU15: =AU14+1 -> 10 | AV15: =EDATE(AV14,1) -> 44593 | AW15: =AY14-BB14 -> 0 | AX15: =IF($AZ$3="",0,AW15*$AZ$3/12) -> 0 | AY15: =SUM(AW15:AX15) -> 0 | AZ15: =IF(AY15=0,0,IF(AY15<AZ14,AY15,AZ14)) -> 0 | BA15: =IF(H15+Q15+Z15+AI15+AR15+AQ15+AH15+Y15+P15+G15>0,0,IF((AY15-AZ15)>=$G$4+$P$4+$Y$4+$AH$4+$AQ$4+Summary!$P$8,$G$4+$P$4+$Y$4+$AH$4+$AQ$4+Summary!$P$8,AY15-AZ15)) -> 0 | BB15: =SUM(AZ15:BA15) -> 0 | BD15: =BD14+1 -> 10 | BE15: =EDATE(BE14,1) -> 44593 | BF15: =BH14-BK14 -> 0 | BG15: =IF($BI$3="",0,BF15*$BI$3/12) -> 0 | BH15: =SUM(BF15:BG15) -> 0 | BI15: =IF(BH15=0,0,IF(BH15<BI14,BH15,BI14)) -> 0 | BJ15: =IF(H15+Q15+Z15+AI15+AR15+BA15+AZ15+AQ15+AH15+Y15+P15+G15>0,0,IF((BH15-BI15)>=$G$4+$P$4+$Y$4+$AH$4+$AQ$4+$AZ$4+Summary!$P$8,$G$4+$P$4+$Y$4+$AH$4+$AQ$4+$AZ$4+Summary!$P$8,BH15-BI15)) -> 0 | BK15: =SUM(BI15:BJ15) -> 0 | BM15: =BM14+1 -> 10 | BN15: =EDATE(BN14,1) -> 44593 | BO15: =BQ14-BT14 -> 0 | BP15: =IF($BR$3="",0,BO15*$BR$3/12) -> 0 | BQ15: =SUM(BO15:BP15) -> 0 | BR15: =IF(BQ15=0,0,IF(BQ15<BR14,BQ15,BR14)) -> 0 | BS15: =IF(H15+Q15+Z15+AI15+AR15+BA15+BJ15+BI15+AZ15+AQ15+AH15+Y15+P15+G15>0,0,IF((BQ15-BR15)>=$G$4+$P$4+$Y$4+$AH$4+$AQ$4+$AZ$4+$BI$4+Summary!$P$8,$G$4+$P$4+$Y$4+$AH$4+$AQ$4+$AZ$4+$BI$4+Summary!$P$8,BQ15-BR15)) -> 0 | BT15: =SUM(BR15:BS15) -> 0 | BV15: =BV14+1 -> 10 | BW15: =EDATE(BW14,1) -> 44593 | BX15: =BZ14-CC14 -> 0 | BY15: =IF($CA$3="",0,BX15*$CA$3/12) -> 0 | BZ15: =SUM(BX15:BY15) -> 0 | CA15: =IF(BZ15=0,0,IF(BZ15<CA14,BZ15,CA14)) -> 0 | CB15: =IF(H15+Q15+Z15+AI15+AR15+BA15+BJ15+BS15+BR15+BI15+AZ15+AQ15+AH15+Y15+P15+G15>0,0,IF((BZ15-CA15)>=$G$4+$P$4+$Y$4+$AH$4+$AQ$4+$AZ$4+$BI$4+$BR$4+Summary!$P$8,$G$4+$P$4+$Y$4+$AH$4+$AQ$4+$AZ$4+$BI$4+$BR$4+Summary!$P$8,BZ15-CA15)) -> 0 | CC15: =SUM(CA15:CB15) -> 0 | CE15: =CE14+1 -> 10 | CF15: =EDATE(CF14,1) -> 44593 | CG15: =CI14-CL14 -> 0 | CH15: =IF($CJ$3="",0,CG15*$CJ$3/12) -> 0 | CI15: =SUM(CG15:CH15) -> 0 | CJ15: =IF(CI15=0,0,IF(CI15<CJ14,CI15,CJ14)) -> 0 | CK15: =IF(H15+Q15+Z15+AI15+AR15+BA15+BJ15+BS15+CB15+CA15+BR15+BI15+AZ15+AQ15+AH15+Y15+P15+G15>0,0,IF((CI15-CJ15)>=$G$4+$P$4+$Y$4+$AH$4+$AQ$4+$AZ$4+$BI$4+$BR$4+$CA$4+Summary!$P$8,$G$4+$P$4+$Y$4+$AH$4+$AQ$4+$AZ$4+$BI$4+$BR$4+$CA$4+Summary!$P$8,CI15-CJ15)) -> 0 | CL15: =SUM(CJ15:CK15) -> 0 | CN15: =CN14+1 -> 10 | CO15: =EDATE(CO14,1) -> 44593 | CP15: =D15+M15+V15+AE15+AN15+AW15+BF15+BO15+BX15+CG15 -> 20995.576 | CQ15: =E15+N15+W15+AF15+AO15+AX15+BG15+BP15+BY15+CH15 -> 307.49683 | CR15: =F15+O15+X15+AG15+AP15+AY15+BH15+BQ15+BZ15+CI15 -> 21303.073 | CS15: =G15+P15+Y15+AH15+AQ15+AZ15+BI15+BR15+CA15+CJ15 -> 624 | CT15: =H15+Q15+Z15+AI15+AR15+BA15+BJ15+BS15+CB15+CK15 -> 200 | CU15: =I15+R15+AA15+AJ15+AS15+BB15+BK15+BT15+CC15+CL15 -> 824 | CV15: =CO15 -> 44593
B16: =B15+1 -> 11 | C16: =EDATE(C15,1) -> 44621 | D16: =F15-I15 -> 517.1966 | E16: =IF($G$3="",0,D16*$G$3/12) -> 12.735966 | F16: =SUM(D16:E16) -> 529.93256 | G16: =IF(F16=0,0,IF(F16<G15,F16,G15)) -> 88 | H16: =IF((F16-G16)>=H15,H15,F16-G16) -> 200 | I16: =SUM(G16:H16) -> 288 | K16: =K15+1 -> 11 | L16: =EDATE(L15,1) -> 44621 | M16: =O15-R15 -> 577.46321 | N16: =IF(P13="",0,M16*$P$3/12) -> 11.554076 | O16: =SUM(M16:N16) -> 589.01729 | P16: =IF(O16=0,0,IF(O16<P15,O16,P15)) -> 40 | Q16: =IF(H16+G16>0,0,IF((O16-P16)>=$G$4+Summary!$P$8,$G$4+Summary!$P$8,O16-P16)) -> 0 | R16: =SUM(P16:Q16) -> 40 | T16: =T15+1 -> 11 | U16: =EDATE(U15,1) -> 44621 | V16: =X15-AA15 -> 6214.2479 | W16: =IF($Y$3="",0,V16*$Y$3/12) -> 89.122672 | X16: =SUM(V16:W16) -> 6303.3706 | Y16: =IF(X16=0,0,IF(X16<Y15,X16,Y15)) -> 120 | Z16: =IF(H16+Q16+P16+G16>0,0,IF((X16-Y16)>=$G$4+$P$4+Summary!$P$8,$G$4+$P$4+Summary!$P$8,X16-Y16)) -> 0 | AA16: =SUM(Y16:Z16) -> 120 | AC16: =AC15+1 -> 11 | AD16: =EDATE(AD15,1) -> 44621 | AE16: =AG15-AJ15 -> 12186.131 | AF16: =IF($AH$3="",0,AE16*$AH$3/12) -> 171.01203 | AG16: =SUM(AE16:AF16) -> 12357.143 | AH16: =IF(AG16=0,0,IF(AG16<AH15,AG16,AH15)) -> 340 | AI16: =IF(H16+Q16+Z16+Y16+P16+G16>0,0,IF((AG16-AH16)>=$G$4+$P$4+$Y$4+Summary!$P$8,$G$4+$P$4+$Y$4+Summary!$P$8,AG16-AH16)) -> 0 | AJ16: =SUM(AH16:AI16) -> 340 | AL16: =AL15+1 -> 11 | AM16: =EDATE(AM15,1) -> 44621 | AN16: =AP15-AS15 -> 984.03422 | AO16: =IF($AQ$3="",0,AN16*$AQ$3/12) -> 12.825246 | AP16: =SUM(AN16:AO16) -> 996.85947 | AQ16: =IF(AP16=0,0,IF(AP16<AQ15,AP16,AQ15)) -> 36 | AR16: =IF(H16+Q16+Z16+AI16+AH16+Y16+P16+G16>0,0,IF((AP16-AQ16)>=$G$4+$P$4+$Y$4+$AH$4+Summary!$P$8,$G$4+$P$4+$Y$4+$AH$4+Summary!$P$8,AP16-AQ16)) -> 0 | AS16: =SUM(AQ16:AR16) -> 36 | AU16: =AU15+1 -> 11 | AV16: =EDATE(AV15,1) -> 44621 | AW16: =AY15-BB15 -> 0 | AX16: =IF($AZ$3="",0,AW16*$AZ$3/12) -> 0 | AY16: =SUM(AW16:AX16) -> 0 | AZ16: =IF(AY16=0,0,IF(AY16<AZ15,AY16,AZ15)) -> 0 | BA16: =IF(H16+Q16+Z16+AI16+AR16+AQ16+AH16+Y16+P16+G16>0,0,IF((AY16-AZ16)>=$G$4+$P$4+$Y$4+$AH$4+$AQ$4+Summary!$P$8,$G$4+$P$4+$Y$4+$AH$4+$AQ$4+Summary!$P$8,AY16-AZ16)) -> 0 | BB16: =SUM(AZ16:BA16) -> 0 | BD16: =BD15+1 -> 11 | BE16: =EDATE(BE15,1) -> 44621 | BF16: =BH15-BK15 -> 0 | BG16: =IF($BI$3="",0,BF16*$BI$3/12) -> 0 | BH16: =SUM(BF16:BG16) -> 0 | BI16: =IF(BH16=0,0,IF(BH16<BI15,BH16,BI15)) -> 0 | BJ16: =IF(H16+Q16+Z16+AI16+AR16+BA16+AZ16+AQ16+AH16+Y16+P16+G16>0,0,IF((BH16-BI16)>=$G$4+$P$4+$Y$4+$AH$4+$AQ$4+$AZ$4+Summary!$P$8,$G$4+$P$4+$Y$4+$AH$4+$AQ$4+$AZ$4+Summary!$P$8,BH16-BI16)) -> 0 | BK16: =SUM(BI16:BJ16) -> 0 | BM16: =BM15+1 -> 11 | BN16: =EDATE(BN15,1) -> 44621 | BO16: =BQ15-BT15 -> 0 | BP16: =IF($BR$3="",0,BO16*$BR$3/12) -> 0 | BQ16: =SUM(BO16:BP16) -> 0 | BR16: =IF(BQ16=0,0,IF(BQ16<BR15,BQ16,BR15)) -> 0 | BS16: =IF(H16+Q16+Z16+AI16+AR16+BA16+BJ16+BI16+AZ16+AQ16+AH16+Y16+P16+G16>0,0,IF((BQ16-BR16)>=$G$4+$P$4+$Y$4+$AH$4+$AQ$4+$AZ$4+$BI$4+Summary!$P$8,$G$4+$P$4+$Y$4+$AH$4+$AQ$4+$AZ$4+$BI$4+Summary!$P$8,BQ16-BR16)) -> 0 | BT16: =SUM(BR16:BS16) -> 0 | BV16: =BV15+1 -> 11 | BW16: =EDATE(BW15,1) -> 44621 | BX16: =BZ15-CC15 -> 0 | BY16: =IF($CA$3="",0,BX16*$CA$3/12) -> 0 | BZ16: =SUM(BX16:BY16) -> 0 | CA16: =IF(BZ16=0,0,IF(BZ16<CA15,BZ16,CA15)) -> 0 | CB16: =IF(H16+Q16+Z16+AI16+AR16+BA16+BJ16+BS16+BR16+BI16+AZ16+AQ16+AH16+Y16+P16+G16>0,0,IF((BZ16-CA16)>=$G$4+$P$4+$Y$4+$AH$4+$AQ$4+$AZ$4+$BI$4+$BR$4+Summary!$P$8,$G$4+$P$4+$Y$4+$AH$4+$AQ$4+$AZ$4+$BI$4+$BR$4+Summary!$P$8,BZ16-CA16)) -> 0 | CC16: =SUM(CA16:CB16) -> 0 | CE16: =CE15+1 -> 11 | CF16: =EDATE(CF15,1) -> 44621 | CG16: =CI15-CL15 -> 0 | CH16: =IF($CJ$3="",0,CG16*$CJ$3/12) -> 0 | CI16: =SUM(CG16:CH16) -> 0 | CJ16: =IF(CI16=0,0,IF(CI16<CJ15,CI16,CJ15)) -> 0 | CK16: =IF(H16+Q16+Z16+AI16+AR16+BA16+BJ16+BS16+CB16+CA16+BR16+BI16+AZ16+AQ16+AH16+Y16+P16+G16>0,0,IF((CI16-CJ16)>=$G$4+$P$4+$Y$4+$AH$4+$AQ$4+$AZ$4+$BI$4+$BR$4+$CA$4+Summary!$P$8,$G$4+$P$4+$Y$4+$AH$4+$AQ$4+$AZ$4+$BI$4+$BR$4+$CA$4+Summary!$P$8,CI16-CJ16)) -> 0 | CL16: =SUM(CJ16:CK16) -> 0 | CN16: =CN15+1 -> 11 | CO16: =EDATE(CO15,1) -> 44621 | CP16: =D16+M16+V16+AE16+AN16+AW16+BF16+BO16+BX16+CG16 -> 20479.073 | CQ16: =E16+N16+W16+AF16+AO16+AX16+BG16+BP16+BY16+CH16 -> 297.24999 | CR16: =F16+O16+X16+AG16+AP16+AY16+BH16+BQ16+BZ16+CI16 -> 20776.323 | CS16: =G16+P16+Y16+AH16+AQ16+AZ16+BI16+BR16+CA16+CJ16 -> 624 | CT16: =H16+Q16+Z16+AI16+AR16+BA16+BJ16+BS16+CB16+CK16 -> 200 | CU16: =I16+R16+AA16+AJ16+AS16+BB16+BK16+BT16+CC16+CL16 -> 824 | CV16: =CO16 -> 44621
B17: =B16+1 -> 12 | C17: =EDATE(C16,1) -> 44652 | D17: =F16-I16 -> 241.93256 | E17: =IF($G$3="",0,D17*$G$3/12) -> 5.9575894 | F17: =SUM(D17:E17) -> 247.89015 | G17: =IF(F17=0,0,IF(F17<G16,F17,G16)) -> 88 | H17: =IF((F17-G17)>=H16,H16,F17-G17) -> 159.89015 | I17: =SUM(G17:H17) -> 247.89015 | K17: =K16+1 -> 12 | L17: =EDATE(L16,1) -> 44652 | M17: =O16-R16 -> 549.01729 | N17: =IF(P14="",0,M17*$P$3/12) -> 10.984921 | O17: =SUM(M17:N17) -> 560.00221 | P17: =IF(O17=0,0,IF(O17<P16,O17,P16)) -> 40 | Q17: =IF(H17+G17>0,0,IF((O17-P17)>=$G$4+Summary!$P$8,$G$4+Summary!$P$8,O17-P17)) -> 0 | R17: =SUM(P17:Q17) -> 40 | T17: =T16+1 -> 12 | U17: =EDATE(U16,1) -> 44652 | V17: =X16-AA16 -> 6183.3706 | W17: =IF($Y$3="",0,V17*$Y$3/12) -> 88.679839 | X17: =SUM(V17:W17) -> 6272.0504 | Y17: =IF(X17=0,0,IF(X17<Y16,X17,Y16)) -> 120 | Z17: =IF(H17+Q17+P17+G17>0,0,IF((X17-Y17)>=$G$4+$P$4+Summary!$P$8,$G$4+$P$4+Summary!$P$8,X17-Y17)) -> 0 | AA17: =SUM(Y17:Z17) -> 120 | AC17: =AC16+1 -> 12 | AD17: =EDATE(AD16,1) -> 44652 | AE17: =AG16-AJ16 -> 12017.143 | AF17: =IF($AH$3="",0,AE17*$AH$3/12) -> 168.64057 | AG17: =SUM(AE17:AF17) -> 12185.783 | AH17: =IF(AG17=0,0,IF(AG17<AH16,AG17,AH16)) -> 340 | AI17: =IF(H17+Q17+Z17+Y17+P17+G17>0,0,IF((AG17-AH17)>=$G$4+$P$4+$Y$4+Summary!$P$8,$G$4+$P$4+$Y$4+Summary!$P$8,AG17-AH17)) -> 0 | AJ17: =SUM(AH17:AI17) -> 340 | AL17: =AL16+1 -> 12 | AM17: =EDATE(AM16,1) -> 44652 | AN17: =AP16-AS16 -> 960.85947 | AO17: =IF($AQ$3="",0,AN17*$AQ$3/12) -> 12.523202 | AP17: =SUM(AN17:AO17) -> 973.38267 | AQ17: =IF(AP17=0,0,IF(AP17<AQ16,AP17,AQ16)) -> 36 | AR17: =IF(H17+Q17+Z17+AI17+AH17+Y17+P17+G17>0,0,IF((AP17-AQ17)>=$G$4+$P$4+$Y$4+$AH$4+Summary!$P$8,$G$4+$P$4+$Y$4+$AH$4+Summary!$P$8,AP17-AQ17)) -> 0 | AS17: =SUM(AQ17:AR17) -> 36 | AU17: =AU16+1 -> 12 | AV17: =EDATE(AV16,1) -> 44652 | AW17: =AY16-BB16 -> 0 | AX17: =IF($AZ$3="",0,AW17*$AZ$3/12) -> 0 | AY17: =SUM(AW17:AX17) -> 0 | AZ17: =IF(AY17=0,0,IF(AY17<AZ16,AY17,AZ16)) -> 0 | BA17: =IF(H17+Q17+Z17+AI17+AR17+AQ17+AH17+Y17+P17+G17>0,0,IF((AY17-AZ17)>=$G$4+$P$4+$Y$4+$AH$4+$AQ$4+Summary!$P$8,$G$4+$P$4+$Y$4+$AH$4+$AQ$4+Summary!$P$8,AY17-AZ17)) -> 0 | BB17: =SUM(AZ17:BA17) -> 0 | BD17: =BD16+1 -> 12 | BE17: =EDATE(BE16,1) -> 44652 | BF17: =BH16-BK16 -> 0 | BG17: =IF($BI$3="",0,BF17*$BI$3/12) -> 0 | BH17: =SUM(BF17:BG17) -> 0 | BI17: =IF(BH17=0,0,IF(BH17<BI16,BH17,BI16)) -> 0 | BJ17: =IF(H17+Q17+Z17+AI17+AR17+BA17+AZ17+AQ17+AH17+Y17+P17+G17>0,0,IF((BH17-BI17)>=$G$4+$P$4+$Y$4+$AH$4+$AQ$4+$AZ$4+Summary!$P$8,$G$4+$P$4+$Y$4+$AH$4+$AQ$4+$AZ$4+Summary!$P$8,BH17-BI17)) -> 0 | BK17: =SUM(BI17:BJ17) -> 0 | BM17: =BM16+1 -> 12 | BN17: =EDATE(BN16,1) -> 44652 | BO17: =BQ16-BT16 -> 0 | BP17: =IF($BR$3="",0,BO17*$BR$3/12) -> 0 | BQ17: =SUM(BO17:BP17) -> 0 | BR17: =IF(BQ17=0,0,IF(BQ17<BR16,BQ17,BR16)) -> 0 | BS17: =IF(H17+Q17+Z17+AI17+AR17+BA17+BJ17+BI17+AZ17+AQ17+AH17+Y17+P17+G17>0,0,IF((BQ17-BR17)>=$G$4+$P$4+$Y$4+$AH$4+$AQ$4+$AZ$4+$BI$4+Summary!$P$8,$G$4+$P$4+$Y$4+$AH$4+$AQ$4+$AZ$4+$BI$4+Summary!$P$8,BQ17-BR17)) -> 0 | BT17: =SUM(BR17:BS17) -> 0 | BV17: =BV16+1 -> 12 | BW17: =EDATE(BW16,1) -> 44652 | BX17: =BZ16-CC16 -> 0 | BY17: =IF($CA$3="",0,BX17*$CA$3/12) -> 0 | BZ17: =SUM(BX17:BY17) -> 0 | CA17: =IF(BZ17=0,0,IF(BZ17<CA16,BZ17,CA16)) -> 0 | CB17: =IF(H17+Q17+Z17+AI17+AR17+BA17+BJ17+BS17+BR17+BI17+AZ17+AQ17+AH17+Y17+P17+G17>0,0,IF((BZ17-CA17)>=$G$4+$P$4+$Y$4+$AH$4+$AQ$4+$AZ$4+$BI$4+$BR$4+Summary!$P$8,$G$4+$P$4+$Y$4+$AH$4+$AQ$4+$AZ$4+$BI$4+$BR$4+Summary!$P$8,BZ17-CA17)) -> 0 | CC17: =SUM(CA17:CB17) -> 0 | CE17: =CE16+1 -> 12 | CF17: =EDATE(CF16,1) -> 44652 | CG17: =CI16-CL16 -> 0 | CH17: =IF($CJ$3="",0,CG17*$CJ$3/12) -> 0 | CI17: =SUM(CG17:CH17) -> 0 | CJ17: =IF(CI17=0,0,IF(CI17<CJ16,CI17,CJ16)) -> 0 | CK17: =IF(H17+Q17+Z17+AI17+AR17+BA17+BJ17+BS17+CB17+CA17+BR17+BI17+AZ17+AQ17+AH17+Y17+P17+G17>0,0,IF((CI17-CJ17)>=$G$4+$P$4+$Y$4+$AH$4+$AQ$4+$AZ$4+$BI$4+$BR$4+$CA$4+Summary!$P$8,$G$4+$P$4+$Y$4+$AH$4+$AQ$4+$AZ$4+$BI$4+$BR$4+$CA$4+Summary!$P$8,CI17-CJ17)) -> 0 | CL17: =SUM(CJ17:CK17) -> 0 | CN17: =CN16+1 -> 12 | CO17: =EDATE(CO16,1) -> 44652 | CP17: =D17+M17+V17+AE17+AN17+AW17+BF17+BO17+BX17+CG17 -> 19952.323 | CQ17: =E17+N17+W17+AF17+AO17+AX17+BG17+BP17+BY17+CH17 -> 286.78612 | CR17: =F17+O17+X17+AG17+AP17+AY17+BH17+BQ17+BZ17+CI17 -> 20239.109 | CS17: =G17+P17+Y17+AH17+AQ17+AZ17+BI17+BR17+CA17+CJ17 -> 624 | CT17: =H17+Q17+Z17+AI17+AR17+BA17+BJ17+BS17+CB17+CK17 -> 159.89015 | CU17: =I17+R17+AA17+AJ17+AS17+BB17+BK17+BT17+CC17+CL17 -> 783.89015 | CV17: =CO17 -> 44652
B18: =B17+1 -> 13 | C18: =EDATE(C17,1) -> 44682 | D18: =F17-I17 -> 0 | E18: =IF($G$3="",0,D18*$G$3/12) -> 0 | F18: =SUM(D18:E18) -> 0 | G18: =IF(F18=0,0,IF(F18<G17,F18,G17)) -> 0 | H18: =IF((F18-G18)>=H17,H17,F18-G18) -> 0 | I18: =SUM(G18:H18) -> 0 | K18: =K17+1 -> 13 | L18: =EDATE(L17,1) -> 44682 | M18: =O17-R17 -> 520.00221 | N18: =IF(P15="",0,M18*$P$3/12) -> 10.404378 | O18: =SUM(M18:N18) -> 530.40659 | P18: =IF(O18=0,0,IF(O18<P17,O18,P17)) -> 40 | Q18: =IF(H18+G18>0,0,IF((O18-P18)>=$G$4+Summary!$P$8,$G$4+Summary!$P$8,O18-P18)) -> 288 | R18: =SUM(P18:Q18) -> 328 | T18: =T17+1 -> 13 | U18: =EDATE(U17,1) -> 44682 | V18: =X17-AA17 -> 6152.0504 | W18: =IF($Y$3="",0,V18*$Y$3/12) -> 88.230656 | X18: =SUM(V18:W18) -> 6240.2811 | Y18: =IF(X18=0,0,IF(X18<Y17,X18,Y17)) -> 120 | Z18: =IF(H18+Q18+P18+G18>0,0,IF((X18-Y18)>=$G$4+$P$4+Summary!$P$8,$G$4+$P$4+Summary!$P$8,X18-Y18)) -> 0 | AA18: =SUM(Y18:Z18) -> 120 | AC18: =AC17+1 -> 13 | AD18: =EDATE(AD17,1) -> 44682 | AE18: =AG17-AJ17 -> 11845.783 | AF18: =IF($AH$3="",0,AE18*$AH$3/12) -> 166.23582 | AG18: =SUM(AE18:AF18) -> 12012.019 | AH18: =IF(AG18=0,0,IF(AG18<AH17,AG18,AH17)) -> 340 | AI18: =IF(H18+Q18+Z18+Y18+P18+G18>0,0,IF((AG18-AH18)>=$G$4+$P$4+$Y$4+Summary!$P$8,$G$4+$P$4+$Y$4+Summary!$P$8,AG18-AH18)) -> 0 | AJ18: =SUM(AH18:AI18) -> 340 | AL18: =AL17+1 -> 13 | AM18: =EDATE(AM17,1) -> 44682 | AN18: =AP17-AS17 -> 937.38267 | AO18: =IF($AQ$3="",0,AN18*$AQ$3/12) -> 12.217221 | AP18: =SUM(AN18:AO18) -> 949.59989 | AQ18: =IF(AP18=0,0,IF(AP18<AQ17,AP18,AQ17)) -> 36 | AR18: =IF(H18+Q18+Z18+AI18+AH18+Y18+P18+G18>0,0,IF((AP18-AQ18)>=$G$4+$P$4+$Y$4+$AH$4+Summary!$P$8,$G$4+$P$4+$Y$4+$AH$4+Summary!$P$8,AP18-AQ18)) -> 0 | AS18: =SUM(AQ18:AR18) -> 36 | AU18: =AU17+1 -> 13 | AV18: =EDATE(AV17,1) -> 44682 | AW18: =AY17-BB17 -> 0 | AX18: =IF($AZ$3="",0,AW18*$AZ$3/12) -> 0 | AY18: =SUM(AW18:AX18) -> 0 | AZ18: =IF(AY18=0,0,IF(AY18<AZ17,AY18,AZ17)) -> 0 | BA18: =IF(H18+Q18+Z18+AI18+AR18+AQ18+AH18+Y18+P18+G18>0,0,IF((AY18-AZ18)>=$G$4+$P$4+$Y$4+$AH$4+$AQ$4+Summary!$P$8,$G$4+$P$4+$Y$4+$AH$4+$AQ$4+Summary!$P$8,AY18-AZ18)) -> 0 | BB18: =SUM(AZ18:BA18) -> 0 | BD18: =BD17+1 -> 13 | BE18: =EDATE(BE17,1) -> 44682 | BF18: =BH17-BK17 -> 0 | BG18: =IF($BI$3="",0,BF18*$BI$3/12) -> 0 | BH18: =SUM(BF18:BG18) -> 0 | BI18: =IF(BH18=0,0,IF(BH18<BI17,BH18,BI17)) -> 0 | BJ18: =IF(H18+Q18+Z18+AI18+AR18+BA18+AZ18+AQ18+AH18+Y18+P18+G18>0,0,IF((BH18-BI18)>=$G$4+$P$4+$Y$4+$AH$4+$AQ$4+$AZ$4+Summary!$P$8,$G$4+$P$4+$Y$4+$AH$4+$AQ$4+$AZ$4+Summary!$P$8,BH18-BI18)) -> 0 | BK18: =SUM(BI18:BJ18) -> 0 | BM18: =BM17+1 -> 13 | BN18: =EDATE(BN17,1) -> 44682 | BO18: =BQ17-BT17 -> 0 | BP18: =IF($BR$3="",0,BO18*$BR$3/12) -> 0 | BQ18: =SUM(BO18:BP18) -> 0 | BR18: =IF(BQ18=0,0,IF(BQ18<BR17,BQ18,BR17)) -> 0 | BS18: =IF(H18+Q18+Z18+AI18+AR18+BA18+BJ18+BI18+AZ18+AQ18+AH18+Y18+P18+G18>0,0,IF((BQ18-BR18)>=$G$4+$P$4+$Y$4+$AH$4+$AQ$4+$AZ$4+$BI$4+Summary!$P$8,$G$4+$P$4+$Y$4+$AH$4+$AQ$4+$AZ$4+$BI$4+Summary!$P$8,BQ18-BR18)) -> 0 | BT18: =SUM(BR18:BS18) -> 0 | BV18: =BV17+1 -> 13 | BW18: =EDATE(BW17,1) -> 44682 | BX18: =BZ17-CC17 -> 0 | BY18: =IF($CA$3="",0,BX18*$CA$3/12) -> 0 | BZ18: =SUM(BX18:BY18) -> 0 | CA18: =IF(BZ18=0,0,IF(BZ18<CA17,BZ18,CA17)) -> 0 | CB18: =IF(H18+Q18+Z18+AI18+AR18+BA18+BJ18+BS18+BR18+BI18+AZ18+AQ18+AH18+Y18+P18+G18>0,0,IF((BZ18-CA18)>=$G$4+$P$4+$Y$4+$AH$4+$AQ$4+$AZ$4+$BI$4+$BR$4+Summary!$P$8,$G$4+$P$4+$Y$4+$AH$4+$AQ$4+$AZ$4+$BI$4+$BR$4+Summary!$P$8,BZ18-CA18)) -> 0 | CC18: =SUM(CA18:CB18) -> 0 | CE18: =CE17+1 -> 13 | CF18: =EDATE(CF17,1) -> 44682 | CG18: =CI17-CL17 -> 0 | CH18: =IF($CJ$3="",0,CG18*$CJ$3/12) -> 0 | CI18: =SUM(CG18:CH18) -> 0 | CJ18: =IF(CI18=0,0,IF(CI18<CJ17,CI18,CJ17)) -> 0 | CK18: =IF(H18+Q18+Z18+AI18+AR18+BA18+BJ18+BS18+CB18+CA18+BR18+BI18+AZ18+AQ18+AH18+Y18+P18+G18>0,0,IF((CI18-CJ18)>=$G$4+$P$4+$Y$4+$AH$4+$AQ$4+$AZ$4+$BI$4+$BR$4+$CA$4+Summary!$P$8,$G$4+$P$4+$Y$4+$AH$4+$AQ$4+$AZ$4+$BI$4+$BR$4+$CA$4+Summary!$P$8,CI18-CJ18)) -> 0 | CL18: =SUM(CJ18:CK18) -> 0 | CN18: =CN17+1 -> 13 | CO18: =EDATE(CO17,1) -> 44682 | CP18: =D18+M18+V18+AE18+AN18+AW18+BF18+BO18+BX18+CG18 -> 19455.219 | CQ18: =E18+N18+W18+AF18+AO18+AX18+BG18+BP18+BY18+CH18 -> 277.08808 | CR18: =F18+O18+X18+AG18+AP18+AY18+BH18+BQ18+BZ18+CI18 -> 19732.307 | CS18: =G18+P18+Y18+AH18+AQ18+AZ18+BI18+BR18+CA18+CJ18 -> 536 | CT18: =H18+Q18+Z18+AI18+AR18+BA18+BJ18+BS18+CB18+CK18 -> 288 | CU18: =I18+R18+AA18+AJ18+AS18+BB18+BK18+BT18+CC18+CL18 -> 824 | CV18: =CO18 -> 44682
... B125: =B124+1 -> 120 | C125: =EDATE(C124,1) -> 47939 | D125: =F124-I124 -> 0 | E125: =IF($G$3="",0,D125*$G$3/12) -> 0 | F125: =SUM(D125:E125) -> 0 | G125: =IF(F125=0,0,IF(F125<G124,F125,G124)) -> 0 | H125: =IF((F125-G125)>=H124,H124,F125-G125) -> 0 | I125: =SUM(G125:H125) -> 0 | K125: =K124+1 -> 120 | L125: =EDATE(L124,1) -> 47939 | M125: =O124-R124 -> 0 | N125: =IF(P122="",0,M125*$P$3/12) -> 0 | O125: =SUM(M125:N125) -> 0 | P125: =IF(O125=0,0,IF(O125<P124,O125,P124)) -> 0 | Q125: =IF(H125+G125>0,0,IF((O125-P125)>=$G$4+Summary!$P$8,$G$4+Summary!$P$8,O125-P125)) -> 0 | R125: =SUM(P125:Q125) -> 0 | T125: =T124+1 -> 120 | U125: =EDATE(U124,1) -> 47939 | V125: =X124-AA124 -> 0 | W125: =IF($Y$3="",0,V125*$Y$3/12) -> 0 | X125: =SUM(V125:W125) -> 0 | Y125: =IF(X125=0,0,IF(X125<Y124,X125,Y124)) -> 0 | Z125: =IF(H125+Q125+P125+G125>0,0,IF((X125-Y125)>=$G$4+$P$4+Summary!$P$8,$G$4+$P$4+Summary!$P$8,X125-Y125)) -> 0 | AA125: =SUM(Y125:Z125) -> 0 | AC125: =AC124+1 -> 120 | AD125: =EDATE(AD124,1) -> 47939 | AE125: =AG124-AJ124 -> 0 | AF125: =IF($AH$3="",0,AE125*$AH$3/12) -> 0 | AG125: =SUM(AE125:AF125) -> 0 | AH125: =IF(AG125=0,0,IF(AG125<AH124,AG125,AH124)) -> 0 | AI125: =IF(H125+Q125+Z125+Y125+P125+G125>0,0,IF((AG125-AH125)>=$G$4+$P$4+$Y$4+Summary!$P$8,$G$4+$P$4+$Y$4+Summary!$P$8,AG125-AH125)) -> 0 | AJ125: =SUM(AH125:AI125) -> 0 | AL125: =AL124+1 -> 120 | AM125: =EDATE(AM124,1) -> 47939 | AN125: =AP124-AS124 -> 0 | AO125: =IF($AQ$3="",0,AN125*$AQ$3/12) -> 0 | AP125: =SUM(AN125:AO125) -> 0 | AQ125: =IF(AP125=0,0,IF(AP125<AQ124,AP125,AQ124)) -> 0 | AR125: =IF(H125+Q125+Z125+AI125+AH125+Y125+P125+G125>0,0,IF((AP125-AQ125)>=$G$4+$P$4+$Y$4+$AH$4+Summary!$P$8,$G$4+$P$4+$Y$4+$AH$4+Summary!$P$8,AP125-AQ125)) -> 0 | AS125: =SUM(AQ125:AR125) -> 0 | AU125: =AU124+1 -> 120 | AV125: =EDATE(AV124,1) -> 47939 | AW125: =AY124-BB124 -> 0 | AX125: =IF($AZ$3="",0,AW125*$AZ$3/12) -> 0 | AY125: =SUM(AW125:AX125) -> 0 | AZ125: =IF(AY125=0,0,IF(AY125<AZ124,AY125,AZ124)) -> 0 | BA125: =IF(H125+Q125+Z125+AI125+AR125+AQ125+AH125+Y125+P125+G125>0,0,IF((AY125-AZ125)>=$G$4+$P$4+$Y$4+$AH$4+$AQ$4+Summary!$P$8,$G$4+$P$4+$Y$4+$AH$4+$AQ$4+Summary!$P$8,AY125-AZ125)) -> 0 | BB125: =SUM(AZ125:BA125) -> 0 | BD125: =BD124+1 -> 120 | BE125: =EDATE(BE124,1) -> 47939 | BF125: =BH124-BK124 -> #VALUE! | BG125: =IF($BI$3="",0,BF125*$BI$3/12) -> 0 | BH125: =SUM(BF125:BG125) -> #VALUE! | BI125: =IF(BH125=0,0,IF(BH125<BI124,BH125,BI124)) -> #VALUE! | BJ125: =IF(H125+Q125+Z125+AI125+AR125+BA125+AZ125+AQ125+AH125+Y125+P125+G125>0,0,IF((BH125-BI125)>=$G$4+$P$4+$Y$4+$AH$4+$AQ$4+$AZ$4+Summary!$P$8,$G$4+$P$4+$Y$4+$AH$4+$AQ$4+$AZ$4+Summary!$P$8,BH125-BI125)) -> #VALUE! | BK125: =SUM(BI125:BJ125) -> #VALUE! | BM125: =BM124+1 -> 120 | BN125: =EDATE(BN124,1) -> 47939 | BO125: =BQ124-BT124 -> #VALUE! | BP125: =IF($BR$3="",0,BO125*$BR$3/12) -> 0 | BQ125: =SUM(BO125:BP125) -> #VALUE! | BR125: =IF(BQ125=0,0,IF(BQ125<BR124,BQ125,BR124)) -> #VALUE! | BS125: =IF(H125+Q125+Z125+AI125+AR125+BA125+BJ125+BI125+AZ125+AQ125+AH125+Y125+P125+G125>0,0,IF((BQ125-BR125)>=$G$4+$P$4+$Y$4+$AH$4+$AQ$4+$AZ$4+$BI$4+Summary!$P$8,$G$4+$P$4+$Y$4+$AH$4+$AQ$4+$AZ$4+$BI$4+Summary!$P$8,BQ125-BR125)) -> #VALUE! | BT125: =SUM(BR125:BS125) -> #VALUE! | BV125: =BV124+1 -> 120 | BW125: =EDATE(BW124,1) -> 47939 | BX125: =BZ124-CC124 -> #VALUE! | BY125: =IF($CA$3="",0,BX125*$CA$3/12) -> 0 | BZ125: =SUM(BX125:BY125) -> #VALUE! | CA125: =IF(BZ125=0,0,IF(BZ125<CA124,BZ125,CA124)) -> #VALUE! | CB125: =IF(H125+Q125+Z125+AI125+AR125+BA125+BJ125+BS125+BR125+BI125+AZ125+AQ125+AH125+Y125+P125+G125>0,0,IF((BZ125-CA125)>=$G$4+$P$4+$Y$4+$AH$4+$AQ$4+$AZ$4+$BI$4+$BR$4+Summary!$P$8,$G$4+$P$4+$Y$4+$AH$4+$AQ$4+$AZ$4+$BI$4+$BR$4+Summary!$P$8,BZ125-CA125)) -> #VALUE! | CC125: =SUM(CA125:CB125) -> #VALUE! | CE125: =CE124+1 -> 120 | CF125: =EDATE(CF124,1) -> 47939 | CG125: =CI124-CL124 -> #VALUE! | CH125: =IF($CJ$3="",0,CG125*$CJ$3/12) -> 0 | CI125: =SUM(CG125:CH125) -> #VALUE! | CJ125: =IF(CI125=0,0,IF(CI125<CJ124,CI125,CJ124)) -> #VALUE! | CK125: =IF(H125+Q125+Z125+AI125+AR125+BA125+BJ125+BS125+CB125+CA125+BR125+BI125+AZ125+AQ125+AH125+Y125+P125+G125>0,0,IF((CI125-CJ125)>=$G$4+$P$4+$Y$4+$AH$4+$AQ$4+$AZ$4+$BI$4+$BR$4+$CA$4+Summary!$P$8,$G$4+$P$4+$Y$4+$AH$4+$AQ$4+$AZ$4+$BI$4+$BR$4+$CA$4+Summary!$P$8,CI125-CJ125)) -> #VALUE! | CL125: =SUM(CJ125:CK125) -> #VALUE! | CN125: =CN124+1 -> 120 | CO125: =EDATE(CO124,1) -> 47939 | CP125: =D125+M125+V125+AE125+AN125+AW125+BF125+BO125+BX125+CG125 -> #VALUE! | CQ125: =E125+N125+W125+AF125+AO125+AX125+BG125+BP125+BY125+CH125 -> 0 | CR125: =F125+O125+X125+AG125+AP125+AY125+BH125+BQ125+BZ125+CI125 -> #VALUE! | CS125: =G125+P125+Y125+AH125+AQ125+AZ125+BI125+BR125+CA125+CJ125 -> #VALUE! | CT125: =H125+Q125+Z125+AI125+AR125+BA125+BJ125+BS125+CB125+CK125 -> #VALUE! | CU125: =I125+R125+AA125+AJ125+AS125+BB125+BK125+BT125+CC125+CL125 -> #VALUE! | CV125: =CO125 -> 47939
E126: =SUM(E6:E125) -> 484.89015 | G126: =SUM(G6:G125) -> 1056 | H126: =SUM(H6:H125) -> 2359.8902 | I126: =SUM(I6:I125) -> 3415.8902 | N126: =SUM(N6:N125) -> 181.48641 | P126: =SUM(P6:P125) -> 560 | Q126: =SUM(Q6:Q125) -> 454.45641 | R126: =SUM(R6:R77) -> 1014.4564 | W126: =SUM(W6:W125) -> 2000.7697 | Y126: =SUM(Y6:Y125) -> 3580.7697 | Z126: =SUM(Z6:Z125) -> 4920 | AA126: =SUM(AA6:AA77) -> 8500.7697 | AF126: =SUM(AF6:AF125) -> 5511.4466 | AH126: =SUM(AH6:AH125) -> 14280 | AI126: =SUM(AI6:AI125) -> 4984.0266 | AJ126: =SUM(AJ6:AJ77) -> 19264.027 | AO126: =SUM(AO6:AO125) -> 384.04125 | AQ126: =SUM(AQ6:AQ125) -> 1548 | AR126: =SUM(AR6:AR125) -> 36.041252 | AS126: =SUM(AS6:AS77) -> 1584.0413 | AX126: =SUM(AX6:AX125) -> 0 | AZ126: =SUM(AZ6:AZ125) -> 0 | BA126: =SUM(BA6:BA125) -> 0 | BB126: =SUM(BB6:BB77) -> 0 | BG126: =SUM(BG6:BG125) -> 0 | BI126: =SUM(BI6:BI125) -> #VALUE! | BJ126: =SUM(BJ6:BJ125) -> #VALUE! | BK126: =SUM(BK6:BK77) -> #VALUE! | BP126: =SUM(BP6:BP125) -> 0 | BR126: =SUM(BR6:BR125) -> #VALUE! | BS126: =SUM(BS6:BS125) -> #VALUE! | BT126: =SUM(BT6:BT77) -> #VALUE! | BY126: =SUM(BY6:BY125) -> 0 | CA126: =SUM(CA6:CA125) -> #VALUE! | CB126: =SUM(CB6:CB125) -> #VALUE! | CC126: =SUM(CC6:CC77) -> #VALUE! | CH126: =SUM(CH6:CH125) -> 0 | CJ126: =SUM(CJ6:CJ125) -> #VALUE! | CK126: =SUM(CK6:CK125) -> #VALUE! | CL126: =SUM(CL6:CL77) -> #VALUE! | CQ126: =SUM(CQ6:CQ125) -> 8562.6341 | CS126: =SUM(CS6:CS125) -> #VALUE! | CT126: =SUM(CT6:CT125) -> #VALUE! | CU126: =SUM(CU6:CU77) -> #VALUE!

Sheet Working
B1: Minimum Payment Scenario | DY1: Cumulative Balance - Minimum Payment Scenario
B2: S. No. | C2: Name of Card | D2: Opening Balance | E2: =Summary!N3 -> 44317 | F2: =EDATE(E2,1) -> 44348 | G2: =EDATE(F2,1) -> 44378 | H2: =EDATE(G2,1) -> 44409 | I2: =EDATE(H2,1) -> 44440 | J2: =EDATE(I2,1) -> 44470 | K2: =EDATE(J2,1) -> 44501 | L2: =EDATE(K2,1) -> 44531 | M2: =EDATE(L2,1) -> 44562 | ... DT2: =EDATE(DS2,1) -> 47939 | DU2: Closing Balance | DY2: S. No. | DZ2: Name of Card | EA2: Opening Balance | EB2: =E2 -> 44317 | EC2: =F2 -> 44348 | ED2: =G2 -> 44378 | EE2: =H2 -> 44409 | EF2: =I2 -> 44440 | EG2: =J2 -> 44470 | EH2: =K2 -> 44501 | EI2: =L2 -> 44531 | ... IQ2: =DT2 -> 47939 | IR2: Closing Balance
B3: 1 | C3: =Summary!AI3 -> American Express | D3: =VLOOKUP(C3,Summary!$B$3:$C$13,2,FALSE) -> 2931 | E3: =VLOOKUP($E$2,'Payment Schedule'!$C$5:$G$125,5,FALSE) -> 88 | F3: =VLOOKUP(F2,'Payment Schedule'!$C$5:$G$125,5,FALSE) -> 88 | G3: =VLOOKUP(G2,'Payment Schedule'!$C$5:$G$125,5,FALSE) -> 88 | H3: =VLOOKUP(H2,'Payment Schedule'!$C$5:$G$125,5,FALSE) -> 88 | I3: =VLOOKUP(I2,'Payment Schedule'!$C$5:$G$125,5,FALSE) -> 88 | J3: =VLOOKUP(J2,'Payment Schedule'!$C$5:$G$125,5,FALSE) -> 88 | K3: =VLOOKUP(K2,'Payment Schedule'!$C$5:$G$125,5,FALSE) -> 88 | L3: =VLOOKUP(L2,'Payment Schedule'!$C$5:$G$125,5,FALSE) -> 88 | M3: =VLOOKUP(M2,'Payment Schedule'!$C$5:$G$125,5,FALSE) -> 88 | ... DT3: =VLOOKUP(DT2,'Payment Schedule'!$C$5:$G$125,5,FALSE) -> 0 | DU3: =D3-SUM(E3:DT3) -> -3276.0495 | DY3: 1 | DZ3: =C3 -> American Express | EA3: =D3 -> 2931 | EB3: =D3 -> 2931 | EC3: =EB3-E3 -> 2843 | ED3: =EC3-F3 -> 2755 | EE3: =ED3-G3 -> 2667 | EF3: =EE3-H3 -> 2579 | EG3: =EF3-I3 -> 2491 | EH3: =EG3-J3 -> 2403 | EI3: =EH3-K3 -> 2315 | EJ3: =EI3-L3 -> 2227 | ... IQ3: =IP3-DS3 -> -3276.0495 | IR3: =EA3-SUM(EB3:IQ3) -> 174036.43
B4: =B3+1 -> 2 | C4: =Summary!AI4 -> Discover | D4: =VLOOKUP(C4,Summary!$B$3:$C$13,2,FALSE) -> 832.97 | E4: =VLOOKUP(E$2,'Payment Schedule'!$J$5:$N$125,5,FALSE) -> 40 | F4: =VLOOKUP(F$2,'Payment Schedule'!$J$5:$N$125,5,FALSE) -> 40 | G4: =VLOOKUP(G$2,'Payment Schedule'!$J$5:$N$125,5,FALSE) -> 40 | H4: =VLOOKUP(H$2,'Payment Schedule'!$J$5:$N$125,5,FALSE) -> 40 | I4: =VLOOKUP(I$2,'Payment Schedule'!$J$5:$N$125,5,FALSE) -> 40 | J4: =VLOOKUP(J$2,'Payment Schedule'!$J$5:$N$125,5,FALSE) -> 40 | K4: =VLOOKUP(K$2,'Payment Schedule'!$J$5:$N$125,5,FALSE) -> 40 | L4: =VLOOKUP(L$2,'Payment Schedule'!$J$5:$N$125,5,FALSE) -> 40 | ... DT4: =VLOOKUP(DT$2,'Payment Schedule'!$J$5:$N$125,5,FALSE) -> 0 | DU4: =D4-SUM(E4:DT4) -> -255.35527 | DY4: =DY3+1 -> 2 | DZ4: =C4 -> Discover | EA4: =D4 -> 832.97 | EB4: =D4 -> 832.97 | EC4: =EB4-E4 -> 792.97 | ED4: =EC4-F4 -> 752.97 | EE4: =ED4-G4 -> 712.97 | EF4: =EE4-H4 -> 672.97 | EG4: =EF4-I4 -> 632.97 | EH4: =EG4-J4 -> 592.97 | EI4: =EH4-K4 -> 552.97 | EJ4: =EI4-L4 -> 512.97 | ... IQ4: =IP4-DS4 -> -255.35527 | IR4: =EA4-SUM(EB4:IQ4) -> 16122.495
B5: =B4+1 -> 3 | C5: =Summary!AI5 -> Chase | D5: =VLOOKUP(C5,Summary!$B$3:$C$13,2,FALSE) -> 6500 | E5: =VLOOKUP(E2,'Payment Schedule'!$Q$5:$U$125,5,FALSE) -> 120 | F5: =VLOOKUP(F2,'Payment Schedule'!$Q$5:$U$125,5,FALSE) -> 120 | G5: =VLOOKUP(G2,'Payment Schedule'!$Q$5:$U$125,5,FALSE) -> 120 | H5: =VLOOKUP(H2,'Payment Schedule'!$Q$5:$U$125,5,FALSE) -> 120 | I5: =VLOOKUP(I2,'Payment Schedule'!$Q$5:$U$125,5,FALSE) -> 120 | J5: =VLOOKUP(J2,'Payment Schedule'!$Q$5:$U$125,5,FALSE) -> 120 | K5: =VLOOKUP(K2,'Payment Schedule'!$Q$5:$U$125,5,FALSE) -> 120 | L5: =VLOOKUP(L2,'Payment Schedule'!$Q$5:$U$125,5,FALSE) -> 120 | ... DT5: =VLOOKUP(DT2,'Payment Schedule'!$Q$5:$U$125,5,FALSE) -> 0 | DU5: =D5-SUM(E5:DT5) -> -6139.7014 | DY5: =DY4+1 -> 3 | DZ5: =C5 -> Chase | EA5: =D5 -> 6500 | EB5: =D5 -> 6500 | EC5: =EB5-E5 -> 6380 | ED5: =EC5-F5 -> 6260 | EE5: =ED5-G5 -> 6140 | EF5: =EE5-H5 -> 6020 | EG5: =EF5-I5 -> 5900 | EH5: =EG5-J5 -> 5780 | EI5: =EH5-K5 -> 5660 | EJ5: =EI5-L5 -> 5540 | ... IQ5: =IP5-DS5 -> -6139.7014 | IR5: =EA5-SUM(EB5:IQ5) -> 71255.819
B6: =B5+1 -> 4 | C6: =Summary!AI6 -> Citi Bank | D6: =VLOOKUP(C6,Summary!$B$3:$C$13,2,FALSE) -> 13752.58 | E6: =VLOOKUP(E2,'Payment Schedule'!$X$5:$AB$125,5,FALSE) -> 340 | F6: =VLOOKUP(F2,'Payment Schedule'!$X$5:$AB$125,5,FALSE) -> 340 | G6: =VLOOKUP(G2,'Payment Schedule'!$X$5:$AB$125,5,FALSE) -> 340 | H6: =VLOOKUP(H2,'Payment Schedule'!$X$5:$AB$125,5,FALSE) -> 340 | I6: =VLOOKUP(I2,'Payment Schedule'!$X$5:$AB$125,5,FALSE) -> 340 | J6: =VLOOKUP(J2,'Payment Schedule'!$X$5:$AB$125,5,FALSE) -> 340 | K6: =VLOOKUP(K2,'Payment Schedule'!$X$5:$AB$125,5,FALSE) -> 340 | L6: =VLOOKUP(L2,'Payment Schedule'!$X$5:$AB$125,5,FALSE) -> 340 | ... DT6: =VLOOKUP(DT2,'Payment Schedule'!$X$5:$AB$125,5,FALSE) -> 0 | DU6: =D6-SUM(E6:DT6) -> -6704.5777 | DY6: =DY5+1 -> 4 | DZ6: =C6 -> Citi Bank | EA6: =D6 -> 13752.58 | EB6: =D6 -> 13752.58 | EC6: =EB6-E6 -> 13412.58 | ED6: =EC6-F6 -> 13072.58 | EE6: =ED6-G6 -> 12732.58 | EF6: =EE6-H6 -> 12392.58 | EG6: =EF6-I6 -> 12052.58 | EH6: =EG6-J6 -> 11712.58 | EI6: =EH6-K6 -> 11372.58 | EJ6: =EI6-L6 -> 11032.58 | ... IQ6: =IP6-DS6 -> -6704.5777 | IR6: =EA6-SUM(EB6:IQ6) -> 192615.29
B7: =B6+1 -> 5 | C7: =Summary!AI7 -> Bank of America | D7: =VLOOKUP(C7,Summary!$B$3:$C$13,2,FALSE) -> 1200 | E7: =VLOOKUP(E2,'Payment Schedule'!$AE$5:$AI$125,5,FALSE) -> 36 | F7: =VLOOKUP(F2,'Payment Schedule'!$AE$5:$AI$125,5,FALSE) -> 36 | G7: =VLOOKUP(G2,'Payment Schedule'!$AE$5:$AI$125,5,FALSE) -> 36 | H7: =VLOOKUP(H2,'Payment Schedule'!$AE$5:$AI$125,5,FALSE) -> 36 | I7: =VLOOKUP(I2,'Payment Schedule'!$AE$5:$AI$125,5,FALSE) -> 36 | J7: =VLOOKUP(J2,'Payment Schedule'!$AE$5:$AI$125,5,FALSE) -> 36 | K7: =VLOOKUP(K2,'Payment Schedule'!$AE$5:$AI$125,5,FALSE) -> 36 | L7: =VLOOKUP(L2,'Payment Schedule'!$AE$5:$AI$125,5,FALSE) -> 36 | ... DT7: =VLOOKUP(DT2,'Payment Schedule'!$AE$5:$AI$125,5,FALSE) -> 0 | DU7: =D7-SUM(E7:DT7) -> -384.51765 | DY7: =DY6+1 -> 5 | DZ7: =C7 -> Bank of America | EA7: =D7 -> 1200 | EB7: =D7 -> 1200 | EC7: =EB7-E7 -> 1164 | ED7: =EC7-F7 -> 1128 | EE7: =ED7-G7 -> 1092 | EF7: =EE7-H7 -> 1056 | EG7: =EF7-I7 -> 1020 | EH7: =EG7-J7 -> 984 | EI7: =EH7-K7 -> 948 | EJ7: =EI7-L7 -> 912 | ... IQ7: =IP7-DS7 -> -384.51765 | IR7: =EA7-SUM(EB7:IQ7) -> 11678.824
B8: =B7+1 -> 6 | C8: =Summary!AI8 | D8: =VLOOKUP(C8,Summary!$B$3:$C$13,2,FALSE) -> #N/A | E8: =VLOOKUP(E2,'Payment Schedule'!$AL$5:$AP$125,5,FALSE) -> 0 | F8: =VLOOKUP(F2,'Payment Schedule'!$AL$5:$AP$125,5,FALSE) -> 0 | G8: =VLOOKUP(G2,'Payment Schedule'!$AL$5:$AP$125,5,FALSE) -> 0 | H8: =VLOOKUP(H2,'Payment Schedule'!$AL$5:$AP$125,5,FALSE) -> 0 | I8: =VLOOKUP(I2,'Payment Schedule'!$AL$5:$AP$125,5,FALSE) -> 0 | J8: =VLOOKUP(J2,'Payment Schedule'!$AL$5:$AP$125,5,FALSE) -> 0 | K8: =VLOOKUP(K2,'Payment Schedule'!$AL$5:$AP$125,5,FALSE) -> 0 | L8: =VLOOKUP(L2,'Payment Schedule'!$AL$5:$AP$125,5,FALSE) -> 0 | ... DT8: =VLOOKUP(DT2,'Payment Schedule'!$AL$5:$AP$125,5,FALSE) -> 0 | DU8: =D8-SUM(E8:DT8) -> #N/A | DY8: =DY7+1 -> 6 | DZ8: =C8 | EA8: =D8 -> #N/A | EB8: =D8 -> #N/A | EC8: =EB8-E8 -> #N/A | ED8: =EC8-F8 -> #N/A | EE8: =ED8-G8 -> #N/A | EF8: =EE8-H8 -> #N/A | EG8: =EF8-I8 -> #N/A | EH8: =EG8-J8 -> #N/A | EI8: =EH8-K8 -> #N/A | EJ8: =EI8-L8 -> #N/A | ... IQ8: =IP8-DS8 -> #N/A | IR8: =EA8-SUM(EB8:IQ8) -> #N/A
B9: =B8+1 -> 7 | C9: =Summary!AI9 | D9: =VLOOKUP(C9,Summary!$B$3:$C$13,2,FALSE) -> #N/A | E9: =VLOOKUP(E2,'Payment Schedule'!$AS$5:$AW$125,5,FALSE) -> 0 | F9: =VLOOKUP(F2,'Payment Schedule'!$AS$5:$AW$125,5,FALSE) -> 0 | G9: =VLOOKUP(G2,'Payment Schedule'!$AS$5:$AW$125,5,FALSE) -> 0 | H9: =VLOOKUP(H2,'Payment Schedule'!$AS$5:$AW$125,5,FALSE) -> 0 | I9: =VLOOKUP(I2,'Payment Schedule'!$AS$5:$AW$125,5,FALSE) -> 0 | J9: =VLOOKUP(J2,'Payment Schedule'!$AS$5:$AW$125,5,FALSE) -> 0 | K9: =VLOOKUP(K2,'Payment Schedule'!$AS$5:$AW$125,5,FALSE) -> 0 | L9: =VLOOKUP(L2,'Payment Schedule'!$AS$5:$AW$125,5,FALSE) -> 0 | ... DT9: =VLOOKUP(DT2,'Payment Schedule'!$AS$5:$AW$125,5,FALSE) -> 0 | DU9: =D9-SUM(E9:DT9) -> #N/A | DY9: =DY8+1 -> 7 | DZ9: =C9 | EA9: =D9 -> #N/A | EB9: =D9 -> #N/A | EC9: =EB9-E9 -> #N/A | ED9: =EC9-F9 -> #N/A | EE9: =ED9-G9 -> #N/A | EF9: =EE9-H9 -> #N/A | EG9: =EF9-I9 -> #N/A | EH9: =EG9-J9 -> #N/A | EI9: =EH9-K9 -> #N/A | EJ9: =EI9-L9 -> #N/A | ... IQ9: =IP9-DS9 -> #N/A | IR9: =EA9-SUM(EB9:IQ9) -> #N/A
B10: =B9+1 -> 8 | C10: =Summary!AI10 | D10: =VLOOKUP(C10,Summary!$B$3:$C$13,2,FALSE) -> #N/A | E10: =VLOOKUP(E2,'Payment Schedule'!$AZ$5:$BD$125,5,FALSE) -> 0 | F10: =VLOOKUP(F2,'Payment Schedule'!$AZ$5:$BD$125,5,FALSE) -> 0 | G10: =VLOOKUP(G2,'Payment Schedule'!$AZ$5:$BD$125,5,FALSE) -> 0 | H10: =VLOOKUP(H2,'Payment Schedule'!$AZ$5:$BD$125,5,FALSE) -> 0 | I10: =VLOOKUP(I2,'Payment Schedule'!$AZ$5:$BD$125,5,FALSE) -> 0 | J10: =VLOOKUP(J2,'Payment Schedule'!$AZ$5:$BD$125,5,FALSE) -> 0 | K10: =VLOOKUP(K2,'Payment Schedule'!$AZ$5:$BD$125,5,FALSE) -> 0 | L10: =VLOOKUP(L2,'Payment Schedule'!$AZ$5:$BD$125,5,FALSE) -> 0 | ... DT10: =VLOOKUP(DT2,'Payment Schedule'!$AZ$5:$BD$125,5,FALSE) -> 0 | DU10: =D10-SUM(E10:DT10) -> #N/A | DY10: =DY9+1 -> 8 | DZ10: =C10 | EA10: =D10 -> #N/A | EB10: =D10 -> #N/A | EC10: =EB10-E10 -> #N/A | ED10: =EC10-F10 -> #N/A | EE10: =ED10-G10 -> #N/A | EF10: =EE10-H10 -> #N/A | EG10: =EF10-I10 -> #N/A | EH10: =EG10-J10 -> #N/A | EI10: =EH10-K10 -> #N/A | EJ10: =EI10-L10 -> #N/A | ... IQ10: =IP10-DS10 -> #N/A | IR10: =EA10-SUM(EB10:IQ10) -> #N/A
B11: =B10+1 -> 9 | C11: =Summary!AI11 | D11: =VLOOKUP(C11,Summary!$B$3:$C$13,2,FALSE) -> #N/A | E11: =VLOOKUP(E2,'Payment Schedule'!$BG$5:$BK$125,5,FALSE) -> 0 | F11: =VLOOKUP(F2,'Payment Schedule'!$BG$5:$BK$125,5,FALSE) -> 0 | G11: =VLOOKUP(G2,'Payment Schedule'!$BG$5:$BK$125,5,FALSE) -> 0 | H11: =VLOOKUP(H2,'Payment Schedule'!$BG$5:$BK$125,5,FALSE) -> 0 | I11: =VLOOKUP(I2,'Payment Schedule'!$BG$5:$BK$125,5,FALSE) -> 0 | J11: =VLOOKUP(J2,'Payment Schedule'!$BG$5:$BK$125,5,FALSE) -> 0 | K11: =VLOOKUP(K2,'Payment Schedule'!$BG$5:$BK$125,5,FALSE) -> 0 | L11: =VLOOKUP(L2,'Payment Schedule'!$BG$5:$BK$125,5,FALSE) -> 0 | ... DT11: =VLOOKUP(DT2,'Payment Schedule'!$BG$5:$BK$125,5,FALSE) -> 0 | DU11: =D11-SUM(E11:DT11) -> #N/A | DY11: =DY10+1 -> 9 | DZ11: =C11 | EA11: =D11 -> #N/A | EB11: =D11 -> #N/A | EC11: =EB11-E11 -> #N/A | ED11: =EC11-F11 -> #N/A | EE11: =ED11-G11 -> #N/A | EF11: =EE11-H11 -> #N/A | EG11: =EF11-I11 -> #N/A | EH11: =EG11-J11 -> #N/A | EI11: =EH11-K11 -> #N/A | EJ11: =EI11-L11 -> #N/A | ... IQ11: =IP11-DS11 -> #N/A | IR11: =EA11-SUM(EB11:IQ11) -> #N/A
B12: =B11+1 -> 10 | C12: =Summary!AI12 | D12: =VLOOKUP(C12,Summary!$B$3:$C$13,2,FALSE) -> #N/A | E12: =VLOOKUP(E2,'Payment Schedule'!$BN$5:$BR$125,5,FALSE) -> 0 | F12: =VLOOKUP(F2,'Payment Schedule'!$BN$5:$BR$125,5,FALSE) -> 0 | G12: =VLOOKUP(G2,'Payment Schedule'!$BN$5:$BR$125,5,FALSE) -> 0 | H12: =VLOOKUP(H2,'Payment Schedule'!$BN$5:$BR$125,5,FALSE) -> 0 | I12: =VLOOKUP(I2,'Payment Schedule'!$BN$5:$BR$125,5,FALSE) -> 0 | J12: =VLOOKUP(J2,'Payment Schedule'!$BN$5:$BR$125,5,FALSE) -> 0 | K12: =VLOOKUP(K2,'Payment Schedule'!$BN$5:$BR$125,5,FALSE) -> 0 | L12: =VLOOKUP(L2,'Payment Schedule'!$BN$5:$BR$125,5,FALSE) -> 0 | ... DT12: =VLOOKUP(DT2,'Payment Schedule'!$BN$5:$BR$125,5,FALSE) -> 0 | DU12: =D12-SUM(E12:DT12) -> #N/A | DY12: =DY11+1 -> 10 | DZ12: =C12 | EA12: =D12 -> #N/A | EB12: =D12 -> #N/A | EC12: =EB12-E12 -> #N/A | ED12: =EC12-F12 -> #N/A | EE12: =ED12-G12 -> #N/A | EF12: =EE12-H12 -> #N/A | EG12: =EF12-I12 -> #N/A | EH12: =EG12-J12 -> #N/A | EI12: =EH12-K12 -> #N/A | EJ12: =EI12-L12 -> #N/A | ... IQ12: =IP12-DS12 -> #N/A | IR12: =EA12-SUM(EB12:IQ12) -> #N/A
D13: =SUM(D3:D12) -> #N/A | E13: =SUM(E3:E12) -> 624 | F13: =SUM(F3:F12) -> 624 | G13: =SUM(G3:G12) -> 624 | H13: =SUM(H3:H12) -> 624 | I13: =SUM(I3:I12) -> 624 | J13: =SUM(J3:J12) -> 624 | K13: =SUM(K3:K12) -> 624 | ... DU13: =SUM(DU3:DU12) -> #N/A | EA13: =SUM(EA3:EA12) -> #N/A | EB13: =SUM(EB3:EB12) -> #N/A | EC13: =SUM(EC3:EC12) -> #N/A | ED13: =SUM(ED3:ED12) -> #N/A | EE13: =SUM(EE3:EE12) -> #N/A | EF13: =SUM(EF3:EF12) -> #N/A | EG13: =SUM(EG3:EG12) -> #N/A | EH13: =SUM(EH3:EH12) -> #N/A | ... IR13: =SUM(IR3:IR12) -> #N/A
B15: Minimum + Extra Payment Scenario | DY15: Cumulative Balance - Minimum + Extra Payment Scenario
B16: S. No. | C16: Name of Card | D16: Opening Balance | E16: =Summary!N3 -> 44317 | F16: =EDATE(E16,1) -> 44348 | G16: =EDATE(F16,1) -> 44378 | H16: =EDATE(G16,1) -> 44409 | I16: =EDATE(H16,1) -> 44440 | J16: =EDATE(I16,1) -> 44470 | K16: =EDATE(J16,1) -> 44501 | L16: =EDATE(K16,1) -> 44531 | M16: =EDATE(L16,1) -> 44562 | ... DT16: =EDATE(DS16,1) -> 47939 | DU16: Closing Balance | DY16: S. No. | DZ16: Name of Card | EA16: Opening Balance | EB16: =E16 -> 44317 | EC16: =F16 -> 44348 | ED16: =G16 -> 44378 | EE16: =H16 -> 44409 | EF16: =I16 -> 44440 | EG16: =J16 -> 44470 | EH16: =K16 -> 44501 | EI16: =L16 -> 44531 | ... IQ16: =DT16 -> 47939 | IR16: Closing Balance
B17: 1 | C17: =Summary!AI3 -> American Express | D17: =VLOOKUP(C17,Summary!$B$2:$C$12,2,FALSE) -> 2931 | E17: =VLOOKUP(E16,'Extra Payment Schedule'!$C$5:$I$125,7,FALSE) -> 288 | F17: =VLOOKUP(F16,'Extra Payment Schedule'!$C$5:$I$125,7,FALSE) -> 288 | G17: =VLOOKUP(G16,'Extra Payment Schedule'!$C$5:$I$125,7,FALSE) -> 288 | H17: =VLOOKUP(H16,'Extra Payment Schedule'!$C$5:$I$125,7,FALSE) -> 288 | I17: =VLOOKUP(I16,'Extra Payment Schedule'!$C$5:$I$125,7,FALSE) -> 288 | J17: =VLOOKUP(J16,'Extra Payment Schedule'!$C$5:$I$125,7,FALSE) -> 288 | K17: =VLOOKUP(K16,'Extra Payment Schedule'!$C$5:$I$125,7,FALSE) -> 288 | L17: =VLOOKUP(L16,'Extra Payment Schedule'!$C$5:$I$125,7,FALSE) -> 288 | ... DT17: =VLOOKUP(DT16,'Extra Payment Schedule'!$C$5:$I$125,7,FALSE) -> 0 | DU17: =D17-SUM(E17:DT17) -> -484.89015 | DY17: 1 | DZ17: =C17 -> American Express | EA17: =D17 -> 2931 | EB17: =D17 -> 2931 | EC17: =EB17-E17 -> 2643 | ED17: =EC17-F17 -> 2355 | EE17: =ED17-G17 -> 2067 | EF17: =EE17-H17 -> 1779 | EG17: =EF17-I17 -> 1491 | EH17: =EG17-J17 -> 1203 | EI17: =EH17-K17 -> 915 | EJ17: =EI17-L17 -> 627 | ... IQ17: =IP17-DS17 -> -484.89015 | IR17: =EA17-SUM(EB17:IQ17) -> 39135.137
B18: =B17+1 -> 2 | C18: =Summary!AI4 -> Discover | D18: =VLOOKUP(C18,Summary!$B$2:$C$12,2,FALSE) -> 832.97 | E18: =VLOOKUP(E16,'Extra Payment Schedule'!$L$5:$R$125,7,FALSE) -> 40 | F18: =VLOOKUP(F16,'Extra Payment Schedule'!$L$5:$R$125,7,FALSE) -> 40 | G18: =VLOOKUP(G16,'Extra Payment Schedule'!$L$5:$R$125,7,FALSE) -> 40 | H18: =VLOOKUP(H16,'Extra Payment Schedule'!$L$5:$R$125,7,FALSE) -> 40 | I18: =VLOOKUP(I16,'Extra Payment Schedule'!$L$5:$R$125,7,FALSE) -> 40 | J18: =VLOOKUP(J16,'Extra Payment Schedule'!$L$5:$R$125,7,FALSE) -> 40 | K18: =VLOOKUP(K16,'Extra Payment Schedule'!$L$5:$R$125,7,FALSE) -> 40 | L18: =VLOOKUP(L16,'Extra Payment Schedule'!$L$5:$R$125,7,FALSE) -> 40 | ... DT18: =VLOOKUP(DT16,'Extra Payment Schedule'!$L$5:$R$125,7,FALSE) -> 0 | DU18: =D18-SUM(E18:DT18) -> -181.48641 | DY18: =DY17+1 -> 2 | DZ18: =C18 -> Discover | EA18: =D18 -> 832.97 | EB18: =D18 -> 832.97 | EC18: =EB18-E18 -> 792.97 | ED18: =EC18-F18 -> 752.97 | EE18: =ED18-G18 -> 712.97 | EF18: =EE18-H18 -> 672.97 | EG18: =EF18-I18 -> 632.97 | EH18: =EG18-J18 -> 592.97 | EI18: =EH18-K18 -> 552.97 | EJ18: =EI18-L18 -> 512.97 | ... IQ18: =IP18-DS18 -> -181.48641 | IR18: =EA18-SUM(EB18:IQ18) -> 12336.949
B19: =B18+1 -> 3 | C19: =Summary!AI5 -> Chase | D19: =VLOOKUP(C19,Summary!$B$2:$C$12,2,FALSE) -> 6500 | E19: =VLOOKUP(E16,'Extra Payment Schedule'!$U$5:$AA$125,7,FALSE) -> 120 | F19: =VLOOKUP(F16,'Extra Payment Schedule'!$U$5:$AA$125,7,FALSE) -> 120 | G19: =VLOOKUP(G16,'Extra Payment Schedule'!$U$5:$AA$125,7,FALSE) -> 120 | H19: =VLOOKUP(H16,'Extra Payment Schedule'!$U$5:$AA$125,7,FALSE) -> 120 | I19: =VLOOKUP(I16,'Extra Payment Schedule'!$U$5:$AA$125,7,FALSE) -> 120 | J19: =VLOOKUP(J16,'Extra Payment Schedule'!$U$5:$AA$125,7,FALSE) -> 120 | K19: =VLOOKUP(K16,'Extra Payment Schedule'!$U$5:$AA$125,7,FALSE) -> 120 | L19: =VLOOKUP(L16,'Extra Payment Schedule'!$U$5:$AA$125,7,FALSE) -> 120 | ... DT19: =VLOOKUP(DT16,'Extra Payment Schedule'!$U$5:$AA$125,7,FALSE) -> 0 | DU19: =D19-SUM(E19:DT19) -> -2000.7697 | DY19: =DY18+1 -> 3 | DZ19: =C19 -> Chase | EA19: =D19 -> 6500 | EB19: =D19 -> 6500 | EC19: =EB19-E19 -> 6380 | ED19: =EC19-F19 -> 6260 | EE19: =ED19-G19 -> 6140 | EF19: =EE19-H19 -> 6020 | EG19: =EF19-I19 -> 5900 | EH19: =EG19-J19 -> 5780 | EI19: =EH19-K19 -> 5660 | EJ19: =EI19-L19 -> 5540 | ... IQ19: =IP19-DS19 -> -2000.7697 | IR19: =EA19-SUM(EB19:IQ19) -> 83129.272
B20: =B19+1 -> 4 | C20: =Summary!AI6 -> Citi Bank | D20: =VLOOKUP(C20,Summary!$B$2:$C$12,2,FALSE) -> 13752.58 | E20: =VLOOKUP(E16,'Extra Payment Schedule'!$AD$5:$AJ$125,7,FALSE) -> 340 | F20: =VLOOKUP(F16,'Extra Payment Schedule'!$AD$5:$AJ$125,7,FALSE) -> 340 | G20: =VLOOKUP(G16,'Extra Payment Schedule'!$AD$5:$AJ$125,7,FALSE) -> 340 | H20: =VLOOKUP(H16,'Extra Payment Schedule'!$AD$5:$AJ$125,7,FALSE) -> 340 | I20: =VLOOKUP(I16,'Extra Payment Schedule'!$AD$5:$AJ$125,7,FALSE) -> 340 | J20: =VLOOKUP(J16,'Extra Payment Schedule'!$AD$5:$AJ$125,7,FALSE) -> 340 | K20: =VLOOKUP(K16,'Extra Payment Schedule'!$AD$5:$AJ$125,7,FALSE) -> 340 | L20: =VLOOKUP(L16,'Extra Payment Schedule'!$AD$5:$AJ$125,7,FALSE) -> 340 | ... DT20: =VLOOKUP(DT16,'Extra Payment Schedule'!$AD$5:$AJ$125,7,FALSE) -> 0 | DU20: =D20-SUM(E20:DT20) -> -5511.4466 | DY20: =DY19+1 -> 4 | DZ20: =C20 -> Citi Bank | EA20: =D20 -> 13752.58 | EB20: =D20 -> 13752.58 | EC20: =EB20-E20 -> 13412.58 | ED20: =EC20-F20 -> 13072.58 | EE20: =ED20-G20 -> 12732.58 | EF20: =EE20-H20 -> 12392.58 | EG20: =EF20-I20 -> 12052.58 | EH20: =EG20-J20 -> 11712.58 | EI20: =EH20-K20 -> 11372.58 | EJ20: =EI20-L20 -> 11032.58 | ... IQ20: =IP20-DS20 -> -5511.4466 | IR20: =EA20-SUM(EB20:IQ20) -> 188345.05
B21: =B20+1 -> 5 | C21: =Summary!AI7 -> Bank of America | D21: =VLOOKUP(C21,Summary!$B$2:$C$12,2,FALSE) -> 1200 | E21: =VLOOKUP(E16,'Extra Payment Schedule'!$AM$5:$AS$125,7,FALSE) -> 36 | F21: =VLOOKUP(F16,'Extra Payment Schedule'!$AM$5:$AS$125,7,FALSE) -> 36 | G21: =VLOOKUP(G16,'Extra Payment Schedule'!$AM$5:$AS$125,7,FALSE) -> 36 | H21: =VLOOKUP(H16,'Extra Payment Schedule'!$AM$5:$AS$125,7,FALSE) -> 36 | I21: =VLOOKUP(I16,'Extra Payment Schedule'!$AM$5:$AS$125,7,FALSE) -> 36 | J21: =VLOOKUP(J16,'Extra Payment Schedule'!$AM$5:$AS$125,7,FALSE) -> 36 | K21: =VLOOKUP(K16,'Extra Payment Schedule'!$AM$5:$AS$125,7,FALSE) -> 36 | L21: =VLOOKUP(L16,'Extra Payment Schedule'!$AM$5:$AS$125,7,FALSE) -> 36 | ... DT21: =VLOOKUP(DT16,'Extra Payment Schedule'!$AM$5:$AS$125,7,FALSE) -> 0 | DU21: =D21-SUM(E21:DT21) -> -384.04125 | DY21: =DY20+1 -> 5 | DZ21: =C21 -> Bank of America | EA21: =D21 -> 1200 | EB21: =D21 -> 1200 | EC21: =EB21-E21 -> 1164 | ED21: =EC21-F21 -> 1128 | EE21: =ED21-G21 -> 1092 | EF21: =EE21-H21 -> 1056 | EG21: =EF21-I21 -> 1020 | EH21: =EG21-J21 -> 984 | EI21: =EH21-K21 -> 948 | EJ21: =EI21-L21 -> 912 | ... IQ21: =IP21-DS21 -> -384.04125 | IR21: =EA21-SUM(EB21:IQ21) -> 11679.176
B22: =B21+1 -> 6 | C22: =Summary!AI8 | D22: =VLOOKUP(C22,Summary!$B$2:$C$12,2,FALSE) -> #N/A | E22: =VLOOKUP(E16,'Extra Payment Schedule'!$AV$5:$BB$125,7,FALSE) -> 0 | F22: =VLOOKUP(F16,'Extra Payment Schedule'!$AV$5:$BB$125,7,FALSE) -> 0 | G22: =VLOOKUP(G16,'Extra Payment Schedule'!$AV$5:$BB$125,7,FALSE) -> 0 | H22: =VLOOKUP(H16,'Extra Payment Schedule'!$AV$5:$BB$125,7,FALSE) -> 0 | I22: =VLOOKUP(I16,'Extra Payment Schedule'!$AV$5:$BB$125,7,FALSE) -> 0 | J22: =VLOOKUP(J16,'Extra Payment Schedule'!$AV$5:$BB$125,7,FALSE) -> 0 | K22: =VLOOKUP(K16,'Extra Payment Schedule'!$AV$5:$BB$125,7,FALSE) -> 0 | L22: =VLOOKUP(L16,'Extra Payment Schedule'!$AV$5:$BB$125,7,FALSE) -> 0 | ... DT22: =VLOOKUP(DT16,'Extra Payment Schedule'!$AV$5:$BB$125,7,FALSE) -> 0 | DU22: =D22-SUM(E22:DT22) -> #N/A | DY22: =DY21+1 -> 6 | DZ22: =C22 | EA22: =D22 -> #N/A | EB22: =D22 -> #N/A | EC22: =EB22-E22 -> #N/A | ED22: =EC22-F22 -> #N/A | EE22: =ED22-G22 -> #N/A | EF22: =EE22-H22 -> #N/A | EG22: =EF22-I22 -> #N/A | EH22: =EG22-J22 -> #N/A | EI22: =EH22-K22 -> #N/A | EJ22: =EI22-L22 -> #N/A | ... IQ22: =IP22-DS22 -> #N/A | IR22: =EA22-SUM(EB22:IQ22) -> #N/A
B23: =B22+1 -> 7 | C23: =Summary!AI9 | D23: =VLOOKUP(C23,Summary!$B$2:$C$12,2,FALSE) -> #N/A | E23: =VLOOKUP(E16,'Extra Payment Schedule'!$BE$5:$BK$125,7,FALSE) -> 0 | F23: =VLOOKUP(F16,'Extra Payment Schedule'!$BE$5:$BK$125,7,FALSE) -> 0 | G23: =VLOOKUP(G16,'Extra Payment Schedule'!$BE$5:$BK$125,7,FALSE) -> 0 | H23: =VLOOKUP(H16,'Extra Payment Schedule'!$BE$5:$BK$125,7,FALSE) -> 0 | I23: =VLOOKUP(I16,'Extra Payment Schedule'!$BE$5:$BK$125,7,FALSE) -> 0 | J23: =VLOOKUP(J16,'Extra Payment Schedule'!$BE$5:$BK$125,7,FALSE) -> 0 | K23: =VLOOKUP(K16,'Extra Payment Schedule'!$BE$5:$BK$125,7,FALSE) -> 0 | L23: =VLOOKUP(L16,'Extra Payment Schedule'!$BE$5:$BK$125,7,FALSE) -> 0 | ... DT23: =VLOOKUP(DT16,'Extra Payment Schedule'!$BE$5:$BK$125,7,FALSE) -> #VALUE! | DU23: =D23-SUM(E23:DT23) -> #N/A | DY23: =DY22+1 -> 7 | DZ23: =C23 | EA23: =D23 -> #N/A | EB23: =D23 -> #N/A | EC23: =EB23-E23 -> #N/A | ED23: =EC23-F23 -> #N/A | EE23: =ED23-G23 -> #N/A | EF23: =EE23-H23 -> #N/A | EG23: =EF23-I23 -> #N/A | EH23: =EG23-J23 -> #N/A | EI23: =EH23-K23 -> #N/A | EJ23: =EI23-L23 -> #N/A | ... IQ23: =IP23-DS23 -> #N/A | IR23: =EA23-SUM(EB23:IQ23) -> #N/A
B24: =B23+1 -> 8 | C24: =Summary!AI10 | D24: =VLOOKUP(C24,Summary!$B$2:$C$12,2,FALSE) -> #N/A | E24: =VLOOKUP(E16,'Extra Payment Schedule'!$BN$5:$BT$125,7,FALSE) -> 0 | F24: =VLOOKUP(F16,'Extra Payment Schedule'!$BN$5:$BT$125,7,FALSE) -> 0 | G24: =VLOOKUP(G16,'Extra Payment Schedule'!$BN$5:$BT$125,7,FALSE) -> 0 | H24: =VLOOKUP(H16,'Extra Payment Schedule'!$BN$5:$BT$125,7,FALSE) -> 0 | I24: =VLOOKUP(I16,'Extra Payment Schedule'!$BN$5:$BT$125,7,FALSE) -> 0 | J24: =VLOOKUP(J16,'Extra Payment Schedule'!$BN$5:$BT$125,7,FALSE) -> 0 | K24: =VLOOKUP(K16,'Extra Payment Schedule'!$BN$5:$BT$125,7,FALSE) -> 0 | L24: =VLOOKUP(L16,'Extra Payment Schedule'!$BN$5:$BT$125,7,FALSE) -> 0 | ... DT24: =VLOOKUP(DT16,'Extra Payment Schedule'!$BN$5:$BT$125,7,FALSE) -> #VALUE! | DU24: =D24-SUM(E24:DT24) -> #N/A | DY24: =DY23+1 -> 8 | DZ24: =C24 | EA24: =D24 -> #N/A | EB24: =D24 -> #N/A | EC24: =EB24-E24 -> #N/A | ED24: =EC24-F24 -> #N/A | EE24: =ED24-G24 -> #N/A | EF24: =EE24-H24 -> #N/A | EG24: =EF24-I24 -> #N/A | EH24: =EG24-J24 -> #N/A | EI24: =EH24-K24 -> #N/A | EJ24: =EI24-L24 -> #N/A | ... IQ24: =IP24-DS24 -> #N/A | IR24: =EA24-SUM(EB24:IQ24) -> #N/A
B25: =B24+1 -> 9 | C25: =Summary!AI11 | D25: =VLOOKUP(C25,Summary!$B$2:$C$12,2,FALSE) -> #N/A | E25: =VLOOKUP(E16,'Extra Payment Schedule'!$BW$5:$CC$125,7,FALSE) -> 0 | F25: =VLOOKUP(F16,'Extra Payment Schedule'!$BW$5:$CC$125,7,FALSE) -> 0 | G25: =VLOOKUP(G16,'Extra Payment Schedule'!$BW$5:$CC$125,7,FALSE) -> 0 | H25: =VLOOKUP(H16,'Extra Payment Schedule'!$BW$5:$CC$125,7,FALSE) -> 0 | I25: =VLOOKUP(I16,'Extra Payment Schedule'!$BW$5:$CC$125,7,FALSE) -> 0 | J25: =VLOOKUP(J16,'Extra Payment Schedule'!$BW$5:$CC$125,7,FALSE) -> 0 | K25: =VLOOKUP(K16,'Extra Payment Schedule'!$BW$5:$CC$125,7,FALSE) -> 0 | L25: =VLOOKUP(L16,'Extra Payment Schedule'!$BW$5:$CC$125,7,FALSE) -> 0 | ... DT25: =VLOOKUP(DT16,'Extra Payment Schedule'!$BW$5:$CC$125,7,FALSE) -> #VALUE! | DU25: =D25-SUM(E25:DT25) -> #N/A | DY25: =DY24+1 -> 9 | DZ25: =C25 | EA25: =D25 -> #N/A | EB25: =D25 -> #N/A | EC25: =EB25-E25 -> #N/A | ED25: =EC25-F25 -> #N/A | EE25: =ED25-G25 -> #N/A | EF25: =EE25-H25 -> #N/A | EG25: =EF25-I25 -> #N/A | EH25: =EG25-J25 -> #N/A | EI25: =EH25-K25 -> #N/A | EJ25: =EI25-L25 -> #N/A | ... IQ25: =IP25-DS25 -> #N/A | IR25: =EA25-SUM(EB25:IQ25) -> #N/A
B26: =B25+1 -> 10 | C26: =Summary!AI12 | D26: =VLOOKUP(C26,Summary!$B$2:$C$12,2,FALSE) -> #N/A | E26: =VLOOKUP(E16,'Extra Payment Schedule'!$CF$5:$CL$125,7,FALSE) -> 0 | F26: =VLOOKUP(F16,'Extra Payment Schedule'!$CF$5:$CL$125,7,FALSE) -> 0 | G26: =VLOOKUP(G16,'Extra Payment Schedule'!$CF$5:$CL$125,7,FALSE) -> 0 | H26: =VLOOKUP(H16,'Extra Payment Schedule'!$CF$5:$CL$125,7,FALSE) -> 0 | I26: =VLOOKUP(I16,'Extra Payment Schedule'!$CF$5:$CL$125,7,FALSE) -> 0 | J26: =VLOOKUP(J16,'Extra Payment Schedule'!$CF$5:$CL$125,7,FALSE) -> 0 | K26: =VLOOKUP(K16,'Extra Payment Schedule'!$CF$5:$CL$125,7,FALSE) -> 0 | L26: =VLOOKUP(L16,'Extra Payment Schedule'!$CF$5:$CL$125,7,FALSE) -> 0 | ... DT26: =VLOOKUP(DT16,'Extra Payment Schedule'!$CF$5:$CL$125,7,FALSE) -> #VALUE! | DU26: =D26-SUM(E26:DT26) -> #N/A | DY26: =DY25+1 -> 10 | DZ26: =C26 | EA26: =D26 -> #N/A | EB26: =D26 -> #N/A | EC26: =EB26-E26 -> #N/A | ED26: =EC26-F26 -> #N/A | EE26: =ED26-G26 -> #N/A | EF26: =EE26-H26 -> #N/A | EG26: =EF26-I26 -> #N/A | EH26: =EG26-J26 -> #N/A | EI26: =EH26-K26 -> #N/A | EJ26: =EI26-L26 -> #N/A | ... IQ26: =IP26-DS26 -> #N/A | IR26: =EA26-SUM(EB26:IQ26) -> #N/A
D27: =SUM(D17:D26) -> #N/A | E27: =SUM(E17:E26) -> 824 | F27: =SUM(F17:F26) -> 824 | G27: =SUM(G17:G26) -> 824 | H27: =SUM(H17:H26) -> 824 | I27: =SUM(I17:I26) -> 824 | J27: =SUM(J17:J26) -> 824 | K27: =SUM(K17:K26) -> 824 | ... DU27: =SUM(DU17:DU26) -> #N/A | EA27: =SUM(EA17:EA26) -> #N/A | EB27: =SUM(EB17:EB26) -> #N/A | EC27: =SUM(EC17:EC26) -> #N/A | ED27: =SUM(ED17:ED26) -> #N/A | EE27: =SUM(EE17:EE26) -> #N/A | EF27: =SUM(EF17:EF26) -> #N/A | EG27: =SUM(EG17:EG26) -> #N/A | EH27: =SUM(EH17:EH26) -> #N/A | ... IR27: =SUM(IR17:IR26) -> #N/A
